Workbook

Sheet Fatores Condicionantes da DLSP
A1: Evolução da dívida líquida - fatores condicionantes - Setor público consolidado
A2: Fluxos mensais
O4: R$ milhões | AA4: R$ milhões | AM4: R$ milhões | AY4: R$ milhões | BK4: R$ milhões | BW4: R$ milhões | CI4: R$ milhões | CU4: R$ milhões | DG4: R$ milhões | DS4: R$ milhões | EE4: R$ milhões | EQ4: R$ milhões | FC4: R$ milhões | FO4: R$ milhões | GA4: R$ milhões | GG4: R$ milhões | GM4: R$ milhões | GU4: R$ milhões
A5: Discriminação | C5: 2001 | D5: 2002 | P5: 2003 | AB5: 2004 | AN5: 2005 | AZ5: 2006 | BL5: 2007 | BX5: 2008 | CJ5: 2009 | CV5: 2010 | DH5: 2011 | DT5: 2012 | EF5: 2013 | ER5: 2014 | FD5: 2015 | FP5: 2016 | FV5: 2016 | GB5: 2017 | GH5: 2017 | GN5: 2018
C7: Dezembro | D7: Janeiro | E7: Fevereiro | F7: Março | G7: Abril | H7: Maio | I7: Junho | J7: Julho | K7: Agosto | L7: Setembro | M7: Outubro | N7: Novembro | O7: Dezembro | P7: Janeiro | Q7: Fevereiro | R7: Março | S7: Abril | T7: Maio | U7: Junho | V7: Julho | W7: Agosto | X7: Setembro | Y7: Outubro | Z7: Novembro | AA7: Dezembro | AB7: Janeiro | AC7: Fevereiro | AD7: Março | AE7: Abril | AF7: Maio | AG7: Junho | AH7: Julho | AI7: Agosto | AJ7: Setembro | AK7: Outubro | AL7: Novembro | AM7: Dezembro | AN7: Janeiro | AO7: Fevereiro | AP7: Março | AQ7: Abril | AR7: Maio | AS7: Junho | AT7: Julho | AU7: Agosto | AV7: Setembro | AW7: Outubro | AX7: Novembro | AY7: Dezembro | AZ7: Janeiro | BA7: Fevereiro | BB7: Março | BC7: Abril | BD7: Maio | BE7: Junho | BF7: Julho | BG7: Agosto | BH7: Setembro | BI7: Outubro | BJ7: Novembro | BK7: Dezembro | BL7: Janeiro | BM7: Fevereiro | BN7: Março | BO7: Abril | BP7: Maio | BQ7: Junho | BR7: Julho | BS7: Agosto | BT7: Setembro | BU7: Outubro | BV7: Novembro | BW7: Dezembro | BX7: Janeiro | BY7: Fevereiro | BZ7: Março | CA7: Abril | CB7: Maio | CC7: Junho | CD7: Julho | CE7: Agosto | CF7: Setembro | CG7: Outubro | CH7: Novembro | CI7: Dezembro | CJ7: Janeiro | CK7: Fevereiro | CL7: Março | CM7: Abril | CN7: Maio | CO7: Junho | CP7: Julho | CQ7: Agosto | CR7: Setembro | CS7: Outubro | CT7: Novembro | CU7: Dezembro | CV7: Janeiro | CW7: Fevereiro | CX7: Março | CY7: Abril | CZ7: Maio | DA7: Junho | DB7: Julho | DC7: Agosto | DD7: Setembro | DE7: Outubro | DF7: Novembro | DG7: Dezembro | DH7: Janeiro | DI7: Fevereiro | DJ7: Março | DK7: Abril | DL7: Maio | DM7: Junho | DN7: Julho | DO7: Agosto | DP7: Setembro | DQ7: Outubro | DR7: Novembro | DS7: Dezembro | DT7: Janeiro | DU7: Fevereiro | DV7: Março | DW7: Abril | DX7: Maio | DY7: Junho | DZ7: Julho | EA7: Agosto | EB7: Setembro | EC7: Outubro | ED7: Novembro | EE7: Dezembro | EF7: Janeiro | EG7: Fevereiro | EH7: Março | EI7: Abril | EJ7: Maio | EK7: Junho | EL7: Julho | EM7: Agosto | EN7: Setembro | EO7: Outubro | EP7: Novembro | EQ7: Dezembro | ER7: Janeiro | ES7: Fevereiro | ET7: Março | EU7: Abril | EV7: Maio | EW7: Junho | EX7: Julho | EY7: Agosto | EZ7: Setembro | FA7: Outubro | FB7: Novembro | FC7: Dezembro | FD7: Janeiro | FE7: Fevereiro | FF7: Março | FG7: Abril | FH7: Maio | FI7: Junho | FJ7: Julho | FK7: Agosto | FL7: Setembro | FM7: Outubro | FN7: Novembro | FO7: Dezembro | FP7: Janeiro | FQ7: Fevereiro | FR7: Março | FS7: Abril | FT7: Maio | FU7: Junho | FV7: Julho | FW7: Agosto | FX7: Setembro | FY7: Outubro | FZ7: Novembro | GA7: Dezembro | GB7: Janeiro | GC7: Fevereiro | GD7: Março | GE7: Abril | GF7: Maio | GG7: Junho | GH7: Julho | GI7: Agosto | GJ7: Setembro | GK7: Outubro | GL7: Novembro | GM7: Dezembro | GN7: Janeiro | GO7: Fevereiro | GP7: Março | GQ7: Abril | GR7: Maio | GS7: Junho | GT7: Julho | GU7: Agosto
A8: Dívida fiscal líquida (G=E-F) | C8: 514092.76 | D8: 515693.64 | E8: 519398.07 | F8: 522268.48 | G8: 522180.9 | H8: 527417.66 | I8: 530195.02 | J8: 531371.14 | K8: 539484.95 | L8: 542779.32 | M8: 551071.67 | N8: 556590.45 | O8: 579837.83 | P8: 589773.2 | Q8: 597327.76 | R8: 605374.31 | S8: 599972.92 | T8: 608805.6 | U8: 616176.77 | V8: 626725.45 | W8: 635907.85 | X8: 641613.48 | Y8: 643776.35 | Z8: 652474.36 | AA8: 668841.5 | AB8: 669651.01 | AC8: 672824.75 | AD8: 676035.19 | AE8: 676488.84 | AF8: 681119.66 | AG8: 683755.54 | AH8: 688490.71 | AI8: 694172.75 | AJ8: 699447.97 | AK8: 703678 | AL8: 710539.48 | AM8: 725147.39 | AN8: 724554.56 | AO8: 731327.23 | AP8: 735967.62 | AQ8: 732175.01 | AR8: 740313.7 | AS8: 747884.7 | AT8: 753649.65 | AU8: 760061.95 | AV8: 769358.88 | AW8: 774389.24 | AX8: 784671.76 | AY8: 801955.43 | AZ8: 813439.76 | BA8: 822258.15 | BB8: 827468.85 | BC8: 822096.48 | BD8: 824040.56 | BE8: 832473.98 | BF8: 840848.62 | BG8: 846055.11 | BH8: 854729.41 | BI8: 857391.36 | BJ8: 866294.68 | BK8: 887965.18 | BL8: 886663.25 | BM8: 892306.37 | BN8: 899661.43 | BO8: 893260.28 | BP8: 902422.33 | BQ8: 905007.79 | BR8: 913076.41 | BS8: 917114.73 | BT8: 930128.84 | BU8: 933913.18 | BV8: 939277 | BW8: 962425.66 | BX8: 955294.29 | BY8: 963230.23 | BZ8: 961655.78 | CA8: 957037.39 | CB8: 964956.23 | CC8: 971849.88 | CD8: 980176.28 | CE8: 983215.71 | CF8: 982592.5 | CG8: 974161.05 | CH8: 986185.89 | CI8: 1024352.9 | CJ8: 1032189.9 | CK8: 1039389 | CL8: 1046098.6 | CM8: 1047274.4 | CN8: 1057900.6 | CO8: 1068185.5 | CP8: 1082089.3 | CQ8: 1089948.5 | CR8: 1112176.2 | CS8: 1113382.4 | CT8: 1116375 | CU8: 1130594.9 | CV8: 1128639.9 | CW8: 1139728.7 | CX8: 1156896.2 | CY8: 1151224 | CZ8: 1167079.2 | DA8: 1180743.7 | DB8: 1196159.1 | DC8: 1206858.4 | DD8: 1194860.6 | DE8: 1201227 | DF8: 1215585.6 | DG8: 1224268.2 | DH8: 1225800.5 | DI8: 1237002.7 | DJ8: 1243951.2 | DK8: 1245539.4 | DL8: 1260208.5 | DM8: 1265826.1 | DN8: 1270833.5 | DO8: 1287934.8 | DP8: 1297105.7 | DQ8: 1303427.6 | DR8: 1313591 | DS8: 1332231 | DT8: 1325876.3 | DU8: 1334630.8 | DV8: 1345226.3 | DW8: 1348210.2 | DX8: 1364274.2 | DY8: 1377598.9 | DZ8: 1389464.5 | EA8: 1405585.9 | EB8: 1417839.6 | EC8: 1422446.4 | ED8: 1444292.8 | EE8: 1441142.6 | EF8: 1433540.4 | EG8: 1456822.4 | EH8: 1472681.5 | EI8: 1480360.8 | EJ8: 1494879.4 | EK8: 1507077.9 | EL8: 1528184.5 | EM8: 1550487.4 | EN8: 1573383.8 | EO8: 1584912.1 | EP8: 1585086.8 | EQ8: 1598692.1 | ER8: 1609170.2 | ES8: 1618685.8 | ET8: 1631707.8 | EU8: 1636323.1 | EV8: 1668766.8 | EW8: 1689558.4 | EX8: 1722269.4 | EY8: 1753745.8 | EZ8: 1823121.4 | FA8: 1840900.4 | FB8: 1882506.6 | FC8: 1942608.5 | FD8: 1939567.2 | FE8: 1998203.9 | FF8: 2067453.2 | FG8: 2056221 | FH8: 2115998.4 | FI8: 2152254.6 | FJ8: 2225026.2 | FK8: 2282039.4 | FL8: 2359350.8 | FM8: 2388764.7 | FN8: 2431821.8 | FO8: 2555643.3 | FP8: 2583948.7 | FQ8: 2636775.9 | FR8: 2646771 | FS8: 2659933.8 | FT8: 2720556.8 | FU8: 2752730.7 | FV8: 2806134.1 | FW8: 2869077.4 | FX8: 2936177.8 | FY8: 2932793.9 | FZ8: 3013221.4 | GA8: 3118458.2 | GB8: 3118158.8 | GC8: 3172402.4 | GD8: 3226751.2 | GE8: 3242173.7 | GF8: 3309162.3 | GG8: 3360225.5 | GH8: 3404845 | GI8: 3450386.1 | GJ8: 3503694.6 | GK8: 3534188.1 | GL8: 3564226.1 | GM8: 3629866.6 | GN8: 3611240.5 | GO8: 3657046.7 | GP8: 3714677.7 | GQ8: 3741428.9 | GR8: 3789325.1 | GS8: 3847266.3 | GT8: 3876428.6
A9: Ajuste metodológico s/dívida interna (F) | C9: 75414.088 | D9: 82735.705 | E9: 77367.054 | F9: 75463.073 | G9: 78345.549 | H9: 90037.87 | I9: 113289.65 | J9: 147607.35 | K9: 125315.64 | L9: 168660.86 | M9: 156864.09 | N9: 156165.3 | O9: 152075.78 | P9: 151674.27 | Q9: 153131.82 | R9: 145395.14 | S9: 129195.91 | T9: 131731.7 | U9: 128729.89 | V9: 131547.31 | W9: 131600.24 | X9: 130333.53 | Y9: 128422.59 | Z9: 131015.77 | AA9: 129361.03 | AB9: 130748.21 | AC9: 130032.6 | AD9: 129891.86 | AE9: 130723.73 | AF9: 134959.26 | AG9: 134490.82 | AH9: 132748.92 | AI9: 130887.49 | AJ9: 129428.16 | AK9: 129382.28 | AL9: 127238.22 | AM9: 126026.04 | AN9: 125661.41 | AO9: 125233.3 | AP9: 126221.34 | AQ9: 124362.09 | AR9: 122625.79 | AS9: 121893.73 | AT9: 122443.37 | AU9: 122075.71 | AV9: 120116.22 | AW9: 120563.26 | AX9: 119967.8 | AY9: 121471.69 | AZ9: 120060.76 | BA9: 119148.29 | BB9: 119557.96 | BC9: 118656.71 | BD9: 120919.37 | BE9: 119457.05 | BF9: 119584.17 | BG9: 119178.47 | BH9: 119556.82 | BI9: 119263.6 | BJ9: 119439.8 | BK9: 119249.25 | BL9: 119160.55 | BM9: 119117.54 | BN9: 118663.81 | BO9: 118553.05 | BP9: 117861.61 | BQ9: 117843.63 | BR9: 117521.88 | BS9: 118078.2 | BT9: 117262.12 | BU9: 116639.45 | BV9: 116898.32 | BW9: 116816.99 | BX9: 116744.68 | BY9: 116237.8 | BZ9: 116673.36 | CA9: 116262.83 | CB9: 115885.37 | CC9: 115640.32 | CD9: 115490.31 | CE9: 115892.05 | CF9: 117544.41 | CG9: 118726.74 | CH9: 119975 | CI9: 119997.07 | CJ9: 119877.53 | CK9: 120238.73 | CL9: 119871.78 | CM9: 119081.7 | CN9: 117914.88 | CO9: 117792.87 | CP9: 117340.13 | CQ9: 117420.41 | CR9: 116796.21 | CS9: 116598.97 | CT9: 116635.78 | CU9: 116583.19 | CV9: 114049.69 | CW9: 115258.38 | CX9: 115827.12 | CY9: 116797.3 | CZ9: 115116.86 | DA9: 115414.72 | DB9: 116287.14 | DC9: 116311.19 | DD9: 117540.69 | DE9: 117392.51 | DF9: 117094.38 | DG9: 118096.49 | DH9: 117953.43 | DI9: 118194.86 | DJ9: 118860.54 | DK9: 119999.09 | DL9: 119853.66 | DM9: 120233.61 | DN9: 120310.27 | DO9: 119764.77 | DP9: 115125.96 | DQ9: 118036.41 | DR9: 115877.86 | DS9: 114691.3 | DT9: 117229.1 | DU9: 117784.6 | DV9: 115682.01 | DW9: 113898.29 | DX9: 111921.82 | DY9: 111945.91 | DZ9: 111395.65 | EA9: 111641.01 | EB9: 111767.65 | EC9: 111751.69 | ED9: 110251.48 | EE9: 111520.7 | EF9: 112616.16 | EG9: 112869.99 | EH9: 112112.63 | EI9: 112352.03 | EJ9: 109971.29 | EK9: 108554.58 | EL9: 107343.47 | EM9: 106002.48 | EN9: 108102.52 | EO9: 108381.98 | EP9: 107069.84 | EQ9: 106877.59 | ER9: 105919.06 | ES9: 106978.54 | ET9: 107626.75 | EU9: 107874.22 | EV9: 107849.33 | EW9: 108156.52 | EX9: 107603.83 | EY9: 107849.66 | EZ9: 105959.6 | FA9: 106021.78 | FB9: 104950.08 | FC9: 104042.47 | FD9: 103981.41 | FE9: 101894.84 | FF9: 98679.314 | FG9: 100812.72 | FH9: 98371.333 | FI9: 99516.792 | FJ9: 95083.618 | FK9: 91249.848 | FL9: 86308.228 | FM9: 88038.814 | FN9: 88163.212 | FO9: 87474.428 | FP9: 85909.904 | FQ9: 86383.231 | FR9: 89562.91 | FS9: 90387.115 | FT9: 89290.237 | FU9: 92177.823 | FV9: 91959.182 | FW9: 91940.011 | FX9: 91891.402 | FY9: 92371.497 | FZ9: 90837.571 | GA9: 91780.624 | GB9: 92652.19 | GC9: 92827.865 | GD9: 92431.885 | GE9: 92334.789 | GF9: 92141.109 | GG9: 91871.213 | GH9: 92552.419 | GI9: 92491.883 | GJ9: 92467.123 | GK9: 92232.549 | GL9: 92267.378 | GM9: 92194.814 | GN9: 92337.062 | GO9: 92271.501 | GP9: 92261.824 | GQ9: 92291.639 | GR9: 92378.507 | GS9: 92158.499 | GT9: 92451.259
A10: Dívida fiscal líquida com câmbio (E=A-B-C-D) | C10: =C8+C9 -> 589506.85 | D10: =D8+D9 -> 598429.34 | E10: =E8+E9 -> 596765.12 | F10: =F8+F9 -> 597731.56 | G10: =G8+G9 -> 600526.45 | H10: =H8+H9 -> 617455.53 | I10: =I8+I9 -> 643484.67 | J10: =J8+J9 -> 678978.5 | ... FC10: =FC8+FC9 -> 2046650.9 | FD10: 2043548.6 | FE10: 2100098.8 | FF10: 2166132.5 | FG10: 2157033.7 | FH10: 2214369.7 | FI10: 2251771.4 | FJ10: 2320109.8 | FK10: 2373289.2 | FL10: 2445659 | FM10: 2476803.5 | FN10: 2519985 | FO10: 2643117.7 | FP10: 2669858.6 | FQ10: 2723159.2 | FR10: 2736333.9 | FS10: 2750321 | FT10: 2809847.1 | FU10: 2844908.6 | FV10: 2898093.3 | FW10: 2961017.4 | FX10: 3028069.2 | FY10: 3025165.4 | FZ10: 3104058.9 | GA10: 3210238.8 | GB10: 3210811 | GC10: 3265230.3 | GD10: 3319183.1 | GE10: 3334508.5 | GF10: 3401303.4 | GG10: 3452096.7 | GH10: 3497397.4 | GI10: 3542878 | GJ10: 3596161.8 | GK10: 3626420.7 | GL10: 3656493.5 | GM10: 3722061.4 | GN10: 3703577.6 | GO10: 3749318.2 | GP10: 3806939.6 | GQ10: 3833720.5 | GR10: 3881703.6 | GS10: 3939424.8 | GT10: 3968879.8
A11: Ajuste metodológico s/dívida externa (D) | C11: 55337.092 | D11: 61318.471 | E11: 53527.052 | F11: 51968.843 | G11: 54942.658 | H11: 63641.123 | I11: 78946.077 | J11: 114163.67 | K11: 96164.804 | L11: 151963.39 | M11: 136534.94 | N11: 134708.86 | O11: 124734.69 | P11: 123090.86 | Q11: 130342.41 | R11: 115413.7 | S11: 86184.042 | T11: 91952.944 | U11: 86317.508 | V11: 93684.672 | W11: 98798.484 | X11: 96210.255 | Y11: 94322.769 | Z11: 100064.08 | AA11: 97687.198 | AB11: 100992.08 | AC11: 99701.472 | AD11: 96866.462 | AE11: 100217.25 | AF11: 111657.57 | AG11: 111931.27 | AH11: 107191.75 | AI11: 102767.39 | AJ11: 97779.989 | AK11: 100055.68 | AL11: 94351.798 | AM11: 89324.916 | AN11: 87825.753 | AO11: 85381.062 | AP11: 88435.67 | AQ11: 83277.515 | AR11: 77848.535 | AS11: 74163.116 | AT11: 76424.54 | AU11: 75495.542 | AV11: 69230.151 | AW11: 71655.711 | AX11: 69278.707 | AY11: 72300.944 | AZ11: 70463.96 | BA11: 69683.882 | BB11: 70779.708 | BC11: 70564.085 | BD11: 73345.765 | BE11: 71567.321 | BF11: 71999.29 | BG11: 72398.071 | BH11: 72125.215 | BI11: 72352.703 | BJ11: 70866.141 | BK11: 70944.648 | BL11: 72790.596 | BM11: 74328.083 | BN11: 78133.887 | BO11: 80487.259 | BP11: 88631.291 | BQ11: 88773.955 | BR11: 91639.106 | BS11: 82069.291 | BT11: 92238.808 | BU11: 101171.17 | BV11: 92269.644 | BW11: 92520.714 | BX11: 88404.139 | BY11: 96043.937 | BZ11: 85992.474 | CA11: 100685.95 | CB11: 111349.64 | CC11: 115870.72 | CD11: 119678.31 | CE11: 109895.64 | CF11: 66848.048 | CG11: 37636.272 | CH11: -4218.918 | CI11: -15479.224 | CJ11: -3835.8404 | CK11: -8452.1494 | CL11: -5510.302 | CM11: 17613.769 | CN11: 45179.734 | CO11: 49522.467 | CP11: 61916.377 | CQ11: 60021.501 | CR11: 75287.336 | CS11: 80228.675 | CT11: 76402.235 | CU11: 79727.296 | CV11: 57634.986 | CW11: 69579.96 | CX11: 75449.131 | CY11: 84410.149 | CZ11: 71829.499 | DA11: 73017.418 | DB11: 79243.027 | DC11: 80607.004 | DD11: 89638.052 | DE11: 86693.255 | DF11: 87021.748 | DG11: 97423.823 | DH11: 96488.754 | DI11: 98240.044 | DJ11: 106297.74 | DK11: 114417.13 | DL11: 112673.84 | DM11: 118511.02 | DN11: 116460.99 | DO11: 104695.87 | DP11: 33360.795 | DQ11: 76869.837 | DR11: 43973.43 | DS11: 25105.841 | DT11: 62060.476 | DU11: 71076.444 | DV11: 39890.316 | DW11: 16024.841 | DX11: -19235.208 | DY11: -20665.339 | DZ11: -32005.395 | EA11: -30014.998 | EB11: -30510.535 | EC11: -28084.76 | ED11: -53737.779 | EE11: -33294.186 | EF11: -12592.039 | EG11: -6002.8738 | EH11: -18204.131 | EI11: -17061.012 | EJ11: -48153.37 | EK11: -66163.48 | EL11: -92346.696 | EM11: -113973.39 | EN11: -76372.216 | EO11: -68559.223 | EP11: -104797.66 | EQ11: -106974.52 | ER11: -129678.89 | ES11: -104158.84 | ET11: -81605.897 | EU11: -75719.404 | EV11: -77608.645 | EW11: -68671.591 | EX11: -83457.49 | EY11: -73926.674 | EZ11: -130623.24 | FA11: -129352.74 | FB11: -163078.46 | FC11: -187732.61 | FD11: -182399.39 | FE11: -246639.07 | FF11: -341984.08 | FG11: -282482.07 | FH11: -334317.33 | FI11: -312257.96 | FJ11: -392125.67 | FK11: -466223.56 | FL11: -563682.8 | FM11: -530625.66 | FN11: -520311.21 | FO11: -535077.15 | FP11: -577417.13 | FQ11: -564931.29 | FR11: -448581.45 | FS11: -419717.39 | FT11: -455727.22 | FU11: -344499.7 | FV11: -353097.81 | FW11: -350825.13 | FX11: -355384.91 | FY11: -328725.84 | FZ11: -386766.67 | GA11: -342849.32 | GB11: -308467.33 | GC11: -300891.05 | GD11: -320626.27 | GE11: -331019.68 | GF11: -347866.15 | GG11: -368387.21 | GH11: -320028.07 | GI11: -326718.57 | GJ11: -330557.03 | GK11: -360061.41 | GL11: -355415.58 | GM11: -371680.66 | GN11: -328279.17 | GO11: -348665.28 | GP11: -375570.75 | GQ11: -419063.8 | GR11: -499205.84 | GS11: -532836.27 | GT11: -497014.75
A12: Ajuste patrimonial (C) | C12: 92678.235 | D12: 93544.452 | E12: 97653.503 | F12: 97771.328 | G12: 97772.716 | H12: 97774.946 | I12: 98911.984 | J12: 96797.008 | K12: 96647.787 | L12: 97346.123 | M12: 97092.683 | N12: 96931.563 | O12: 99372.069 | P12: 100042.88 | Q12: 100042.88 | R12: 100042.88 | S12: 100042.88 | T12: 100099.79 | U12: 100754.33 | V12: 100754.33 | W12: 101751.53 | X12: 101334.38 | Y12: 101074.67 | Z12: 101259.13 | AA12: 99976.349 | AB12: 99976.349 | AC12: 100078.48 | AD12: 100078.48 | AE12: 100078.48 | AF12: 100078.48 | AG12: 99456.956 | AH12: 99654.469 | AI12: 100769.48 | AJ12: 100455.6 | AK12: 100124.34 | AL12: 100124.34 | AM12: 106492.04 | AN12: 106262.28 | AO12: 106262.28 | AP12: 106262.28 | AQ12: 106262.28 | AR12: 106262.28 | AS12: 113167.12 | AT12: 113167.12 | AU12: 113167.12 | AV12: 113167.12 | AW12: 111535.48 | AX12: 111535.48 | AY12: 109753.56 | AZ12: 109797.18 | BA12: 109797.18 | BB12: 108715 | BC12: 108720.13 | BD12: 108724.28 | BE12: 109222.83 | BF12: 108858.72 | BG12: 109265.05 | BH12: 109289.24 | BI12: 109284.58 | BJ12: 109128.08 | BK12: 109378.52 | BL12: 107475.52 | BM12: 109351.52 | BN12: 110139.68 | BO12: 109891.05 | BP12: 110072.37 | BQ12: 109590.9 | BR12: 110674.88 | BS12: 110196.82 | BT12: 110311.15 | BU12: 110593.54 | BV12: 110515.48 | BW12: 108748.79 | BX12: 108742.89 | BY12: 109241.8 | BZ12: 108801.48 | CA12: 108650.01 | CB12: 108578.08 | CC12: 109031.83 | CD12: 110064.76 | CE12: 109886.06 | CF12: 108737.39 | CG12: 110226.1 | CH12: 108873.07 | CI12: 108884.23 | CJ12: 109219.94 | CK12: 109314.63 | CL12: 109105.01 | CM12: 109212.97 | CN12: 109580.45 | CO12: 109680.42 | CP12: 109518.73 | CQ12: 109167.05 | CR12: 109091.02 | CS12: 109054.85 | CT12: 109050.72 | CU12: 108539.32 | CV12: 107929.98 | CW12: 107993.21 | CX12: 107724.63 | CY12: 107631.79 | CZ12: 107418.36 | DA12: 106994.75 | DB12: 107169.42 | DC12: 106310.61 | DD12: 106393.13 | DE12: 106451.45 | DF12: 106483.63 | DG12: 111507.94 | DH12: 111338.43 | DI12: 113438.68 | DJ12: 113671.74 | DK12: 114180.62 | DL12: 114339.93 | DM12: 113080.31 | DN12: 113203.81 | DO12: 112482.11 | DP12: 111143.38 | DQ12: 112116.47 | DR12: 110438.33 | DS12: 111995.02 | DT12: 114885.02 | DU12: 115577.77 | DV12: 112845.95 | DW12: 111942.83 | DX12: 110729.75 | DY12: 109994.2 | DZ12: 111160.68 | EA12: 111085.59 | EB12: 110960.59 | EC12: 110558.59 | ED12: 110215.71 | EE12: 106190.22 | EF12: 105171.22 | EG12: 105504.5 | EH12: 105166.08 | EI12: 102645.71 | EJ12: 102555.29 | EK12: 106278.29 | EL12: 106084.29 | EM12: 106607.29 | EN12: 106506.29 | EO12: 106253.29 | EP12: 102751.29 | EQ12: 103763.29 | ER12: 103816.29 | ES12: 104054.29 | ET12: 103976.29 | EU12: 103523.29 | EV12: 102885.29 | EW12: 102127.29 | EX12: 102488.29 | EY12: 100850.29 | EZ12: 100357.29 | FA12: 100545.29 | FB12: 100547.29 | FC12: 100252.29 | FD12: 99883.293 | FE12: 99627.293 | FF12: 99533.293 | FG12: 99175.293 | FH12: 99637.293 | FI12: 99319.293 | FJ12: 98857.293 | FK12: 98887.293 | FL12: 100066.29 | FM12: 102359.32 | FN12: 103859.81 | FO12: 104871.11 | FP12: 104987.11 | FQ12: 104567.11 | FR12: 103114.11 | FS12: 102031.11 | FT12: 101034.11 | FU12: 105317.8 | FV12: 102902.8 | FW12: 104148.8 | FX12: 103208.8 | FY12: 102523.8 | FZ12: 102838.28 | GA12: 102429.62 | GB12: 102118.62 | GC12: 101486.62 | GD12: 100067.8 | GE12: 99549.799 | GF12: 99711.799 | GG12: 107191.96 | GH12: 106713.96 | GI12: 107505.73 | GJ12: 110466.37 | GK12: 110215.37 | GL12: 110479.37 | GM12: 110571.37 | GN12: 109647.37 | GO12: 109173.37 | GP12: 110028.37 | GQ12: 111466.4 | GR12: 112198.98 | GS12: 112094.98 | GT12: 109663.04
A13: Ajuste de privatização (B) | C13: -60091.36 | D13: -60274.274 | E13: -61138.274 | F13: -61138.274 | G13: -61138.274 | H13: -63728.55 | I13: -63728.55 | J13: -63728.55 | K13: -63728.55 | L13: -63728.55 | M13: -63728.55 | N13: -63728.55 | O13: -63728.55 | P13: -63728.55 | Q13: -63728.55 | R13: -63728.55 | S13: -63728.55 | T13: -63728.55 | U13: -63728.55 | V13: -63728.55 | W13: -63728.55 | X13: -63728.55 | Y13: -63728.55 | Z13: -63728.55 | AA13: -63728.55 | AB13: -63728.55 | AC13: -63806.551 | AD13: -63806.551 | AE13: -63806.551 | AF13: -63806.551 | AG13: -63806.551 | AH13: -63806.551 | AI13: -63806.551 | AJ13: -63806.551 | AK13: -63806.551 | AL13: -64481.551 | AM13: -64481.551 | AN13: -64481.551 | AO13: -64481.551 | AP13: -64481.551 | AQ13: -64481.551 | AR13: -64481.551 | AS13: -64481.551 | AT13: -64481.551 | AU13: -64481.551 | AV13: -64481.551 | AW13: -64481.551 | AX13: -65435.507 | AY13: -65435.507 | AZ13: -66135.507 | BA13: -66018.851 | BB13: -66018.851 | BC13: -66018.851 | BD13: -66018.851 | BE13: -66018.851 | BF13: -67232.021 | BG13: -67484.956 | BH13: -67484.956 | BI13: -67484.956 | BJ13: -67484.956 | BK13: -67484.956 | BL13: -67484.956 | BM13: -67484.956 | BN13: -67484.956 | BO13: -67484.956 | BP13: -67484.956 | BQ13: -67484.956 | BR13: -68749.913 | BS13: -68749.913 | BT13: -68749.913 | BU13: -68749.913 | BV13: -68749.913 | BW13: -68749.913 | BX13: -68749.913 | BY13: -68749.913 | BZ13: -68749.913 | CA13: -68749.913 | CB13: -68749.913 | CC13: -68749.913 | CD13: -68749.913 | CE13: -68749.913 | CF13: -68749.913 | CG13: -68749.913 | CH13: -69434.913 | CI13: -69516.593 | CJ13: -69516.593 | CK13: -69516.593 | CL13: -69827.523 | CM13: -70140.944 | CN13: -70456.675 | CO13: -70775.084 | CP13: -71095.838 | CQ13: -71418.872 | CR13: -71744.254 | CS13: -72072.002 | CT13: -72401.806 | CU13: -72734.007 | CV13: -73068.403 | CW13: -73405.229 | CX13: -73744.057 | CY13: -74085.349 | CZ13: -74428.846 | DA13: -74775.048 | DB13: -75124.186 | DC13: -75476.232 | DD13: -75476.232 | DE13: -75476.232 | DF13: -75476.232 | DG13: -75476.232 | DH13: -75476.232 | DI13: -75476.232 | DJ13: -75476.232 | DK13: -75476.232 | DL13: -75476.232 | DM13: -75476.232 | DN13: -75476.232 | DO13: -75476.232 | DP13: -75476.232 | DQ13: -75476.232 | DR13: -75476.232 | DS13: -75476.232 | DT13: -75476.232 | DU13: -75476.232 | DV13: -75476.232 | DW13: -75476.232 | DX13: -75476.232 | DY13: -75476.232 | DZ13: -75476.232 | EA13: -75476.232 | EB13: -75476.232 | EC13: -75476.232 | ED13: -75476.232 | EE13: -75476.232 | EF13: -75476.232 | EG13: -75476.232 | EH13: -75476.232 | EI13: -75476.232 | EJ13: -75476.232 | EK13: -75476.232 | EL13: -75476.232 | EM13: -76023.641 | EN13: -76023.641 | EO13: -76023.641 | EP13: -76023.641 | EQ13: -76023.641 | ER13: -76023.641 | ES13: -76023.641 | ET13: -76023.641 | EU13: -76023.641 | EV13: -76023.641 | EW13: -76023.641 | EX13: -76023.641 | EY13: -76023.641 | EZ13: -76023.641 | FA13: -76023.641 | FB13: -76023.641 | FC13: -76023.641 | FD13: -76023.641 | FE13: -76023.641 | FF13: -76023.641 | FG13: -76023.641 | FH13: -76023.641 | FI13: -76023.641 | FJ13: -76023.641 | FK13: -76023.641 | FL13: -76023.641 | FM13: -76023.641 | FN13: -76023.641 | FO13: -76023.641 | FP13: -76023.641 | FQ13: -76023.641 | FR13: -76023.641 | FS13: -76023.641 | FT13: -76023.641 | FU13: -76023.641 | FV13: -76023.641 | FW13: -76023.641 | FX13: -76023.641 | FY13: -76023.641 | FZ13: -76023.641 | GA13: -76905.619 | GB13: -76905.619 | GC13: -78009.922 | GD13: -78009.922 | GE13: -78009.922 | GF13: -78009.922 | GG13: -78009.922 | GH13: -78009.922 | GI13: -78009.922 | GJ13: -78009.922 | GK13: -78009.922 | GL13: -78009.922 | GM13: -78009.922 | GN13: -78009.922 | GO13: -78009.922 | GP13: -78009.922 | GQ13: -78009.922 | GR13: -78009.922 | GS13: -78009.922 | GT13: -78009.922
A16: Dívida líquida total - saldo | C16: 677430.82 | D16: 693017.99 | E16: 686807.41 | F16: 686333.46 | G16: 692103.55 | H16: 715143.05 | I16: 757614.19 | J16: 826210.63 | K16: 793884.63 | L16: 897021.15 | M16: 877834.83 | N16: 880667.62 | O16: 892291.83 | P16: 900852.65 | Q16: 917116.32 | R16: 902497.48 | S16: 851667.2 | T16: 868861.49 | U16: 868249.95 | V16: 888983.22 | W16: 904329.56 | X16: 905763.09 | Y16: 903867.83 | Z16: 921084.79 | AA16: 932137.53 | AB16: 937639.1 | AC16: 938830.75 | AD16: 939065.44 | AE16: 943701.75 | AF16: 964008.42 | AG16: 965828.04 | AH16: 964279.29 | AI16: 964790.55 | AJ16: 963305.17 | AK16: 969433.75 | AL16: 967772.28 | AM16: 982508.82 | AN16: 979822.45 | AO16: 983722.32 | AP16: 992405.36 | AQ16: 981595.35 | AR16: 982568.75 | AS16: 992627.11 | AT16: 1001203.1 | AU16: 1006318.8 | AV16: 1007390.8 | AW16: 1013662.1 | AX16: 1020018.2 | AY16: 1040046.1 | AZ16: 1047626.2 | BA16: 1054868.7 | BB16: 1060502.7 | BC16: 1054018.5 | BD16: 1061011.1 | BE16: 1066702.3 | BF16: 1074058.8 | BG16: 1079411.7 | BH16: 1088215.7 | BI16: 1090807.3 | BJ16: 1098243.7 | BK16: 1120052.6 | BL16: 1118605 | BM16: 1127618.6 | BN16: 1139113.9 | BO16: 1134706.7 | BP16: 1151502.6 | BQ16: 1153731.3 | BR16: 1164162.4 | BS16: 1158709.1 | BT16: 1181191 | BU16: 1193567.4 | BV16: 1190210.5 | BW16: 1211762.3 | BX16: 1200436.1 | BY16: 1216003.9 | BZ16: 1204373.2 | CA16: 1213886.3 | CB16: 1232019.4 | CC16: 1243642.8 | CD16: 1256659.8 | CE16: 1250139.5 | CF16: 1206972.4 | CG16: 1172000.2 | CH16: 1141380.1 | CI16: 1168238.3 | CJ16: 1187935 | CK16: 1190973.6 | CL16: 1199737.6 | CM16: 1223041.9 | CN16: 1260119 | CO16: 1274406.2 | CP16: 1299768.7 | CQ16: 1305138.6 | CR16: 1341606.5 | CS16: 1347192.9 | CT16: 1346062 | CU16: 1362710.7 | CV16: 1335186.2 | CW16: 1359155 | CX16: 1382153.1 | CY16: 1385977.9 | CZ16: 1387015.1 | DA16: 1401395.5 | DB16: 1423734.5 | DC16: 1434611 | DD16: 1432956.2 | DE16: 1436288 | DF16: 1450709.2 | DG16: 1475820.2 | DH16: 1476104.9 | DI16: 1491400 | DJ16: 1507305 | DK16: 1518660 | DL16: 1531599.7 | DM16: 1542174.8 | DN16: 1545332.3 | DO16: 1549401.3 | DP16: 1481259.6 | DQ16: 1534974.1 | DR16: 1508404.4 | DS16: 1508546.9 | DT16: 1544574.6 | DU16: 1563593.4 | DV16: 1538168.4 | DW16: 1514599.9 | DX16: 1492214.4 | DY16: 1503397.4 | DZ16: 1504539.2 | EA16: 1522821.3 | EB16: 1534581 | EC16: 1541195.7 | ED16: 1535545.9 | EE16: 1550083.1 | EF16: 1563259.5 | EG16: 1593717.7 | EH16: 1596279.9 | EI16: 1602821.3 | EJ16: 1583776.4 | EK16: 1580271 | EL16: 1573789.4 | EM16: 1573100.2 | EN16: 1635596.7 | EO16: 1654964.5 | EP16: 1614086.7 | EQ16: 1626334.9 | ER16: 1613203 | ES16: 1649536.2 | ET16: 1685681.3 | EU16: 1695977.6 | EV16: 1725869.2 | EW16: 1755147 | EX16: 1772880.4 | EY16: 1812495.5 | EZ16: 1822791.4 | FA16: 1842091.1 | FB16: 1848901.9 | FC16: 1883147 | FD16: 1885008.9 | FE16: 1877063.3 | FF16: 1847658.1 | FG16: 1897703.3 | FH16: 1903666.1 | FI16: 1962809.1 | FJ16: 1950817.8 | FK16: 1929929.3 | FL16: 1906018.9 | FM16: 1972513.6 | FN16: 2027510 | FO16: 2136888 | FP16: 2121404.9 | FQ16: 2186771.3 | FR16: 2314842.9 | FS16: 2356611 | FT16: 2379130.3 | FU16: 2529703 | FV16: 2571874.7 | FW16: 2638317.5 | FX16: 2699869.5 | FY16: 2722939.7 | FZ16: 2744106.9 | GA16: 2892913.5 | GB16: 2927556.6 | GC16: 2987815.9 | GD16: 3020614.7 | GE16: 3025028.7 | GF16: 3075139.1 | GG16: 3112891.5 | GH16: 3206073.4 | GI16: 3245655.2 | GJ16: 3298061.2 | GK16: 3298564.7 | GL16: 3333547.3 | GM16: 3382942.2 | GN16: 3406935.8 | GO16: 3431816.3 | GP16: 3463387.3 | GQ16: 3448113.2 | GR16: 3416686.8 | GS16: 3440673.6 | GT16: 3503518.2
A18: Dívida líquida - variação mensal | C18: 17033.02 | D18: =D16-C16 -> 15587.176 | E18: =E16-D16 -> -6210.586 | F18: =F16-E16 -> -473.95053 | G18: =G16-F16 -> 5770.0972 | H18: =H16-G16 -> 23039.501 | I18: =I16-H16 -> 42471.133 | J18: =J16-I16 -> 68596.441 | K18: =K16-J16 -> -32325.993 | ... FC18: =FC16-FB16 -> 34245.07 | FD18: 1861.8929 | FE18: -7945.54 | FF18: -29405.27 | FG18: 50045.203 | FH18: 5962.7891 | FI18: 59143.048 | FJ18: -11991.319 | FK18: -20888.463 | FL18: -23910.453 | FM18: 66494.692 | FN18: 54996.437 | FO18: 109378.01 | FP18: -15483.079 | FQ18: 65366.412 | FR18: 128071.57 | FS18: 41768.129 | FT18: 22519.268 | FU18: 150572.7 | FV18: 42171.649 | FW18: 66442.787 | FX18: 61552.03 | FY18: 23070.196 | FZ18: 21167.23 | GA18: 148806.55 | GB18: 34643.171 | GC18: 60259.304 | GD18: 32798.776 | GE18: 4414.0184 | GF18: 50110.39 | GG18: 37752.407 | GH18: 93181.887 | GI18: 39581.801 | GJ18: 52405.964 | GK18: 503.55158 | GL18: 34982.602 | GM18: 49394.88 | GN18: 23993.627 | GO18: 24880.483 | GP18: 31570.94 | GQ18: -15274.074 | GR18: -31426.363 | GS18: 23986.734 | GT18: 62844.638
A20: Fatores condicionantes:1/ | C20: 17033.02 | D20: 15587.176 | E20: -6210.586 | F20: -473.95053 | G20: 5770.0972 | H20: 23039.501 | I20: 42471.133 | J20: 68596.441 | K20: -32325.993 | L20: 103136.52 | M20: -19186.32 | N20: 2832.7841 | O20: 11624.211 | P20: 8560.8237 | Q20: 16263.669 | R20: -14618.84 | S20: -50830.286 | T20: 17194.292 | U20: -611.53247 | V20: 20733.263 | W20: 15346.338 | X20: 1433.5375 | Y20: -1272.4871 | Z20: 16594.18 | AA20: 11052.747 | AB20: 5501.5631 | AC20: 1191.657 | AD20: 234.68418 | AE20: 4636.3114 | AF20: 20306.669 | AG20: 1819.6241 | AH20: -1548.7529 | AI20: 511.26569 | AJ20: -1485.382 | AK20: 6128.577 | AL20: -1661.4656 | AM20: 14736.538 | AN20: -2686.3678 | AO20: 3899.8673 | AP20: 8683.0378 | AQ20: -10810.007 | AR20: 973.40173 | AS20: 10058.353 | AT20: 8576.0236 | AU20: 5115.6388 | AV20: 1072.0427 | AW20: 6271.3302 | AX20: 6356.1006 | AY20: 20027.873 | AZ20: 7580.041 | BA20: 7242.4993 | BB20: 5634.0123 | BC20: -6484.1204 | BD20: 6992.5715 | BE20: 5691.2145 | BF20: 7356.4511 | BG20: 5352.9617 | BH20: 8803.9816 | BI20: 2591.5593 | BJ20: 7436.4554 | BK20: 21808.896 | BL20: -1447.6773 | BM20: 9013.5969 | BN20: 11495.299 | BO20: -4407.1755 | BP20: 16795.954 | BQ20: 2228.6813 | BR20: 10431.046 | BS20: -5453.2402 | BT20: 22481.886 | BU20: 12376.421 | BV20: -3356.89 | BW20: 21551.711 | BX20: -11326.173 | BY20: 15567.778 | BZ20: -11630.674 | CA20: 9513.0727 | CB20: 18133.144 | CC20: 11623.442 | CD20: 13016.909 | CE20: -6520.2006 | CF20: -43167.118 | CG20: -34972.188 | CH20: -30620.115 | CI20: 26858.21 | CJ20: 19696.629 | CK20: 3038.6381 | CL20: 8763.9987 | CM20: 23304.254 | CN20: 37077.132 | CO20: 14287.174 | CP20: 25362.55 | CQ20: 5369.9233 | CR20: 36467.888 | CS20: 5586.3958 | CT20: -1130.9649 | CU20: 16648.766 | CV20: -27524.534 | CW20: 23968.797 | CX20: 22998.081 | CY20: 3824.8025 | CZ20: 1037.248 | DA20: 14380.389 | DB20: 22339.04 | DC20: 10876.418 | DD20: -1654.7784 | DE20: 3331.8277 | DF20: 14421.151 | DG20: 25111.012 | DH20: 284.72199 | DI20: 15295.109 | DJ20: 15904.956 | DK20: 11355.065 | DL20: 12939.667 | DM20: 10575.129 | DN20: 3157.5112 | DO20: 4068.9978 | DP20: -68141.777 | DQ20: 53714.497 | DR20: -26569.627 | DS20: 142.48162 | DT20: 36027.725 | DU20: 19018.779 | DV20: -25425.037 | DW20: -23568.435 | DX20: -22385.587 | DY20: 11183.06 | DZ20: 1141.7817 | EA20: 18282.113 | EB20: 11759.735 | EC20: 6614.6227 | ED20: -5649.719 | EE20: 14537.132 | EF20: 13176.447 | EG20: 30458.217 | EH20: 2562.1242 | EI20: 6541.4744 | EJ20: -19044.926 | EK20: -3505.3942 | EL20: -6481.6676 | EM20: -689.19663 | EN20: 62496.566 | EO20: 19367.764 | EP20: -40877.815 | EQ20: 12248.195 | ER20: -13131.892 | ES20: 36333.196 | ET20: 36145.115 | EU20: 10296.306 | EV20: 29891.572 | EW20: 29277.833 | EX20: 17733.407 | EY20: 39615.081 | EZ20: 10295.965 | FA20: 19299.642 | FB20: 6810.8235 | FC20: 34245.07 | FD20: 1861.8929 | FE20: -7945.54 | FF20: -29405.27 | FG20: 50045.203 | FH20: 5962.7891 | FI20: 59143.048 | FJ20: -11991.319 | FK20: -20888.463 | FL20: -23910.453 | FM20: 66494.692 | FN20: 54996.437 | FO20: 109378.01 | FP20: -15483.079 | FQ20: 65366.412 | FR20: 128071.57 | FS20: 41768.129 | FT20: 22519.268 | FU20: 150572.7 | FV20: 42171.649 | FW20: 66442.787 | FX20: 61552.03 | FY20: 23070.196 | FZ20: 21167.23 | GA20: 148806.55 | GB20: 34643.171 | GC20: 60259.304 | GD20: 32798.776 | GE20: 4414.0184 | GF20: 50110.39 | GG20: 37752.407 | GH20: 93181.887 | GI20: 39581.801 | GJ20: 52405.964 | GK20: 503.55158 | GL20: 34982.602 | GM20: 49394.88 | GN20: 23993.627 | GO20: 24880.483 | GP20: 31570.94 | GQ20: -15274.074 | GR20: -31426.363 | GS20: 23986.734 | GT20: 62844.638
A21: NFSP | C21: 13373.859 | D21: =D8-C8 -> 1600.8768 | E21: =E8-D8 -> 3704.4329 | F21: =F8-E8 -> 2870.4149 | G21: =G8-F8 -> -87.581813 | H21: =H8-G8 -> 5236.7616 | I21: =I8-H8 -> 2777.3566 | J21: =J8-I8 -> 1176.122 | K21: =K8-J8 -> 8113.8114 | ... FC21: =FC8-FB8 -> 60101.822 | FD21: -3041.2689 | FE21: 58636.71 | FF21: 69249.274 | FG21: -11232.215 | FH21: 59777.436 | FI21: 36256.217 | FJ21: 72771.568 | FK21: 57013.195 | FL21: 77311.409 | FM21: 29413.934 | FN21: 43057.096 | FO21: 123821.44 | FP21: 28305.424 | FQ21: 52827.244 | FR21: 9995.056 | FS21: 13162.862 | FT21: 60622.978 | FU21: 32173.917 | FV21: 53403.393 | FW21: 62943.279 | FX21: 67100.421 | FY21: -3383.9723 | FZ21: 80427.503 | GA21: 105236.79 | GB21: -299.38542 | GC21: 54243.65 | GD21: 54348.795 | GE21: 15422.526 | GF21: 66988.539 | GG21: 51063.194 | GH21: 44619.544 | GI21: 45541.079 | GJ21: 53308.538 | GK21: 30493.501 | GL21: 30037.945 | GM21: 65640.525 | GN21: -18626.106 | GO21: 45806.153 | GP21: 57631.082 | GQ21: 26751.132 | GR21: 47896.234 | GS21: 57941.166 | GT21: 29162.303
A22: Primário | C22: 5055.2039 | D22: -6509.8195 | E22: -4655.7367 | F22: -4225.3455 | G22: -7100.222 | H22: -3551.2753 | I22: -4102.465 | J22: -3810.061 | K22: -1225.6941 | L22: -8520.2774 | M22: -6265.1291 | N22: -3768.979 | O22: 6210.5075 | P22: -7748.7973 | Q22: -6958.5012 | R22: -4621.3392 | S22: -11478.357 | T22: -4788.3071 | U22: -1603.6373 | V22: -4439.9311 | W22: -3954.7146 | X22: -6070.803 | Y22: -6850.8818 | Z22: -4643.1669 | AA22: 7567.2774 | AB22: -10230.291 | AC22: -6987.4989 | AD22: -6997.0723 | AE22: -9566.6864 | AF22: -6277.1963 | AG22: -7260.0317 | AH22: -5499.3112 | AI22: -6265.7156 | AJ22: -6104.6645 | AK22: -7018.5997 | AL22: -3222.2957 | AM22: 3210.9265 | AN22: -12786.923 | AO22: -4885.8044 | AP22: -9320.4711 | AQ22: -17417.363 | AR22: -5607.7132 | AS22: -7623.6335 | AT22: -6509.6515 | AU22: -7083.1605 | AV22: -4964.7551 | AW22: -8457.8491 | AX22: -2655.0801 | AY22: 6026.4844 | AZ22: -6424.4796 | BA22: -4531.8743 | BB22: -7974.318 | BC22: -18196.583 | BD22: -5914.0866 | BE22: -8773.4847 | BF22: -5313.8211 | BG22: -10495.806 | BH22: -2588.9335 | BI22: -10755.29 | BJ22: -3439.8558 | BK22: 8493.1137 | BL22: -15485.854 | BM22: -5586.7163 | BN22: -6801.0488 | BO22: -19170.635 | BP22: -7906.0214 | BQ22: -8365.5743 | BR22: -6279.0603 | BS22: -7140.3023 | BT22: -2676.9761 | BU22: -12370.274 | BV22: -6951.6571 | BW22: 10656.14 | BX22: -20522.828 | BY22: -7804.0161 | BZ22: -13192.517 | CA22: -19794.233 | CB22: -8523.904 | CC22: -10376.925 | CD22: -10775.701 | CE22: -9786.4684 | CF22: -6860.1847 | CG22: -17865.81 | CH22: 967.1534 | CI22: 20951.789 | CJ22: -7212.3289 | CK22: -3383.8972 | CL22: -8148.27 | CM22: -11875.499 | CN22: -2112.565 | CO22: -3361.6781 | CP22: -2415.6565 | CQ22: -5485.322 | CR22: 5418.7014 | CS22: -13762.984 | CT22: -12273.807 | CU22: -155.53905 | CV22: -16083.959 | CW22: -3174.7381 | CX22: 158.60237 | CY22: -20289.651 | CZ22: -487.18825 | DA22: -2179.326 | DB22: -1531.7741 | DC22: -5193.4234 | DD22: -28157.017 | DE22: -9738.0262 | DF22: -4166.3799 | DG22: -10853.159 | DH22: -17748.189 | DI22: -7913.1061 | DJ22: -13600.38 | DK22: -18052.364 | DL22: -7505.7541 | DM22: -13369.929 | DN22: -13789.247 | DO22: -4561.3826 | DP22: -8096.4771 | DQ22: -13935.614 | DR22: -8204.3478 | DS22: -1933.6908 | DT22: -26016.01 | DU22: -9514.27 | DV22: -10441.919 | DW22: -14239.705 | DX22: -2652.9812 | DY22: -2794.2207 | DZ22: -5569.5347 | EA22: -2996.6078 | EB22: -1590.5904 | EC22: -12398.405 | ED22: 5515.3596 | EE22: -22252.309 | EF22: -30251.41 | EG22: 3031.3348 | EH22: -3500.0179 | EI22: -10328.338 | EJ22: -5680.9621 | EK22: -5428.5588 | EL22: -2286.7905 | EM22: 431.86782 | EN22: 9047.8668 | EO22: -6188.4126 | EP22: -29745.36 | EQ22: -10407.34 | ER22: -19921.301 | ES22: -2130.2244 | ET22: -3579.5743 | EU22: -16895.802 | EV22: 11046.363 | EW22: 2100.4786 | EX22: 4715.1422 | EY22: 14460.018 | EZ22: 25490.985 | FA22: -3728.6374 | FB22: 8084.2222 | FC22: 12894.236 | FD22: -21062.814 | FE22: 2299.653 | FF22: -239.35863 | FG22: -13445.008 | FH22: 6900.4124 | FI22: 9323.1474 | FJ22: 10018.645 | FK22: 7309.9834 | FL22: 7318.3287 | FM22: 11530.192 | FN22: 19566.964 | FO22: 71728.727 | FP22: -27912.843 | FQ22: 23039.955 | FR22: 10643.529 | FS22: -10181.711 | FT22: 18125.331 | FU22: 10061.414 | FV22: 12816.073 | FW22: 22266.948 | FX22: 26642.64 | FY22: -39588.913 | FZ22: 39140.824 | GA22: 70737.361 | GB22: -36712.038 | GC22: 23467.751 | GD22: 11046.957 | GE22: -12908.192 | GF22: 30736.429 | GG22: 19552.381 | GH22: 16137.851 | GI22: 9529.0319 | GJ22: 21259.453 | GK22: -4757.5844 | GL22: 909.18062 | GM22: 32321.456 | GN22: -46940.139 | GO22: 17413.544 | GP22: 25135.278 | GQ22: -2899.908 | GR22: 8224.0528 | GS22: 13491.199 | GT22: 3400.6474
A23: Juros nominais | C23: 8318.6552 | D23: 8110.6962 | E23: 8360.1696 | F23: 7095.7604 | G23: 7012.6402 | H23: 8788.0369 | I23: 6879.8216 | J23: 4986.183 | K23: 9339.5055 | L23: 11814.648 | M23: 14557.479 | N23: 9287.7497 | O23: 17036.881 | P23: 17684.166 | Q23: 14513.059 | R23: 12667.889 | S23: 6076.9618 | T23: 13620.996 | U23: 8974.8016 | V23: 14988.611 | W23: 13137.111 | X23: 11776.435 | Y23: 9636.5291 | Z23: 12718.398 | AA23: 8799.8684 | AB23: 11039.802 | AC23: 10161.24 | AD23: 10207.504 | AE23: 10020.345 | AF23: 10908.01 | AG23: 9895.9112 | AH23: 10234.48 | AI23: 11947.758 | AJ23: 11379.89 | AK23: 11248.624 | AL23: 10083.778 | AM23: 11396.977 | AN23: 12194.097 | AO23: 11658.473 | AP23: 13960.864 | AQ23: 13624.756 | AR23: 13746.399 | AS23: 15194.634 | AT23: 12274.604 | AU23: 13495.456 | AV23: 14261.685 | AW23: 13488.211 | AX23: 12937.603 | AY23: 11257.181 | AZ23: 17908.808 | BA23: 13350.266 | BB23: 13185.021 | BC23: 12824.207 | BD23: 7858.1716 | BE23: 17206.908 | BF23: 13688.462 | BG23: 15702.294 | BH23: 11263.232 | BI23: 13417.235 | BJ23: 12343.178 | BK23: 13177.385 | BL23: 14183.929 | BM23: 11229.836 | BN23: 14156.114 | BO23: 12769.485 | BP23: 17068.062 | BQ23: 10951.037 | BR23: 14347.684 | BS23: 11178.623 | BT23: 15691.086 | BU23: 16154.613 | BV23: 12315.478 | BW23: 12492.522 | BX23: 13391.451 | BY23: 15739.961 | BZ23: 11618.069 | CA23: 15175.84 | CB23: 16442.741 | CC23: 17270.579 | CD23: 19102.102 | CE23: 12825.894 | CF23: 6236.9791 | CG23: 9434.3565 | CH23: 11057.691 | CI23: 17215.172 | CJ23: 15049.404 | CK23: 10582.961 | CL23: 14857.917 | CM23: 13051.23 | CN23: 12738.797 | CO23: 13646.574 | CP23: 16319.477 | CQ23: 13344.551 | CR23: 16808.964 | CS23: 14969.205 | CT23: 15266.399 | CU23: 14375.446 | CV23: 14128.962 | CW23: 14263.478 | CX23: 17008.964 | CY23: 14617.387 | CZ23: 16342.456 | DA23: 15843.753 | DB23: 16947.242 | DC23: 15892.678 | DD23: 16159.174 | DE23: 16104.505 | DF23: 18524.986 | DG23: 19535.674 | DH23: 19280.554 | DI23: 19115.243 | DJ23: 20548.911 | DK23: 19640.598 | DL23: 22174.828 | DM23: 18987.554 | DN23: 18796.636 | DO23: 21662.702 | DP23: 17267.303 | DQ23: 20257.531 | DR23: 18367.815 | DS23: 20573.631 | DT23: 19661.313 | DU23: 18268.827 | DV23: 21037.405 | DW23: 17223.598 | DX23: 18716.991 | DY23: 16118.87 | DZ23: 17435.151 | EA23: 19118.056 | EB23: 13844.225 | EC23: 17005.211 | ED23: 16331.03 | EE23: 19102.116 | EF23: 22649.258 | EG23: 20250.594 | EH23: 19359.179 | EI23: 18007.672 | EJ23: 20199.549 | EK23: 17626.988 | EL23: 23393.45 | EM23: 21871.021 | EN23: 13848.485 | EO23: 17716.724 | EP23: 29920.132 | EQ23: 24012.639 | ER23: 30399.309 | ES23: 11645.895 | ET23: 16601.534 | EU23: 21511.14 | EV23: 21397.339 | EW23: 18691.115 | EX23: 27995.852 | EY23: 17016.414 | EZ23: 43884.605 | FA23: 21507.608 | FB23: 33522.024 | FC23: 47207.587 | FD23: 18021.545 | FE23: 56337.057 | FF23: 69488.633 | FG23: 2212.7925 | FH23: 52877.023 | FI23: 26933.069 | FJ23: 62752.923 | FK23: 49703.211 | FL23: 69993.08 | FM23: 17883.742 | FN23: 23490.132 | FO23: 52092.709 | FP23: 56218.267 | FQ23: 29787.289 | FR23: -648.473 | FS23: 23344.573 | FT23: 42497.647 | FU23: 22112.504 | FV23: 40587.32 | FW23: 40676.331 | FX23: 40457.782 | FY23: 36204.94 | FZ23: 41286.678 | GA23: 34499.429 | GB23: 36412.653 | GC23: 30775.899 | GD23: 43301.839 | GE23: 28330.718 | GF23: 36252.11 | GG23: 31510.813 | GH23: 28481.693 | GI23: 36012.047 | GJ23: 32049.085 | GK23: 35251.085 | GL23: 29128.765 | GM23: 33319.069 | GN23: 28314.033 | GO23: 28392.608 | GP23: 32495.804 | GQ23: 29651.04 | GR23: 39672.181 | GS23: 44449.967 | GT23: 25761.656
A24: Ajuste cambial | C24: -26791.509 | D24: 12622.433 | E24: -9083.6663 | F24: -3216.9541 | G24: 4986.4176 | H24: 20318.646 | I24: 40786.129 | J24: 67519.635 | K24: -45916.32 | L24: 98081.632 | M24: -27998.046 | N24: -1260.1765 | O24: -10859.096 | P24: -985.565 | Q24: 3833.5556 | R24: -21522.522 | S24: -46519.253 | T24: 7513.9602 | U24: -9150.8113 | V24: 8964.8384 | W24: 106.71587 | X24: -4114.8131 | Y24: -6361.1387 | Z24: 8736.6537 | AA24: -5616.1083 | AB24: 4486.0695 | AC24: -2403.5469 | AD24: -466.44432 | AE24: 2899.5508 | AF24: 14865.309 | AG24: -1732.5743 | AH24: -6466.1371 | AI24: -7363.1589 | AJ24: -5924.5629 | AK24: -167.00475 | AL24: -9781.2466 | AM24: -5659.0652 | AN24: -1865.6789 | AO24: -2057.5034 | AP24: 4788.8713 | AQ24: -8196.3189 | AR24: -7693.0299 | AS24: -3160.5311 | AT24: 2337.6841 | AU24: -1522.5613 | AV24: -8019.6201 | AW24: 1830.8188 | AX24: -2349.7316 | AY24: 5724.4546 | AZ24: -4794.3545 | BA24: -2842.6588 | BB24: 1141.52 | BC24: -2283.5001 | BD24: 4846.8359 | BE24: -2817.0361 | BF24: 308.97528 | BG24: -504.82983 | BH24: 371.72938 | BI24: -213.03974 | BJ24: -12.430383 | BK24: 142.39937 | BL24: 156.41517 | BM24: -145.09383 | BN24: 1817.9171 | BO24: 482.83581 | BP24: 5421.6357 | BQ24: 218.79576 | BR24: 3430.7744 | BS24: -6689.2244 | BT24: 10611.863 | BU24: 8588.8338 | BV24: -3814.7688 | BW24: 1315.5608 | BX24: 1261.4127 | BY24: 8904.3079 | BZ24: -7880.3698 | CA24: 7488.3747 | CB24: 7161.6502 | CC24: 4741.663 | CD24: 3305.8792 | CE24: -8910.6862 | CF24: -37451.962 | CG24: -27300.365 | CH24: -29204.561 | CI24: -541.14122 | CJ24: 2896.5794 | CK24: -7984.5572 | CL24: 8114.5943 | CM24: 17981.965 | CN24: 27120.919 | CO24: 2881.8904 | CP24: 10984.298 | CQ24: -2027.7569 | CR24: 15584.678 | CS24: 4953.6282 | CT24: -1130.4317 | CU24: 1510.1338 | CV24: -25265.874 | CW24: 12157.868 | CX24: 5753.043 | CY24: 9897.0335 | CZ24: -17070.601 | DA24: 3068.2406 | DB24: 9082.74 | DC24: 256.92372 | DD24: 13278.498 | DE24: -1791.2876 | DF24: -3433.7511 | DG24: 11743.884 | DH24: -1682.1523 | DI24: 3078.0977 | DJ24: 8669.5107 | DK24: 14952.881 | DL24: -1658.5733 | DM24: 5473.339 | DN24: 1444.5064 | DO24: -9091.3873 | DP24: -80921.955 | DQ24: 50460.945 | DR24: -37527.495 | DS24: -19824.075 | DT24: 41893.167 | DU24: 9229.3053 | DV24: -35209.232 | DW24: -23044.686 | DX24: -42208.58 | DY24: 358.71882 | DZ24: -9424.4549 | EA24: 4201.0989 | EB24: 2178.2716 | EC24: -264.1217 | ED24: -25164.778 | EE24: 20895.36 | EF24: 17843.216 | EG24: 4139.951 | EH24: -12454.955 | EI24: 3944.0573 | EJ24: -42044.733 | EK24: -26748.168 | EL24: -23901.529 | EM24: -26350.971 | EN24: 45479.415 | EO24: 8655.9258 | EP24: -38883.52 | EQ24: -5601.9121 | ER24: -26491.783 | ES24: 29521.978 | ET24: 22206.846 | EU24: 8527.6117 | EV24: -951.57447 | EW24: 11534.429 | EX24: -20490.903 | EY24: 8683.5064 | EZ24: -65547.131 | FA24: 2095.4777 | FB24: -35697.119 | FC24: -29465.842 | FD24: -1822.577 | FE24: -65757.44 | FF24: -100629.05 | FG24: 65610.044 | FH24: -57308.702 | FI24: 23711.205 | FJ24: -90708.308 | FK24: -78693.977 | FL24: -101745.2 | FM24: 35600.12 | FN24: 2722.4874 | FO24: -16721.507 | FP24: -42271.74 | FQ24: 19247.45 | FR24: 129173.11 | FS24: 33448.565 | FT24: -44521.619 | FU24: 118772.31 | FV24: -9045.8541 | FW24: -386.67936 | FX24: -1812.0484 | FY24: 20070.734 | FZ24: -65796.754 | GA24: 41680.64 | GB24: 40275.981 | GC24: 8501.0524 | GD24: -21152.535 | GE24: -9162.4036 | GF24: -13860.49 | GG24: -19761.4 | GH24: 54703.51 | GI24: -5071.2378 | GJ24: -6410.6832 | GK24: -33340.985 | GL24: 4673.7692 | GM24: -14251.234 | GN24: 44611.992 | GO24: -25256.831 | GP24: -24063.741 | GQ24: -47901.945 | GR24: -77793.988 | GS24: -36208.318 | GT24: 30757.012
A25: Dívida interna indexada ao câmbio | C25: -15330.11 | D25: =D9-C9 -> 7321.6176 | E25: =E9-D9 -> -5368.6511 | F25: =F9-E9 -> -1903.9809 | G25: =G9-F9 -> 2882.4759 | H25: =H9-G9 -> 11692.32 | I25: =I9-H9 -> 23251.784 | J25: =J9-I9 -> 34317.698 | K25: =K9-J9 -> -22291.714 | ... FC25: =FC9-FB9 -> -907.60794 | FD25: -61.058309 | FE25: -2086.5677 | FF25: -3215.5276 | FG25: 2133.4065 | FH25: -2441.3869 | FI25: 1145.4581 | FJ25: -4433.1735 | FK25: -3833.7699 | FL25: -4941.6202 | FM25: 1730.5864 | FN25: 124.39787 | FO25: -688.78376 | FP25: -1564.5243 | FQ25: 473.32727 | FR25: 3179.6784 | FS25: 824.20481 | FT25: -1096.8777 | FU25: 2887.5859 | FV25: -218.64033 | FW25: -19.1715 | FX25: -48.609362 | FY25: 480.09509 | FZ25: -1533.9257 | GA25: 943.05299 | GB25: 871.5663 | GC25: 175.67446 | GD25: -395.97995 | GE25: -97.095491 | GF25: -193.67981 | GG25: -269.89663 | GH25: 681.20573 | GI25: -60.535995 | GJ25: -24.759733 | GK25: -234.57381 | GL25: 34.829061 | GM25: -72.564027 | GN25: 142.24746 | GO25: -65.560163 | GP25: -9.6776672 | GQ25: 29.815754 | GR25: 86.867975 | GS25: -220.00857 | GT25: 292.76035
A26: Dívida externa - metodológico | C26: -11461.399 | D26: 5300.8153 | E26: -3715.0152 | F26: -1312.9732 | G26: 2103.9417 | H26: 8626.3258 | I26: 17534.345 | J26: 33201.936 | K26: -23624.606 | L26: 54736.408 | M26: -16201.27 | N26: -561.39453 | O26: -6769.5751 | P26: -584.04695 | Q26: 2375.9979 | R26: -13785.842 | S26: -30320.019 | T26: 4978.1707 | U26: -6149.006 | V26: 6147.4193 | W26: 53.787028 | X26: -2848.1046 | Y26: -4450.2003 | Z26: 6143.4805 | AA26: -3961.3744 | AB26: 3098.8956 | AC26: -1687.9407 | AD26: -325.7065 | AE26: 2067.6858 | AF26: 10629.779 | AG26: -1264.14 | AH26: -4724.2275 | AI26: -5501.7383 | AJ26: -4465.2318 | AK26: -121.1256 | AL26: -7637.183 | AM26: -4446.8797 | AN26: -1501.0541 | AO26: -1629.3926 | AP26: 3800.8334 | AQ26: -6337.0727 | AR26: -5956.7265 | AS26: -2428.4686 | AT26: 1788.0374 | AU26: -1154.9029 | AV26: -6060.1234 | AW26: 1383.7741 | AX26: -1754.2694 | AY26: 4220.5622 | AZ26: -3383.4277 | BA26: -1930.1885 | BB26: 731.85286 | BC26: -1382.245 | BD26: 2584.1755 | BE26: -1354.7159 | BF26: 181.85309 | BG26: -99.12929 | BH26: -6.6225659 | BI26: 80.178728 | BJ26: -188.62544 | BK26: 332.94411 | BL26: 245.11711 | BM26: -102.08737 | BN26: 2271.6487 | BO26: 593.60268 | BP26: 6113.0757 | BQ26: 236.77102 | BR26: 3752.5272 | BS26: -7245.5433 | BT26: 11427.937 | BU26: 9211.5035 | BV26: -4073.6389 | BW26: 1396.8893 | BX26: 1333.7271 | BY26: 9411.1853 | BZ26: -8315.9248 | CA26: 7898.9052 | CB26: 7539.1083 | CC26: 4986.7151 | CD26: 3455.8865 | CE26: -9312.4294 | CF26: -39104.317 | CG26: -28482.694 | CH26: -30452.821 | CI26: -563.21778 | CJ26: 3016.1235 | CK26: -8345.7594 | CL26: 8481.5482 | CM26: 18772.044 | CN26: 28287.736 | CO26: 3003.9062 | CP26: 11437.035 | CQ26: -2108.037 | CR26: 16208.879 | CS26: 5150.8709 | CT26: -1167.2459 | CU26: 1562.7287 | CV26: -22732.376 | CW26: 10949.179 | CX26: 5184.2979 | CY26: 8926.8497 | CZ26: -15390.159 | DA26: 2770.3868 | DB26: 8210.3118 | DC26: 232.88017 | DD26: 12049 | DE26: -1643.1097 | DF26: -3135.6236 | DG26: 10741.772 | DH26: -1539.0885 | DI26: 2836.6668 | DJ26: 8003.8341 | DK26: 13814.329 | DL26: -1513.1499 | DM26: 5093.3938 | DN26: 1367.8496 | DO26: -8545.889 | DP26: -76283.147 | DQ26: 47550.49 | DR26: -35368.94 | DS26: -18637.52 | DT26: 39355.376 | DU26: 8673.8007 | DV26: -33106.647 | DW26: -21260.959 | DX26: -40232.112 | DY26: 334.6261 | DZ26: -8874.1971 | EA26: 3955.7399 | EB26: 2051.6335 | EC26: -248.16388 | ED26: -23664.56 | EE26: 19626.131 | EF26: 16747.763 | EG26: 3886.1162 | EH26: -11697.597 | EI26: 3704.6649 | EJ26: -39663.996 | EK26: -25331.455 | EL26: -22690.417 | EM26: -25009.985 | EN26: 43379.371 | EO26: 8376.4654 | EP26: -37571.375 | EQ26: -5409.6644 | ER26: -25533.251 | ES26: 28462.497 | ET26: 21558.637 | EU26: 8280.1364 | EV26: -926.68548 | EW26: 11227.244 | EX26: -19938.215 | EY26: 8437.6734 | EZ26: -63657.068 | FA26: 2033.2983 | FB26: -34625.414 | FC26: -28558.234 | FD26: -1761.5187 | FE26: -63670.873 | FF26: -97413.52 | FG26: 63476.638 | FH26: -54867.315 | FI26: 22565.747 | FJ26: -86275.135 | FK26: -74860.207 | FL26: -96803.584 | FM26: 33869.533 | FN26: 2598.0895 | FO26: -16032.724 | FP26: -40707.216 | FQ26: 18774.123 | FR26: 125993.43 | FS26: 32624.361 | FT26: -43424.741 | FU26: 115884.73 | FV26: -8827.2137 | FW26: -367.50786 | FX26: -1763.439 | FY26: 19590.639 | FZ26: -64262.829 | GA26: 40737.587 | GB26: 39404.415 | GC26: 8325.378 | GD26: -20756.555 | GE26: -9065.3081 | GF26: -13666.81 | GG26: -19491.503 | GH26: 54022.304 | GI26: -5010.7018 | GJ26: -6385.9234 | GK26: -33106.411 | GL26: 4638.9401 | GM26: -14178.67 | GN26: 44469.744 | GO26: -25191.27 | GP26: -24054.064 | GQ26: -47931.761 | GR26: -77880.856 | GS26: -35988.309 | GT26: 30464.252
A27: Dívida externa - outros ajustes2/ | C27: 16.257127 | D27: 680.56373 | E27: -4076.4036 | F27: -245.23556 | G27: 869.8725 | H27: 72.13981 | I27: -2229.3909 | J27: 2015.6599 | K27: 5625.7367 | L27: 1062.1811 | M27: 772.81581 | N27: -1264.6897 | O27: -3204.5884 | P27: -1059.7891 | Q27: 4875.555 | R27: -1142.868 | S27: 1090.3627 | T27: 790.73124 | U27: 513.57026 | V27: 1219.7443 | W27: 5060.0257 | X27: 259.87513 | Y27: 2562.7147 | Z27: -402.17166 | AA27: 1584.4941 | AB27: 205.98337 | AC27: 397.33594 | AD27: -2509.3034 | AE27: 1283.1015 | AF27: 810.5454 | AG27: 1537.841 | AH27: -15.297493 | AI27: 1077.3756 | AJ27: -522.16643 | AK27: 2396.8196 | AL27: 1933.2983 | AM27: -580.00202 | AN27: 1.89063 | AO27: -815.29774 | AP27: -746.22621 | AQ27: 1178.9181 | AR27: 527.7462 | AS27: -1256.9504 | AT27: 473.38687 | AU27: 225.90446 | AV27: -205.26694 | AW27: 1041.7858 | AX27: -622.7348 | AY27: -1198.3251 | AZ27: 1546.4438 | BA27: 1150.11 | BB27: 363.974 | BC27: 1166.6216 | BD27: 197.50452 | BE27: -423.72807 | BF27: 250.11586 | BG27: 497.91028 | BH27: -266.2331 | BI27: 147.30875 | BJ27: -1297.9359 | BK27: -254.43775 | BL27: 1600.8308 | BM27: 1639.5743 | BN27: 1534.1551 | BO27: 1759.7694 | BP27: 2030.9563 | BQ27: -94.107031 | BR27: -887.37618 | BS27: -2324.2716 | BT27: -1258.4197 | BU27: -279.1394 | BV27: -4827.8888 | BW27: -1145.8195 | BX27: -5450.3021 | BY27: -1771.3868 | BZ27: -1735.539 | CA27: 6794.5666 | CB27: 3124.5846 | CC27: -465.62974 | CD27: 351.6977 | CE27: -470.23465 | CF27: -3943.2786 | CG27: -729.08244 | CH27: -11402.369 | CI27: -10697.088 | CJ27: 8627.2603 | CK27: 3729.4503 | CL27: -5539.7008 | CM27: 4352.0267 | CN27: -721.77127 | CO27: 1338.8271 | CP27: 956.87489 | CQ27: 213.16194 | CR27: -943.04439 | CS27: -209.53122 | CT27: -2659.1949 | CU27: 1762.3327 | CV27: 640.06535 | CW27: 995.79491 | CX27: 684.87285 | CY27: 34.16814 | CZ27: 2809.509 | DA27: -1582.4673 | DB27: -1984.7025 | DC27: 1131.0968 | DD27: -3017.9527 | DE27: -1301.6869 | DF27: 3464.1166 | DG27: -339.69727 | DH27: 604.01915 | DI27: -1085.3759 | DJ27: 53.857267 | DK27: -5694.9342 | DL27: -230.13731 | DM27: 743.78501 | DN27: -3417.8842 | DO27: -3219.2332 | DP27: 4948.0762 | DQ27: -4041.4476 | DR27: 2472.533 | DS27: -230.069 | DT27: -2400.7413 | DU27: 342.16786 | DV27: 1920.5189 | DW27: -2604.5165 | DX27: 4972.0627 | DY27: -1764.757 | DZ27: -2465.8588 | EA27: -1965.3429 | EB27: -2547.1708 | EC27: 2673.9387 | ED27: -1988.4587 | EE27: 817.46199 | EF27: 3954.384 | EG27: 2703.0492 | EH27: -503.66016 | EI27: -2561.546 | EJ27: 8571.6377 | EK27: 7321.3453 | EL27: -3492.7986 | EM27: 3383.2945 | EN27: -5778.2005 | EO27: -563.47254 | EP27: 1332.9331 | EQ27: 3232.8077 | ER27: 2828.8841 | ES27: -2942.4525 | ET27: 994.30971 | EU27: -2393.6432 | EV27: -962.55568 | EW27: -2290.1897 | EX27: 5152.3167 | EY27: 1093.1425 | EZ27: 6960.5063 | FA27: -762.80662 | FB27: 899.69619 | FC27: 3904.0904 | FD27: 7094.7387 | FE27: -568.80978 | FF27: 2068.5036 | FG27: -3974.6265 | FH27: 3032.0554 | FI27: -506.37389 | FJ27: 6407.4206 | FK27: 762.31908 | FL27: -655.65744 | FM27: -812.38505 | FN27: 7716.3585 | FO27: 1266.7789 | FP27: -1632.7625 | FQ27: -6288.2821 | FR27: -9643.5942 | FS27: -3760.2993 | FT27: 7414.9088 | FU27: -4657.2089 | FV27: 229.10965 | FW27: 2640.1874 | FX27: -2796.3432 | FY27: 7068.4345 | FZ27: 6222.0006 | GA27: 3179.7564 | GB27: -5022.4254 | GC27: -749.09417 | GD27: 1021.3326 | GE27: -1328.1043 | GF27: -3179.6582 | GG27: -1029.5529 | GH27: -5663.1673 | GI27: -1679.8018 | GJ27: 2547.4666 | GK27: 3602.0357 | GL27: 6.8876938 | GM27: -2086.4112 | GN27: -1068.2591 | GO27: 4805.1614 | GP27: -2851.4011 | GQ27: 4438.7068 | GR27: -2261.1869 | GS27: 2357.886 | GT27: 5357.2636
A28: Reconhecimento de dívidas | C28: 31223.713 | D28: =D12-C12 -> 866.2169 | E28: =E12-D12 -> 4109.051 | F28: =F12-E12 -> 117.82423 | G28: =G12-F12 -> 1.38895 | H28: =H12-G12 -> 2.22906 | I28: =I12-H12 -> 1137.0382 | J28: =J12-I12 -> -2114.976 | K28: =K12-J12 -> -149.22106 | ... FC28: =FC12-FB12 -> -295 | FD28: -369 | FE28: -256 | FF28: -94 | FG28: -358 | FH28: 462 | FI28: -318 | FJ28: -462 | FK28: 30 | FL28: 1179 | FM28: 2293.023 | FN28: 1500.496 | FO28: 1011.3 | FP28: 116 | FQ28: -420 | FR28: -1453 | FS28: -1083 | FT28: -997 | FU28: 4283.6836 | FV28: -2415 | FW28: 1246 | FX28: -940 | FY28: -685 | FZ28: 314.48098 | GA28: -408.66107 | GB28: -311 | GC28: -632 | GD28: -1418.8168 | GE28: -518 | GF28: 162 | GG28: 7480.1654 | GH28: -478 | GI28: 791.76171 | GJ28: 2960.6422 | GK28: -251 | GL28: 264 | GM28: 92 | GN28: -924 | GO28: -474 | GP28: 855 | GQ28: 1438.0327 | GR28: 732.578 | GS28: -104 | GT28: -2431.9417
A29: Privatizações | C29: -789.3 | D29: =D13-C13 -> -182.914 | E29: -864 | F29: 0 | G29: 0 | H29: -2590.276 | I29: 0 | J29: 0 | K29: 0 | L29: 0 | M29: 0 | N29: 0 | O29: 0 | P29: 0 | Q29: 0 | R29: 0 | S29: 0 | T29: 0 | U29: 0 | V29: 0 | W29: 0 | X29: 0 | Y29: 0 | Z29: 0 | AA29: 0 | AB29: 0 | AC29: -78.00187 | AD29: 0 | AE29: 0 | AF29: 0 | AG29: 0 | AH29: 0 | AI29: 0 | AJ29: 0 | AK29: 0 | AL29: -675 | AM29: 0 | AN29: 0 | AO29: 0 | AP29: 0 | AQ29: 0 | AR29: 0 | AS29: 0 | AT29: 0 | AU29: 0 | AV29: 0 | AW29: 0 | AX29: -953.95599 | AY29: 0 | AZ29: -700 | BA29: 116.6559 | BB29: 0 | BC29: 0 | BD29: 0 | BE29: 0 | BF29: -1213.1696 | BG29: -252.93466 | BH29: 0 | BI29: 0 | BJ29: 0 | BK29: 0 | BL29: 0 | BM29: 0 | BN29: 0 | BO29: 0 | BP29: 0 | BQ29: 0 | BR29: -1264.9576 | BS29: 0 | BT29: 0 | BU29: 0 | BV29: 0 | BW29: 0 | BX29: 0 | BY29: 0 | BZ29: 0 | CA29: 0 | CB29: 0 | CC29: 0 | CD29: 0 | CE29: 0 | CF29: 0 | CG29: 0 | CH29: -685 | CI29: -81.68 | CJ29: 0 | CK29: 0 | CL29: -310.93 | CM29: -313.421 | CN29: -315.7305 | CO29: -318.40887 | CP29: -320.75447 | CQ29: -323.03407 | CR29: -325.38222 | CS29: -327.74743 | CT29: -329.80395 | CU29: -332.20131 | CV29: -334.39572 | CW29: -336.82633 | CX29: -338.82825 | CY29: -341.29121 | CZ29: -343.49769 | DA29: -346.20201 | DB29: -349.1375 | DC29: -352.04643 | DD29: 0 | DE29: 0 | DF29: 0 | DG29: 0 | DH29: 0 | DI29: 0 | DJ29: 0 | DK29: 0 | DL29: 0 | DM29: 0 | DN29: 0 | DO29: 0 | DP29: 0 | DQ29: 0 | DR29: 0 | DS29: 0 | DT29: 0 | DU29: 0 | DV29: 0 | DW29: 0 | DX29: 0 | DY29: 0 | DZ29: 0 | EA29: 0 | EB29: 0 | EC29: 0 | ED29: 0 | EE29: 0 | EF29: 0 | EG29: 0 | EH29: 0 | EI29: 0 | EJ29: 0 | EK29: 0 | EL29: 0 | EM29: -547.40892 | EN29: 0 | EO29: 0 | EP29: 0 | EQ29: 0 | ER29: 0 | ES29: 0 | ET29: 0 | EU29: 0 | EV29: 0 | EW29: 0 | EX29: 0 | EY29: 0 | EZ29: 0 | FA29: 0 | FB29: 0 | FC29: 0 | FD29: 0 | FE29: 0 | FF29: 0 | FG29: 0 | FH29: 0 | FI29: 0 | FJ29: 0 | FK29: 0 | FL29: 0 | FM29: 0 | FN29: 0 | FO29: 0 | FP29: 0 | FQ29: 0 | FR29: 0 | FS29: 0 | FT29: 0 | FU29: 0 | FV29: 0 | FW29: 0 | FX29: 0 | FY29: 0 | FZ29: 0 | GA29: -881.97758 | GB29: 0 | GC29: -1104.3034 | GD29: 0 | GE29: 0 | GF29: 0 | GG29: 0 | GH29: 0 | GI29: 0 | GJ29: 0 | GK29: 0 | GL29: 0 | GM29: 0 | GN29: 0 | GO29: 0 | GP29: 0 | GQ29: 0 | GR29: 0 | GS29: 0 | GT29: 0
A31: PIB acumulado em doze meses - corrente | C31: 1315755.5 | D31: 1325599.6 | E31: 1335441.4 | F31: 1345582.3 | G31: 1358396.3 | H31: 1370746.6 | I31: 1389221.6 | J31: 1405319.2 | K31: 1420054.7 | L31: 1436491.7 | M31: 1453478.1 | N31: 1471562.8 | O31: 1488787.3 | P31: 1503589.9 | Q31: 1523486.4 | R31: 1543732.2 | S31: 1564734.4 | T31: 1580787.7 | U31: 1595356.7 | V31: 1614470.7 | W31: 1631490 | X31: 1654912 | Y31: 1676712.4 | Z31: 1694390.2 | AA31: 1717950.4 | AB31: 1735331.5 | AC31: 1746819.2 | AD31: 1765492.2 | AE31: 1781058 | AF31: 1800951.1 | AG31: 1828299.9 | AH31: 1853700.2 | AI31: 1878059.7 | AJ31: 1894202.4 | AK31: 1909813 | AL31: 1933090.2 | AM31: 1957751.2 | AN31: 1976732.7 | AO31: 1994573 | AP31: 2012678.1 | AQ31: 2032903.1 | AR31: 2050900.9 | AS31: 2066440.5 | AT31: 2079143.4 | AU31: 2097211 | AV31: 2114047.4 | AW31: 2132693.9 | AX31: 2150566.8 | AY31: 2170584.5 | AZ31: 2192609.2 | BA31: 2210389.8 | BB31: 2225144.6 | BC31: 2232996.3 | BD31: 2253374 | BE31: 2271564.1 | BF31: 2294464.8 | BG31: 2317036.2 | BH31: 2336552.6 | BI31: 2361641.3 | BJ31: 2386570.9 | BK31: 2409449.9 | BL31: 2435015.7 | BM31: 2459237.3 | BN31: 2486602.5 | BO31: 2516700.4 | BP31: 2545363.7 | BQ31: 2575280.3 | BR31: 2602129.8 | BS31: 2627330.9 | BT31: 2649278.5 | BU31: 2676946.2 | BV31: 2699161 | BW31: 2720262.9 | BX31: 2746380.5 | BY31: 2776357.9 | BZ31: 2800895.2 | CA31: 2834561.9 | CB31: 2862962.2 | CC31: 2899765.6 | CD31: 2944038.6 | CE31: 2978255.1 | CF31: 3020522.3 | CG31: 3059105.4 | CH31: 3087863.3 | CI31: 3109803.1 | CJ31: 3122486.9 | CK31: 3133825.8 | CL31: 3153874.9 | CM31: 3164637.6 | CN31: 3178019.7 | CO31: 3187927.3 | CP31: 3195270.9 | CQ31: 3210275.9 | CR31: 3228168 | CS31: 3249541.6 | CT31: 3283901.4 | CU31: 3333039.4 | CV31: 3372087.7 | CW31: 3413806.6 | CX31: 3463309.6 | CY31: 3510858.7 | CZ31: 3558543.7 | DA31: 3603877 | DB31: 3650909.3 | DC31: 3700894 | DD31: 3748968.6 | DE31: 3792038.4 | DF31: 3843656.3 | DG31: 3885847 | DH31: 3930197.1 | DI31: 3979575.5 | DJ31: 4015980.1 | DK31: 4058127.9 | DL31: 4108533.5 | DM31: 4158546.8 | DN31: 4199407.4 | DO31: 4242188 | DP31: 4272945.8 | DQ31: 4306822.5 | DR31: 4340097.9 | DS31: 4376382 | DT31: 4410804.5 | DU31: 4443541.7 | DV31: 4489330.1 | DW31: 4522659 | DX31: 4557322.6 | DY31: 4585748.1 | DZ31: 4627801.2 | EA31: 4671523 | EB31: 4703862.8 | EC31: 4748427.5 | ED31: 4782967.9 | EE31: 4814760 | EF31: 4861585.7 | EG31: 4892830.5 | EH31: 4926881.4 | EI31: 4983739.5 | EJ31: 5022317.4 | EK31: 5066319.1 | EL31: 5110505.3 | EM31: 5143998.6 | EN31: 5189998.1 | EO31: 5235116.9 | EP31: 5278940.7 | EQ31: 5331619 | ER31: 5377621.7 | ES31: 5434673.5 | ET31: 5476093.2 | EU31: 5512988.4 | EV31: 5554029 | EW31: 5575899.7 | EX31: 5606609.3 | EY31: 5638264 | EZ31: 5683883.4 | FA31: 5718125.6 | FB31: 5747796.2 | FC31: 5778953 | FD31: 5799372 | FE31: 5810147.8 | FF31: 5849467.3 | FG31: 5866615.5 | FH31: 5877104.7 | FI31: 5907087.6 | FJ31: 5927827.3 | FK31: 5943110.7 | FL31: 5953164.4 | FM31: 5968181.5 | FN31: 5982753.8 | FO31: 5995787 | FP31: 6003728 | FQ31: 6027709 | FR31: 6036767.5 | FS31: 6051740.5 | FT31: 6072706.3 | FU31: 6112556.4 | FV31: 6132706.3 | FW31: 6164162.6 | FX31: 6178838.3 | FY31: 6185937.2 | FZ31: 6213957 | GA31: 6259227.8 | GB31: 6296900 | GC31: 6320104.9 | GD31: 6346698.1 | GE31: 6363444.4 | GF31: 6400203.7 | GG31: 6421855.1 | GH31: 6448224.4 | GI31: 6471161.4 | GJ31: 6488752.9 | GK31: 6512243.9 | GL31: 6537481.1 | GM31: 6559940.3 | GN31: 6586990 | GO31: 6602485 | GP31: 6616011.2 | GQ31: 6660461.2 | GR31: 6672307 | GS31: 6678340.3 | GT31: 6734017.4
A33: 1/ Os fatores condicionantes da dívida líquida como percentual do PIB consideram o total dos fatores, dividido pelo PIB corrente acumulado nos últimos 12 meses, segundo a fórmula:
A34: (∑FatoresCondicionantes/PIB12MesesCorrentes)*100. Não reflete a variação da dívida em percentagem do PIB.
A35: 2/ Inclui ajuste de paridade da cesta de moedas que integram as reservas internacionais e a dívida externa, e demais ajustes da área externa.
A36: 3/ Considera a variação da relação dívida/PIB devida ao crescimento verificado no PIB, calculada pela fórmula: Dt-1/(PIBMesAtual/PIBMesBase) - Dt-1 .
A37: * Dados preliminares.
A39: Metodologias de cálculo da NFSP
A40: Com desvalorização cambial (série desativada em dez.09)
A41: NFSP (c/ desv cambial) - 6013 | C41: -1956.25 | D41: 8922.49 | E41: -1664.22 | F41: 966.43 | G41: 2794.89 | H41: 16929.08 | I41: 26029.14 | J41: 35493.82 | K41: -14177.9 | L41: 46639.59 | M41: -3504.43 | N41: 4819.99 | O41: 19157.87 | P41: 9533.85 | Q41: 9012.12 | R41: 309.87 | S41: -21600.63 | T41: 11368.48 | U41: 4369.36 | V41: 13366.1 | W41: 9235.33 | X41: 4438.92 | Y41: 874.71 | Z41: 10668.4 | AA41: 14712.41 | AB41: 2196.68 | AC41: 2458.13 | AD41: 3069.69 | AE41: 1285.52 | AF41: 8866.34 | AG41: 2167.45 | AH41: 2993.26 | AI41: 3820.62 | AJ41: 3815.89 | AK41: 4184.15 | AL41: 4717.42 | AM41: 13395.72 | AN41: -957.45 | AO41: 6344.56 | AP41: 5628.43 | AQ41: -5651.85 | AR41: 6402.38 | AS41: 6838.94 | AT41: 6314.6 | AU41: 6044.64 | AV41: 7337.43 | AW41: 5477.41 | AX41: 9687.06 | AY41: 18787.56 | AZ41: 10073.4 | BA41: 7905.92 | BB41: 5620.37 | BC41: -6273.63 | BD41: 4206.75 | BE41: 6971.1 | BF41: 8501.76 | BG41: 4800.79 | BH41: 9052.65 | BI41: 2368.73 | BJ41: 9079.52 | BK41: 21479.95 | BL41: -1390.63 | BM41: 5600.11 | BN41: 6901.33 | BO41: -6511.92 | BP41: 8470.6 | BQ41: 2567.49 | BR41: 7746.87 | BS41: 4594.64 | BT41: 12198.04 | BU41: 3161.67 | BV41: 5622.69 | BW41: 23067.33 | BX41: -7203.69 | BY41: 7429.07 | BZ41: -1138.89 | CA41: -5028.92 | CB41: 7541.38 | CC41: 6648.6 | CD41: 8176.39 | CE41: 3441.17 | CF41: 1029.15 | CG41: -7249.13 | CH41: 13273.1 | CI41: 38189.04 | CJ41: 7717.53 | CK41: 7560.27 | CL41: 6342.69 | CM41: 385.65 | CN41: 9459.41 | CO41: 10162.88 | CP41: 13451.08 | CQ41: 7939.51 | CR41: 21603.46 | CS41: 1008.98 | CT41: 3029.41 | CU41: 14167.31
A42: Juros (c/ desv. Cambial) - 6046 | C42: -7011.45 | D42: 15432.31 | E42: 2991.52 | F42: 5191.78 | G42: 9895.12 | H42: 20480.36 | I42: 30131.61 | J42: 39303.88 | K42: -12952.21 | L42: 55159.87 | M42: 2760.7 | N42: 8588.97 | O42: 12947.36 | P42: 17282.65 | Q42: 15970.62 | R42: 4931.21 | S42: -10122.27 | T42: 16156.79 | U42: 5973 | V42: 17806.03 | W42: 13190.04 | X42: 10509.73 | Y42: 7725.59 | Z42: 15311.57 | AA42: 7145.13 | AB42: 12426.98 | AC42: 9445.63 | AD42: 10066.77 | AE42: 10852.21 | AF42: 15143.54 | AG42: 9427.48 | AH42: 8492.57 | AI42: 10086.34 | AJ42: 9920.56 | AK42: 11202.75 | AL42: 7939.71 | AM42: 10184.79 | AN42: 11829.47 | AO42: 11230.36 | AP42: 14948.9 | AQ42: 11765.51 | AR42: 12010.1 | AS42: 14462.57 | AT42: 12824.25 | AU42: 13127.8 | AV42: 12302.19 | AW42: 13935.26 | AX42: 12342.14 | AY42: 12761.07 | AZ42: 16497.88 | BA42: 12437.8 | BB42: 13594.69 | BC42: 11922.95 | BD42: 10120.83 | BE42: 15744.59 | BF42: 13815.58 | BG42: 15296.59 | BH42: 11641.58 | BI42: 13124.02 | BJ42: 12519.37 | BK42: 12986.84 | BL42: 14095.23 | BM42: 11186.83 | BN42: 13702.38 | BO42: 12658.72 | BP42: 16376.62 | BQ42: 10933.06 | BR42: 14025.93 | BS42: 11734.94 | BT42: 14875.01 | BU42: 15531.94 | BV42: 12574.35 | BW42: 12411.19 | BX42: 13319.14 | BY42: 15233.08 | BZ42: 12053.62 | CA42: 14765.31 | CB42: 16065.28 | CC42: 17025.53 | CD42: 18952.09 | CE42: 13227.64 | CF42: 7889.33 | CG42: 10616.68 | CH42: 12305.95 | CI42: 17237.25 | CJ42: 14929.86 | CK42: 10944.16 | CL42: 14490.96 | CM42: 12261.15 | CN42: 11571.98 | CO42: 13524.56 | CP42: 15866.74 | CQ42: 13424.83 | CR42: 16184.76 | CS42: 14771.96 | CT42: 15303.21 | CU42: 14322.85
A44: NFSP | C44: =C20-C28-C29-C26-C27 -> -1956.2511 | D44: =D20-D28-D29-D26-D27 -> 8922.4944 | E44: =E20-E28-E29-E26-E27 -> -1664.2182 | F44: =F20-F28-F29-F26-F27 -> 966.43396 | G44: =G20-G28-G29-G26-G27 -> 2794.8941 | H44: =H20-H28-H29-H26-H27 -> 16929.082 | I44: =I20-I28-I29-I26-I27 -> 26029.141 | J44: =J20-J28-J29-J26-J27 -> 35493.82 | ... GT44: =GT20-GT28-GT29-GT26-GT27 -> 29455.064
A45: Saldo primário | C45: =C22 -> 5055.2039 | D45: =D22 -> -6509.8195 | E45: =E22 -> -4655.7367 | F45: =F22 -> -4225.3455 | G45: =G22 -> -7100.222 | H45: =H22 -> -3551.2753 | I45: =I22 -> -4102.465 | J45: =J22 -> -3810.061 | ... GT45: =GT22 -> 3400.6474
A46: Juros | C46: =C44-C45 -> -7011.455 | D46: =D44-D45 -> 15432.314 | E46: =E44-E45 -> 2991.5185 | F46: =F44-F45 -> 5191.7795 | G46: =G44-G45 -> 9895.1161 | H46: =H44-H45 -> 20480.357 | I46: =I44-I45 -> 30131.606 | J46: =J44-J45 -> 39303.881 | ... GT46: =GT44-GT45 -> 26054.416
A48: Séries como proporção do PIB
C50: 37226 | D50: 37257 | E50: 37288 | F50: 37316 | G50: 37347 | H50: 37377 | I50: 37408 | J50: 37438 | K50: 37469 | L50: 37500 | M50: 37530 | N50: 37561 | O50: 37591 | P50: 37622 | Q50: 37653 | R50: 37681 | S50: 37712 | T50: 37742 | U50: 37773 | V50: 37803 | W50: 37834 | X50: 37865 | Y50: 37895 | Z50: 37926 | AA50: 37956 | AB50: 37987 | AC50: 38018 | AD50: 38047 | AE50: 38078 | AF50: 38108 | AG50: 38139 | AH50: 38169 | AI50: 38200 | AJ50: 38231 | AK50: 38261 | AL50: 38292 | AM50: 38322 | AN50: 38353 | AO50: 38384 | AP50: 38412 | AQ50: 38443 | AR50: 38473 | AS50: 38504 | AT50: 38534 | AU50: 38565 | AV50: 38596 | AW50: 38626 | AX50: 38657 | AY50: 38687 | AZ50: 38718 | BA50: 38749 | BB50: 38777 | BC50: 38808 | BD50: 38838 | BE50: 38869 | BF50: 38899 | BG50: 38930 | BH50: 38961 | BI50: 38991 | BJ50: 39022 | BK50: 39052 | BL50: 39083 | BM50: 39114 | BN50: 39142 | BO50: 39173 | BP50: 39203 | BQ50: 39234 | BR50: 39264 | BS50: 39295 | BT50: 39326 | BU50: 39356 | BV50: 39387 | BW50: 39417 | BX50: 39448 | BY50: 39479 | BZ50: 39508 | CA50: 39539 | CB50: 39569 | CC50: 39600 | CD50: 39630 | CE50: 39661 | CF50: 39692 | CG50: 39722 | CH50: 39753 | CI50: 39783 | CJ50: 39814 | CK50: 39845 | CL50: 39873 | CM50: 39904 | CN50: 39934 | CO50: 39965 | CP50: 39995 | CQ50: 40026 | CR50: 40057 | CS50: 40087 | CT50: 40118 | CU50: 40148 | CV50: 40179 | CW50: 40210 | CX50: 40238 | CY50: 40269 | CZ50: 40299 | DA50: 40330 | DB50: 40360 | DC50: 40391 | DD50: 40422 | DE50: 40452 | DF50: 40483 | DG50: 40513 | DH50: 40544 | DI50: 40575 | DJ50: 40603 | DK50: 40634 | DL50: 40664 | DM50: 40695 | DN50: 40725 | DO50: 40756 | DP50: 40787 | DQ50: 40817 | DR50: 40848 | DS50: 40878 | DT50: 40909 | DU50: 40940 | DV50: 40969 | DW50: 41000 | DX50: 41030 | DY50: 41061 | DZ50: 41091 | EA50: 41122 | EB50: 41153 | EC50: 41183 | ED50: 41214 | EE50: 41244 | EF50: 41275 | EG50: 41306 | EH50: 41334 | EI50: 41365 | EJ50: 41395 | EK50: 41426 | EL50: 41456 | EM50: 41487 | EN50: 41518 | EO50: 41548 | EP50: 41579 | EQ50: 41609 | ER50: 41640 | ES50: 41671 | ET50: 41699 | EU50: 41730 | EV50: 41760 | EW50: 41791 | EX50: 41821 | EY50: 41852 | EZ50: 41883 | FA50: 41913 | FB50: 41944 | FC50: 41974 | FD50: 42005 | FE50: 42036 | FF50: 42064 | FG50: 42095 | FH50: 42125 | FI50: 42156 | FJ50: 42186 | FK50: 42217 | FL50: 42248 | FM50: 42278 | FN50: 42309 | FO50: 42339 | FP50: 42370 | FQ50: 42401 | FR50: 42430 | FS50: 42461 | FT50: 42491 | FU50: 42522 | FV50: 42552 | FW50: 42583 | FX50: 42614 | FY50: 42644 | FZ50: 42675 | GA50: 42705 | GB50: 42736 | GC50: 42767 | GD50: 42795 | GE50: 42826 | GF50: 42856 | GG50: 42887 | GH50: 42917 | GI50: 42948 | GJ50: 42979 | GK50: 43009 | GL50: 43040 | GM50: 43070 | GN50: 43101 | GO50: 43132 | GP50: 43160 | GQ50: 43191 | GR50: 43221 | GS50: 43252 | GT50: 43282
A51: S/ Desvalorização cambial (atual) | B51: NFSP | N51: =SUM(C21:N21)/N$31 -> 0.037967489 | O51: =SUM(D21:O21)/O$31 -> 0.044160152 | P51: =SUM(E21:P21)/P$31 -> 0.049268464 | Q51: =SUM(F21:Q21)/Q$31 -> 0.051152206 | R51: =SUM(G21:R21)/R$31 -> 0.053834354 | S51: =SUM(H21:S21)/S$31 -> 0.049715794 | T51: =SUM(I21:T21)/T$31 -> 0.051485687 | U51: =SUM(J21:U21)/U$31 -> 0.053894999 | ... GT51: =SUM(GI21:GT21)/GT$31 -> 0.070030047
B52: Primário | N52: =SUM(C22:N22)/N$31 -> -0.033080342 | O52: =SUM(D22:O22)/O$31 -> -0.031921616 | P52: =SUM(E22:P22)/P$31 -> -0.032431366 | Q52: =SUM(F22:Q22)/Q$31 -> -0.033519327 | R52: =SUM(G22:R22)/R$31 -> -0.033336244 | S52: =SUM(H22:S22)/S$31 -> -0.035686803 | T52: =SUM(I22:T22)/T$31 -> -0.036106936 | U52: =SUM(J22:U22)/U$31 -> -0.03421089 | ... GT52: =SUM(GI22:GT22)/GT$31 -> 0.011447284
B53: Juros | N53: =SUM(C23:N23)/N$31 -> 0.071047831 | O53: =SUM(D23:O23)/O$31 -> 0.076081769 | P53: =SUM(E23:P23)/P$31 -> 0.081699831 | Q53: =SUM(F23:Q23)/Q$31 -> 0.084671534 | R53: =SUM(G23:R23)/R$31 -> 0.087170598 | S53: =SUM(H23:S23)/S$31 -> 0.085402596 | T53: =SUM(I23:T23)/T$31 -> 0.087592622 | U53: =SUM(J23:U23)/U$31 -> 0.088105889 | ... GT53: =SUM(GI23:GT23)/GT$31 -> 0.058582762
A55: C/ Desvalorização cambial (desativada em dez.09) | B55: NFSP | N55: =SUM(C44:N44)/N$31 -> 0.082424379 | O55: =SUM(D44:O44)/O$31 -> 0.095652864 | P55: =SUM(E44:P44)/P$31 -> 0.095117775 | Q55: =SUM(F44:Q44)/Q$31 -> 0.10088338 | R55: =SUM(G44:R44)/R$31 -> 0.099135003 | S55: =SUM(H44:S44)/S$31 -> 0.082213552 | T55: =SUM(I44:T44)/T$31 -> 0.077861037 | U55: =SUM(J44:U44)/U$31 -> 0.063573236 | ... GT55: =SUM(GI44:GT44)/GT$31 -> 0.070015024
B56: Primário | N56: =SUM(C45:N45)/N$31 -> -0.033080342 | O56: =SUM(D45:O45)/O$31 -> -0.031921616 | P56: =SUM(E45:P45)/P$31 -> -0.032431366 | Q56: =SUM(F45:Q45)/Q$31 -> -0.033519327 | R56: =SUM(G45:R45)/R$31 -> -0.033336244 | S56: =SUM(H45:S45)/S$31 -> -0.035686803 | T56: =SUM(I45:T45)/T$31 -> -0.036106936 | U56: =SUM(J45:U45)/U$31 -> -0.03421089 | ... GT56: =SUM(GI45:GT45)/GT$31 -> 0.011447284
B57: Juros | N57: =SUM(C46:N46)/N$31 -> 0.11550472 | O57: =SUM(D46:O46)/O$31 -> 0.12757448 | P57: =SUM(E46:P46)/P$31 -> 0.12754914 | Q57: =SUM(F46:Q46)/Q$31 -> 0.13440271 | R57: =SUM(G46:R46)/R$31 -> 0.13247125 | S57: =SUM(H46:S46)/S$31 -> 0.11790035 | T57: =SUM(I46:T46)/T$31 -> 0.11396797 | U57: =SUM(J46:U46)/U$31 -> 0.097784126 | ... GT57: =SUM(GI46:GT46)/GT$31 -> 0.05856774
A59: Taxa implícita
A60: Série vigente (sem swaps)
A61: Y | D61: =D16-C16-D23 -> 7476.4801 | E61: =E16-D16-E23 -> -14570.756 | F61: =F16-E16-F23 -> -7569.7109 | G61: =G16-F16-G23 -> -1242.5429 | H61: =H16-G16-H23 -> 14251.464 | I61: =I16-H16-I23 -> 35591.311 | J61: =J16-I16-J23 -> 63610.258 | K61: =K16-J16-K23 -> -41665.499 | ... GT61: =GT16-GS16-GT23 -> 37082.982
A62: i | D62: =((-D61+SQRT(D61^2+4*D16*C16))/(2*C16))^2-1 -> 0.011907217 | E62: =((-E61+SQRT(E61^2+4*E16*D16))/(2*D16))^2-1 -> 0.012191196 | F62: =((-F61+SQRT(F61^2+4*F16*E16))/(2*E16))^2-1 -> 0.010388616 | G62: =((-G61+SQRT(G61^2+4*G16*F16))/(2*F16))^2-1 -> 0.010226775 | H62: =((-H61+SQRT(H61^2+4*H16*G16))/(2*G16))^2-1 -> 0.012568576 | I62: =((-I61+SQRT(I61^2+4*I16*H16))/(2*H16))^2-1 -> 0.0093871585 | J62: =((-J61+SQRT(J61^2+4*J16*I16))/(2*I16))^2-1 -> 0.0063166675 | K62: =((-K61+SQRT(K61^2+4*K16*J16))/(2*J16))^2-1 -> 0.011595562 | ... GT62: =((-GT61+SQRT(GT61^2+4*GT16*GS16))/(2*GS16))^2-1 -> 0.0074473288
A64: Saldo de swaps (competência) | CI64: 5328.1361 | CU64: 2281.0734 | DG64: 0 | DS64: 694.34138 | EE64: 1124.4251 | EQ64: 2382.1727 | ER64: -3102.4796 | ES64: 7307.6575 | ET64: 7233.3677 | EU64: 4309.2318 | EV64: 507.26109 | EW64: 4019.5552 | EX64: -3237.6583 | EY64: 4022.4991 | EZ64: -17459.533 | FA64: -255.12546 | FB64: -8841.7363 | FC64: -5183.6149 | FD64: -2125.2283 | FE64: -17305.144 | FF64: -35311.212 | FG64: 23566.35 | FH64: -17850.247 | FI64: 11999.439 | FJ64: -29645.018 | FK64: -18053.98 | FL64: -28522.769 | FM64: 13885.419 | FN64: 938.81963 | FO64: -4204.7813 | FP64: -2282.3481 | FQ64: 5242.9516 | FR64: 45084.208 | FS64: 12362.546 | FT64: -8573.5589 | FU64: 26872.511 | FV64: -1173.0347 | FW64: 2593.4767 | FX64: 436.22373 | FY64: 2918.3332 | FZ64: -4207.4808 | GA64: 4529.8411 | GB64: 3461.9404 | GC64: 1670.2104 | GD64: -257.89133 | GE64: -431.08187 | GF64: 138.24098 | GG64: -1244.9931 | GH64: 5671.8286 | GI64: -170.73479 | GJ64: -157.12055 | GK64: -2404.4399 | GL64: 408.53372 | GM64: -402.19118 | GN64: 3043 | GO64: -1029 | GP64: -1234.4074 | GQ64: -4288.1372 | GR64: -5708.7914 | GS64: -8448.5946 | GT64: 8016
A65: Juros, exceto swaps | ER65: =ER23+ER64 -> 27296.829 | ES65: =ES23+ES64 -> 18953.553 | ET65: =ET23+ET64 -> 23834.902 | EU65: =EU23+EU64 -> 25820.371 | EV65: =EV23+EV64 -> 21904.6 | EW65: =EW23+EW64 -> 22710.67 | EX65: =EX23+EX64 -> 24758.194 | EY65: =EY23+EY64 -> 21038.913 | ... GT65: =GT23+GT64 -> 33777.656
A66: Y´ | ER66: =ER16-EQ16-ER65 -> -40428.721 | ES66: =ES16-ER16-ES65 -> 17379.643 | ET66: =ET16-ES16-ET65 -> 12310.213 | EU66: =EU16-ET16-EU65 -> -15524.065 | EV66: =EV16-EU16-EV65 -> 7986.9713 | EW66: =EW16-EV16-EW65 -> 6567.1627 | EX66: =EX16-EW16-EX65 -> -7024.7863 | EY66: =EY16-EX16-EY65 -> 18576.167 | ... GT66: =GT16-GS16-GT65 -> 29066.982
A67: i | ER67: =((-ER66+SQRT(ER66^2+4*ER16*EQ16))/(2*EQ16))^2-1 -> 0.016994604 | ES67: =((-ES66+SQRT(ES66^2+4*ES16*ER16))/(2*ER16))^2-1 -> 0.011686252 | ET67: =((-ET66+SQRT(ET66^2+4*ET16*ES16))/(2*ES16))^2-1 -> 0.014395931 | EU67: =((-EU66+SQRT(EU66^2+4*EU16*ET16))/(2*ET16))^2-1 -> 0.015388056 | EV67: =((-EV66+SQRT(EV66^2+4*EV16*EU16))/(2*EU16))^2-1 -> 0.012885375 | EW67: =((-EW66+SQRT(EW66^2+4*EW16*EV16))/(2*EV16))^2-1 -> 0.013134069 | EX67: =((-EX66+SQRT(EX66^2+4*EX16*EW16))/(2*EW16))^2-1 -> 0.014134238 | EY67: =((-EY66+SQRT(EY66^2+4*EY16*EX16))/(2*EX16))^2-1 -> 0.011805413 | ... GT67: =((-GT66+SQRT(GT66^2+4*GT16*GS16))/(2*GS16))^2-1 -> 0.0097759703
A70: Selic | C70: 0.0139 | D70: 0.0153 | E70: 0.0125 | F70: 0.0137 | G70: 0.0148 | H70: 0.0141 | I70: 0.0133 | J70: 0.0154 | K70: 0.0144 | L70: 0.0138 | M70: 0.0165 | N70: 0.0154 | O70: 0.0174 | P70: 0.0197 | Q70: 0.0183 | R70: 0.0178 | S70: 0.0187 | T70: 0.0197 | U70: 0.0186 | V70: 0.0208 | W70: 0.0177 | X70: 0.0168 | Y70: 0.0164 | Z70: 0.0134 | AA70: 0.0137 | AB70: 0.0127 | AC70: 0.0108 | AD70: 0.0138 | AE70: 0.0118 | AF70: 0.0123 | AG70: 0.0123 | AH70: 0.0129 | AI70: 0.0129 | AJ70: 0.0125 | AK70: 0.0121 | AL70: 0.0125 | AM70: 0.0148 | AN70: 0.0138 | AO70: 0.0122 | AP70: 0.0153 | AQ70: 0.0141 | AR70: 0.015 | AS70: 0.0159 | AT70: 0.0151 | AU70: 0.0166 | AV70: 0.015 | AW70: 0.0141 | AX70: 0.0138 | AY70: 0.0147 | AZ70: 0.0143 | BA70: 0.0115 | BB70: 0.0142 | BC70: 0.0108 | BD70: 0.0128 | BE70: 0.0118 | BF70: 0.0117 | BG70: 0.0126 | BH70: 0.0106 | BI70: 0.0109 | BJ70: 0.0102 | BK70: 0.0099 | BL70: 0.0108 | BM70: 0.0087 | BN70: 0.0105 | BO70: 0.0094 | BP70: 0.0103 | BQ70: 0.0091 | BR70: 0.0097 | BS70: 0.0099 | BT70: 0.008 | BU70: 0.0093 | BV70: 0.0084 | BW70: 0.0084 | BX70: 0.0093 | BY70: 0.008 | BZ70: 0.0084 | CA70: 0.009 | CB70: 0.0088 | CC70: 0.0096 | CD70: 0.0107 | CE70: 0.0102 | CF70: 0.011 | CG70: 0.0118 | CH70: 0.0102 | CI70: 0.0112 | CJ70: 0.0105 | CK70: 0.0086 | CL70: 0.0097 | CM70: 0.0084 | CN70: 0.0077 | CO70: 0.0076 | CP70: 0.0079 | CQ70: 0.0069 | CR70: 0.0069 | CS70: 0.0069 | CT70: 0.0066 | CU70: 0.0073 | CV70: 0.0066 | CW70: 0.0059 | CX70: 0.0076 | CY70: 0.0067 | CZ70: 0.0075 | DA70: 0.0079 | DB70: 0.0086 | DC70: 0.0089 | DD70: 0.0085 | DE70: 0.0081 | DF70: 0.0081 | DG70: 0.0093 | DH70: 0.0086 | DI70: 0.0084 | DJ70: 0.0092 | DK70: 0.0084 | DL70: 0.0099 | DM70: 0.0096 | DN70: 0.0097 | DO70: 0.0107 | DP70: 0.0094 | DQ70: 0.0088 | DR70: 0.0086 | DS70: 0.0091 | DT70: 0.0089 | DU70: 0.0075 | DV70: 0.0082 | DW70: 0.0071 | DX70: 0.0074 | DY70: 0.0064 | DZ70: 0.0068 | EA70: 0.0069 | EB70: 0.0054 | EC70: 0.0061 | ED70: 0.0055 | EE70: 0.0055 | EF70: 0.006 | EG70: 0.0049 | EH70: 0.0055 | EI70: 0.0061 | EJ70: 0.006 | EK70: 0.0061 | EL70: 0.0072 | EM70: 0.0071 | EN70: 0.0071 | EO70: 0.0081 | EP70: 0.0072 | EQ70: 0.0079 | ER70: 0.0085 | ES70: 0.0079 | ET70: 0.0077 | EU70: 0.0082 | EV70: 0.0087 | EW70: 0.0082 | EX70: 0.0095 | EY70: 0.0087 | EZ70: 0.0091 | FA70: 0.0095 | FB70: 0.0084 | FC70: 0.0096 | FD70: 0.0094 | FE70: 0.0082 | FF70: 0.0104 | FG70: 0.0095 | FH70: 0.0099 | FI70: 0.0107 | FJ70: 0.0118 | FK70: 0.0111 | FL70: 0.0111 | FM70: 0.0111 | FN70: 0.0106 | FO70: 0.0116 | FP70: 0.0106 | FQ70: 0.01 | FR70: 0.0116 | FS70: 0.0106 | FT70: 0.0111 | FU70: 0.0116 | FV70: 0.0111 | FW70: 0.0122 | FX70: 0.0111 | FY70: 0.0105 | FZ70: 0.0104 | GA70: 0.0112 | GB70: 0.0109 | GC70: 0.0087 | GD70: 0.0105 | GE70: 0.0079 | GF70: 0.0093 | GG70: 0.0081 | GH70: 0.008 | GI70: 0.008 | GJ70: 0.0064 | GK70: 0.0064 | GL70: 0.0057 | GM70: 0.0054 | GN70: 0.0058 | GO70: 0.0047 | GP70: 0.0053 | GQ70: 0.0052 | GR70: 0.0051829489 | GS70: 0.0051829489 | GT70: 0.0054 | GU70: 0.0057
A71: IPCA | C71: 0.0065 | D71: 0.0052 | E71: 0.0036 | F71: 0.006 | G71: 0.008 | H71: 0.0021 | I71: 0.0042 | J71: 0.0119 | K71: 0.0065 | L71: 0.0072 | M71: 0.0131 | N71: 0.0302 | O71: 0.021 | P71: 0.0225 | Q71: 0.0157 | R71: 0.0123 | S71: 0.0097 | T71: 0.0061 | U71: -0.0015 | V71: 0.002 | W71: 0.0034 | X71: 0.0078 | Y71: 0.0029 | Z71: 0.0034 | AA71: 0.0052 | AB71: 0.0076 | AC71: 0.0061 | AD71: 0.0047 | AE71: 0.0037 | AF71: 0.0051 | AG71: 0.0071 | AH71: 0.0091 | AI71: 0.0069 | AJ71: 0.0033 | AK71: 0.0044 | AL71: 0.0069 | AM71: 0.0086 | AN71: 0.0058 | AO71: 0.0059 | AP71: 0.0061 | AQ71: 0.0087 | AR71: 0.0049 | AS71: -0.0002 | AT71: 0.0025 | AU71: 0.0017 | AV71: 0.0035 | AW71: 0.0075 | AX71: 0.0055 | AY71: 0.0036 | AZ71: 0.0059 | BA71: 0.0041 | BB71: 0.0043 | BC71: 0.0021 | BD71: 0.001 | BE71: -0.0021 | BF71: 0.0019 | BG71: 0.0005 | BH71: 0.0021 | BI71: 0.0033 | BJ71: 0.0031 | BK71: 0.0048 | BL71: 0.0044 | BM71: 0.0044 | BN71: 0.0037 | BO71: 0.0025 | BP71: 0.0028 | BQ71: 0.0028 | BR71: 0.0024 | BS71: 0.0047 | BT71: 0.0018 | BU71: 0.003 | BV71: 0.0038 | BW71: 0.0074 | BX71: 0.0054 | BY71: 0.0049 | BZ71: 0.0048 | CA71: 0.0055 | CB71: 0.0079 | CC71: 0.0074 | CD71: 0.0053 | CE71: 0.0028 | CF71: 0.0026 | CG71: 0.0045 | CH71: 0.0036 | CI71: 0.0028 | CJ71: 0.0048 | CK71: 0.0055 | CL71: 0.002 | CM71: 0.0048 | CN71: 0.0047 | CO71: 0.0036 | CP71: 0.0024 | CQ71: 0.0015 | CR71: 0.0024 | CS71: 0.0028 | CT71: 0.0041 | CU71: 0.0037 | CV71: 0.0075 | CW71: 0.0078 | CX71: 0.0052 | CY71: 0.0057 | CZ71: 0.0043 | DA71: 0 | DB71: 0.0001 | DC71: 0.0004 | DD71: 0.0045 | DE71: 0.0075 | DF71: 0.0083 | DG71: 0.0063 | DH71: 0.0083 | DI71: 0.008 | DJ71: 0.0079 | DK71: 0.0077 | DL71: 0.0047 | DM71: 0.0015 | DN71: 0.0016 | DO71: 0.0037 | DP71: 0.0053 | DQ71: 0.0043 | DR71: 0.0052 | DS71: 0.005 | DT71: 0.0056 | DU71: 0.0045 | DV71: 0.0021 | DW71: 0.0064 | DX71: 0.0036 | DY71: 0.0008 | DZ71: 0.0043 | EA71: 0.0041 | EB71: 0.0057 | EC71: 0.0059 | ED71: 0.006 | EE71: 0.0079 | EF71: 0.0086 | EG71: 0.006 | EH71: 0.0047 | EI71: 0.0055 | EJ71: 0.0037 | EK71: 0.0026 | EL71: 0.0003 | EM71: 0.0024 | EN71: 0.0035 | EO71: 0.0057 | EP71: 0.0054 | EQ71: 0.0092 | ER71: 0.0055 | ES71: 0.0069 | ET71: 0.0092 | EU71: 0.0067 | EV71: 0.0046 | EW71: 0.004 | EX71: 0.0001 | EY71: 0.0025 | EZ71: 0.0057 | FA71: 0.0042 | FB71: 0.0051 | FC71: 0.0078 | FD71: 0.0124 | FE71: 0.0122 | FF71: 0.0132 | FG71: 0.0071 | FH71: 0.0074 | FI71: 0.0079 | FJ71: 0.0062 | FK71: 0.0022 | FL71: 0.0054 | FM71: 0.0082 | FN71: 0.0101 | FO71: 0.0096 | FP71: 0.0127 | FQ71: 0.009 | FR71: 0.0043 | FS71: 0.0061 | FT71: 0.0078 | FU71: 0.0035 | FV71: 0.0052 | FW71: 0.0044 | FX71: 0.0008 | FY71: 0.0026 | FZ71: 0.0018 | GA71: 0.003 | GB71: 0.0038 | GC71: 0.0033 | GD71: 0.0025 | GE71: 0.0014 | GF71: 0.0031 | GG71: -0.0023 | GH71: 0.0024 | GI71: 0.0019 | GJ71: 0.0016 | GK71: 0.0042 | GL71: 0.0028 | GM71: 0.0044 | GN71: 0.0029 | GO71: 0.0032 | GP71: 0.0009 | GQ71: 0.0022 | GR71: 0.004 | GS71: 0.0126 | GT71: 0.0033 | GU71: -0.0009
A74: Números-índice
A75: Taxa implícita da DLSP | C75: =1+C62 -> 1 | D75: =1+D62 -> 1.0119072 | E75: =1+E62 -> 1.0121912 | F75: =1+F62 -> 1.0103886 | G75: =1+G62 -> 1.0102268 | H75: =1+H62 -> 1.0125686 | I75: =1+I62 -> 1.0093872 | J75: =1+J62 -> 1.0063167 | ... GT75: =1+GT62 -> 1.0074473
A76: Taxa implícita s/ swaps | C76: =1+C67 -> 1 | D76: =1+D67 -> 1 | E76: =1+E67 -> 1 | F76: =1+F67 -> 1 | G76: =1+G67 -> 1 | H76: =1+H67 -> 1 | I76: =1+I67 -> 1 | J76: =1+J67 -> 1 | ... GT76: =1+GT67 -> 1.009776
A77: Selic | C77: =1+C70 -> 1.0139 | D77: =1+D70 -> 1.0153 | E77: =1+E70 -> 1.0125 | F77: =1+F70 -> 1.0137 | G77: =1+G70 -> 1.0148 | H77: =1+H70 -> 1.0141 | I77: =1+I70 -> 1.0133 | J77: =1+J70 -> 1.0154 | ... GU77: =1+GU70 -> 1.0057
A78: IPCA | C78: =1+C71 -> 1.0065 | D78: =1+D71 -> 1.0052 | E78: =1+E71 -> 1.0036 | F78: =1+F71 -> 1.006 | G78: =1+G71 -> 1.008 | H78: =1+H71 -> 1.0021 | I78: =1+I71 -> 1.0042 | J78: =1+J71 -> 1.0119 | ... GU78: =1+GU71 -> 0.9991
A80: Acumulados em 12 meses
A81: Taxas nominais
A82: Taxa implícita da DLSP | O82: =PRODUCT(D75:O75)-1 -> 0.15521451 | P82: =PRODUCT(E75:P75)-1 -> 0.16436224 | Q82: =PRODUCT(F75:Q75)-1 -> 0.16885269 | R82: =PRODUCT(G75:R75)-1 -> 0.17305428 | S82: =PRODUCT(H75:S75)-1 -> 0.16925203 | T82: =PRODUCT(I75:T75)-1 -> 0.17316822 | U82: =PRODUCT(J75:U75)-1 -> 0.17432975 | V82: =PRODUCT(K75:V75)-1 -> 0.18703754 | ... GT82: =PRODUCT(GI75:GT75)-1 -> 0.12405649
A83: Taxa implícita s/ swaps | FC83: =PRODUCT(ER76:FC76)-1 -> 0.18730768 | FD83: =PRODUCT(ES76:FD76)-1 -> 0.17735883 | FE83: =PRODUCT(ET76:FE76)-1 -> 0.18815867 | FF83: =PRODUCT(EU76:FF76)-1 -> 0.19298936 | FG83: =PRODUCT(EV76:FG76)-1 -> 0.19119594 | FH83: =PRODUCT(EW76:FH76)-1 -> 0.19791567 | FI83: =PRODUCT(EX76:FI76)-1 -> 0.20644045 | FJ83: =PRODUCT(EY76:FJ76)-1 -> 0.20992436 | ... GT83: =PRODUCT(GI76:GT76)-1 -> 0.11996287
A84: Selic | N84: =PRODUCT(C77:N77)-1 -> 0.18750788 | O84: =PRODUCT(D77:O77)-1 -> 0.19160718 | P84: =PRODUCT(E77:P77)-1 -> 0.19677124 | Q84: =PRODUCT(F77:Q77)-1 -> 0.20362682 | R84: =PRODUCT(G77:R77)-1 -> 0.20849499 | S84: =PRODUCT(H77:S77)-1 -> 0.21313939 | T84: =PRODUCT(I77:T77)-1 -> 0.21983851 | U84: =PRODUCT(J77:U77)-1 -> 0.2262188 | ... GU84: =PRODUCT(GJ77:GU77)-1 -> 0.068420815
A85: IPCA | N85: =PRODUCT(C78:N78)-1 -> 0.10932208 | O85: =PRODUCT(D78:O78)-1 -> 0.12530337 | P85: =PRODUCT(E78:P78)-1 -> 0.14467041 | Q85: =PRODUCT(F78:Q78)-1 -> 0.15847124 | R85: =PRODUCT(G78:R78)-1 -> 0.16572608 | S85: =PRODUCT(H78:S78)-1 -> 0.16769209 | T85: =PRODUCT(I78:T78)-1 -> 0.17235307 | U85: =PRODUCT(J78:U78)-1 -> 0.1656986 | ... GU85: =PRODUCT(GJ78:GU78)-1 -> 0.041926807
A87: Taxas reais
A88: Taxa implícita | O88: =(1+O82)/(1+O85)-1 -> 0.026580512 | P88: =(1+P82)/(1+P85)-1 -> 0.017203058 | Q88: =(1+Q82)/(1+Q85)-1 -> 0.0089613342 | R88: =(1+R82)/(1+R85)-1 -> 0.0062863839 | S88: =(1+S82)/(1+S85)-1 -> 0.001335925 | T88: =(1+T82)/(1+T85)-1 -> 0.00069531757 | U88: =(1+U82)/(1+U85)-1 -> 0.0074042732 | V88: =(1+V82)/(1+V85)-1 -> 0.028366815 | ... GT88: =(1+GT82)/(1+GT85)-1 -> 0.075809832
A89: Taxa implícita s/ swaps | FC89: =(FC83+1)/(1+FC85)-1 -> 0.1158108 | FD89: =(FD83+1)/(1+FD85)-1 -> 0.098919975 | FE89: =(FE83+1)/(1+FE85)-1 -> 0.10319345 | FF89: =(FF83+1)/(1+FF85)-1 -> 0.1033057 | FG89: =(FG83+1)/(1+FG85)-1 -> 0.10120955 | FH89: =(FH83+1)/(1+FH85)-1 -> 0.10434365 | FI89: =(FI83+1)/(1+FI85)-1 -> 0.10789895 | FJ89: =(FJ83+1)/(1+FJ85)-1 -> 0.10436235 | ... GT89: =(GT83+1)/(1+GT85)-1 -> 0.071891915
A90: Selic | O90: =(1+O84)/(1+O85)-1 -> 0.058920828 | P90: =(1+P84)/(1+P85)-1 -> 0.045516008 | Q90: =(1+Q84)/(1+Q85)-1 -> 0.038978592 | R90: =(1+R84)/(1+R85)-1 -> 0.036688648 | S90: =(1+S84)/(1+S85)-1 -> 0.038920621 | T90: =(1+T84)/(1+T85)-1 -> 0.040504388 | U90: =(1+U84)/(1+U85)-1 -> 0.051917531 | V90: =(1+V84)/(1+V85)-1 -> 0.067960204 | ... GU90: =(1+GU84)/(1+GU85)-1 -> 0.025427897

Sheet Taxa implícita com e sem swaps
B1: Nominais | H1: Reais
B2: Taxa implícita da DLSP | C2: Taxa implícita s/ swaps | D2: Selic | E2: IPCA | H2: Taxa implícita da DLSP | I2: Taxa implícita s/ swaps | J2: Selic
A3: 37591 | B3: 0.15521451 | D3: 0.19160718 | E3: 0.12530337 | G3: 37591 | H3: 0.026580512 | J3: 0.058920828
A4: 37622 | B4: 0.16436224 | D4: 0.19677124 | E4: 0.14467041 | G4: 37622 | H4: 0.017203058 | J4: 0.045516008
A5: 37653 | B5: 0.16885269 | D5: 0.20362682 | E5: 0.15847124 | G5: 37653 | H5: 0.0089613342 | J5: 0.038978592
A6: 37681 | B6: 0.17305428 | D6: 0.20849499 | E6: 0.16572608 | G6: 37681 | H6: 0.0062863839 | J6: 0.036688648
A7: 37712 | B7: 0.16925203 | D7: 0.21313939 | E7: 0.16769209 | G7: 37712 | H7: 0.001335925 | J7: 0.038920621
A8: 37742 | B8: 0.17316822 | D8: 0.21983851 | E8: 0.17235307 | G8: 37742 | H8: 0.00069531757 | J8: 0.040504388
A9: 37773 | B9: 0.17432975 | D9: 0.2262188 | E9: 0.1656986 | G9: 37773 | H9: 0.0074042732 | J9: 0.051917531
A10: 37803 | B10: 0.18703754 | D10: 0.23273995 | E10: 0.1542939 | G10: 37803 | H10: 0.028366815 | J10: 0.067960204
A11: 37834 | B11: 0.1907501 | D11: 0.23675024 | E11: 0.1507387 | G11: 37834 | H11: 0.034770188 | J11: 0.074744636
A12: 37865 | B12: 0.18960123 | D12: 0.24040999 | E12: 0.15142421 | G12: 37865 | H12: 0.033156347 | J12: 0.077283232
A13: 37895 | B13: 0.18277707 | D13: 0.24028796 | E13: 0.13983154 | G13: 37895 | H13: 0.037677084 | J13: 0.088132689
A14: 37926 | B14: 0.1867762 | D14: 0.23784501 | E14: 0.11017955 | G14: 37926 | H14: 0.068994835 | J14: 0.11499533
... A146: 41944 | B146: 0.1806416 | D146: 0.10723338 | E146: 0.065554343 | G146: 41944 | H146: 0.10800694 | J146: 0.039114884
A147: 41974 | B147: 0.19307802 | C147: 0.18730768 | D147: 0.10910092 | E147: 0.064076166 | G147: 41974 | H147: 0.12123366 | I147: 0.1158108 | J147: 0.04231347
A148: 42005 | B148: 0.1821498 | C148: 0.17735883 | D148: 0.1100907 | E148: 0.071378131 | G148: 42005 | H148: 0.10339175 | I148: 0.098919975 | J148: 0.036133431
A149: 42036 | B149: 0.209424 | C149: 0.18815867 | D149: 0.11042112 | E149: 0.077017523 | G149: 42036 | H149: 0.12293809 | I149: 0.10319345 | J149: 0.031014901
A150: 42064 | B150: 0.24296034 | C150: 0.19298936 | D150: 0.11339634 | E150: 0.08128632 | G150: 42064 | H150: 0.14952008 | I150: 0.1033057 | J150: 0.029696134
A151: 42095 | B151: 0.22869822 | C151: 0.19119594 | D151: 0.11483199 | E151: 0.081715956 | G151: 42095 | H151: 0.1358788 | I151: 0.10120955 | J151: 0.030614349
A152: 42125 | B152: 0.24765785 | C152: 0.19791567 | D152: 0.11615825 | E152: 0.084730892 | G152: 42125 | H152: 0.15020035 | I152: 0.10434365 | J152: 0.028972489
A153: 42156 | B153: 0.25164816 | C153: 0.20644045 | D153: 0.11892595 | E153: 0.088944488 | G153: 42156 | H153: 0.14941411 | I153: 0.10789895 | J153: 0.027532586
A154: 42186 | B154: 0.27208501 | C154: 0.20992436 | D154: 0.12147526 | E154: 0.095586385 | G154: 42186 | H154: 0.16109969 | I154: 0.10436235 | J154: 0.023630152
A155: 42217 | B155: 0.29275895 | C155: 0.21547133 | D155: 0.12414358 | E155: 0.095258529 | G155: 42217 | H155: 0.18032311 | I155: 0.10975747 | J155: 0.026372819
A156: 42248 | B156: 0.3088178 | C156: 0.22411067 | D156: 0.1263716 | E156: 0.094931814 | G156: 42248 | H156: 0.19534183 | I156: 0.11797891 | J156: 0.028713918
A157: 42278 | B157: 0.30553025 | C157: 0.22998208 | D157: 0.12815683 | E157: 0.099293223 | G157: 42278 | H157: 0.18760875 | I157: 0.11888444 | J157: 0.026256514
A158: 42309 | B158: 0.29717724 | C158: 0.2285581 | D158: 0.1306181 | E158: 0.1047618 | G158: 42309 | H158: 0.17416917 | I158: 0.11205701 | J158: 0.023404413
A159: 42339 | B159: 0.29681707 | C159: 0.22914846 | D159: 0.13285784 | E159: 0.10673498 | G159: 42339 | H159: 0.17175032 | I159: 0.11060777 | J159: 0.023603533
A160: 42370 | B160: ='Fatores Condicionantes da DLSP'!FP82 -> 0.31883719 | C160: ='Fatores Condicionantes da DLSP'!FP83 -> 0.25008978 | D160: ='Fatores Condicionantes da DLSP'!FP84 -> 0.13420461 | E160: ='Fatores Condicionantes da DLSP'!FP85 -> 0.10706293 | G160: 42370 | H160: ='Fatores Condicionantes da DLSP'!FP88 -> 0.19129378 | I160: ='Fatores Condicionantes da DLSP'!FP89 -> 0.12919486 | J160: ='Fatores Condicionantes da DLSP'!FP90 -> 0.024516828
A161: 42401 | B161: ='Fatores Condicionantes da DLSP'!FQ82 -> 0.29774856 | C161: ='Fatores Condicionantes da DLSP'!FQ83 -> 0.24449371 | D161: ='Fatores Condicionantes da DLSP'!FQ84 -> 0.13622957 | E161: ='Fatores Condicionantes da DLSP'!FQ85 -> 0.10356303 | G161: 42401 | H161: ='Fatores Condicionantes da DLSP'!FQ88 -> 0.17596234 | I161: ='Fatores Condicionantes da DLSP'!FQ89 -> 0.12770515 | J161: ='Fatores Condicionantes da DLSP'!FQ90 -> 0.029600972
A162: 42430 | B162: ='Fatores Condicionantes da DLSP'!FR82 -> 0.24986503 | C162: ='Fatores Condicionantes da DLSP'!FR83 -> 0.24622955 | D162: ='Fatores Condicionantes da DLSP'!FR84 -> 0.13757901 | E162: ='Fatores Condicionantes da DLSP'!FR85 -> 0.093869278 | G162: 42430 | H162: ='Fatores Condicionantes da DLSP'!FR88 -> 0.14260913 | I162: ='Fatores Condicionantes da DLSP'!FR89 -> 0.13928563 | J162: ='Fatores Condicionantes da DLSP'!FR90 -> 0.039958827
A163: 42461 | B163: ='Fatores Condicionantes da DLSP'!FS82 -> 0.26092892 | C163: ='Fatores Condicionantes da DLSP'!FS83 -> 0.2481269 | D163: ='Fatores Condicionantes da DLSP'!FS84 -> 0.13881857 | E163: ='Fatores Condicionantes da DLSP'!FS85 -> 0.09278312 | G163: 42461 | H163: ='Fatores Condicionantes da DLSP'!FS88 -> 0.15386933 | I163: ='Fatores Condicionantes da DLSP'!FS89 -> 0.14215426 | J163: ='Fatores Condicionantes da DLSP'!FS90 -> 0.042126796
A164: 42491 | B164: ='Fatores Condicionantes da DLSP'!FT82 -> 0.24854274 | C164: ='Fatores Condicionantes da DLSP'!FT83 -> 0.24301828 | D164: ='Fatores Condicionantes da DLSP'!FT84 -> 0.14017176 | E164: ='Fatores Condicionantes da DLSP'!FT85 -> 0.093217023 | G164: 42491 | H164: ='Fatores Condicionantes da DLSP'!FT88 -> 0.14208132 | I164: ='Fatores Condicionantes da DLSP'!FT89 -> 0.13702793 | J164: ='Fatores Condicionantes da DLSP'!FT90 -> 0.042950973
A165: 42522 | B165: ='Fatores Condicionantes da DLSP'!FU$82 -> 0.24241207 | C165: ='Fatores Condicionantes da DLSP'!FU$83 -> 0.2427957 | D165: ='Fatores Condicionantes da DLSP'!FU84 -> 0.14118705 | E165: ='Fatores Condicionantes da DLSP'!FU85 -> 0.08844457 | G165: 42522 | H165: ='Fatores Condicionantes da DLSP'!FU88 -> 0.14145644 | I165: ='Fatores Condicionantes da DLSP'!FU89 -> 0.1418089 | J165: ='Fatores Condicionantes da DLSP'!FU90 -> 0.048456743
A166: 42552 | B166: ='Fatores Condicionantes da DLSP'!FV82 -> 0.22250247 | C166: ='Fatores Condicionantes da DLSP'!FV83 -> 0.24097419 | D166: ='Fatores Condicionantes da DLSP'!FV84 -> 0.14039753 | E166: ='Fatores Condicionantes da DLSP'!FV85 -> 0.087362832 | G166: 42552 | H166: ='Fatores Condicionantes da DLSP'!FV88 -> 0.12428201 | I166: ='Fatores Condicionantes da DLSP'!FV89 -> 0.14126964 | J166: ='Fatores Condicionantes da DLSP'!FV90 -> 0.048773694
A167: 42583 | B167: ='Fatores Condicionantes da DLSP'!FW82 -> 0.21033965 | C167: ='Fatores Condicionantes da DLSP'!FW83 -> 0.24134655 | D167: ='Fatores Condicionantes da DLSP'!FW84 -> 0.1416382 | E167: ='Fatores Condicionantes da DLSP'!FW85 -> 0.089749779 | G167: 42583 | H167: ='Fatores Condicionantes da DLSP'!FW88 -> 0.11065831 | I167: ='Fatores Condicionantes da DLSP'!FW89 -> 0.13911154 | J167: ='Fatores Condicionantes da DLSP'!FW90 -> 0.047614986
A168: 42614 | B168: ='Fatores Condicionantes da DLSP'!FX82 -> 0.18479561 | C168: ='Fatores Condicionantes da DLSP'!FX83 -> 0.23355194 | D168: ='Fatores Condicionantes da DLSP'!FX84 -> 0.1416382 | E168: ='Fatores Condicionantes da DLSP'!FX85 -> 0.084763854 | G168: 42614 | H168: ='Fatores Condicionantes da DLSP'!FX88 -> 0.092215236 | I168: ='Fatores Condicionantes da DLSP'!FX89 -> 0.13716173 | J168: ='Fatores Condicionantes da DLSP'!FX90 -> 0.052430163
A169: 42644 | B169: ='Fatores Condicionantes da DLSP'!FY82 -> 0.18969975 | C169: ='Fatores Condicionantes da DLSP'!FY83 -> 0.23114422 | D169: ='Fatores Condicionantes da DLSP'!FY84 -> 0.14096074 | E169: ='Fatores Condicionantes da DLSP'!FY85 -> 0.078738584 | G169: 42644 | H169: ='Fatores Condicionantes da DLSP'!FY88 -> 0.10286196 | I169: ='Fatores Condicionantes da DLSP'!FY89 -> 0.14128134 | J169: ='Fatores Condicionantes da DLSP'!FY90 -> 0.057680474
A170: 42675 | B170: ='Fatores Condicionantes da DLSP'!FZ82 -> 0.19370208 | C170: ='Fatores Condicionantes da DLSP'!FZ83 -> 0.2328072 | D170: ='Fatores Condicionantes da DLSP'!FZ84 -> 0.14073494 | E170: ='Fatores Condicionantes da DLSP'!FZ85 -> 0.06987458 | G170: 42675 | H170: ='Fatores Condicionantes da DLSP'!FZ88 -> 0.1157402 | I170: ='Fatores Condicionantes da DLSP'!FZ89 -> 0.15229133 | J170: ='Fatores Condicionantes da DLSP'!FZ90 -> 0.066232397
A171: 42705 | B171: ='Fatores Condicionantes da DLSP'!GA82 -> 0.17854321 | C171: ='Fatores Condicionantes da DLSP'!GA83 -> 0.22157473 | D171: ='Fatores Condicionantes da DLSP'!GA84 -> 0.14028388 | E171: ='Fatores Condicionantes da DLSP'!GA85 -> 0.062880551 | G171: 42705 | H171: ='Fatores Condicionantes da DLSP'!GA88 -> 0.10882 | I171: ='Fatores Condicionantes da DLSP'!GA89 -> 0.14930575 | J171: ='Fatores Condicionantes da DLSP'!GA90 -> 0.072824106
A172: 42736 | B172: ='Fatores Condicionantes da DLSP'!GB82 -> 0.16228565 | C172: ='Fatores Condicionantes da DLSP'!GB83 -> 0.20745103 | D172: ='Fatores Condicionantes da DLSP'!GB84 -> 0.14062237 | E172: ='Fatores Condicionantes da DLSP'!GB85 -> 0.053539544 | G172: 42736 | H172: ='Fatores Condicionantes da DLSP'!GB88 -> 0.10321976 | I172: ='Fatores Condicionantes da DLSP'!GB89 -> 0.1460899 | J172: ='Fatores Condicionantes da DLSP'!GB90 -> 0.08265739
A173: 42767 | B173: ='Fatores Condicionantes da DLSP'!GC82 -> 0.15831366 | C173: ='Fatores Condicionantes da DLSP'!GC83 -> 0.20107725 | D173: ='Fatores Condicionantes da DLSP'!GC84 -> 0.13915425 | E173: ='Fatores Condicionantes da DLSP'!GC85 -> 0.047587934 | G173: 42767 | H173: ='Fatores Condicionantes da DLSP'!GC88 -> 0.10569588 | I173: ='Fatores Condicionantes da DLSP'!GC89 -> 0.14651688 | J173: ='Fatores Condicionantes da DLSP'!GC90 -> 0.087406803
A174: 42795 | B174: ='Fatores Condicionantes da DLSP'!GD82 -> 0.17546894 | C174: ='Fatores Condicionantes da DLSP'!GD83 -> 0.19458911 | D174: ='Fatores Condicionantes da DLSP'!GD84 -> 0.13791554 | E174: ='Fatores Condicionantes da DLSP'!GD85 -> 0.045710349 | G174: 42795 | H174: ='Fatores Condicionantes da DLSP'!GD88 -> 0.12408655 | I174: ='Fatores Condicionantes da DLSP'!GD89 -> 0.14237093 | J174: ='Fatores Condicionantes da DLSP'!GD90 -> 0.0881747
A175: 42826 | B175: ='Fatores Condicionantes da DLSP'!GE82 -> 0.17473745 | C175: ='Fatores Condicionantes da DLSP'!GE83 -> 0.18737405 | D175: ='Fatores Condicionantes da DLSP'!GE84 -> 0.1348754 | E175: ='Fatores Condicionantes da DLSP'!GE85 -> 0.040825309 | G175: 42826 | H175: ='Fatores Condicionantes da DLSP'!GE88 -> 0.12865957 | I175: ='Fatores Condicionantes da DLSP'!GE89 -> 0.14080052 | J175: ='Fatores Condicionantes da DLSP'!GE90 -> 0.090361071
A176: 42856 | B176: ='Fatores Condicionantes da DLSP'!GF82 -> 0.16763781 | C176: ='Fatores Condicionantes da DLSP'!GF83 -> 0.18453275 | D176: ='Fatores Condicionantes da DLSP'!GF84 -> 0.13285505 | E176: ='Fatores Condicionantes da DLSP'!GF85 -> 0.035971291 | G176: 42856 | H176: ='Fatores Condicionantes da DLSP'!GF88 -> 0.12709475 | I176: ='Fatores Condicionantes da DLSP'!GF89 -> 0.14340306 | J176: ='Fatores Condicionantes da DLSP'!GF90 -> 0.093519732
A177: 42887 | B177: ='Fatores Condicionantes da DLSP'!GG82 -> 0.16901023 | C177: ='Fatores Condicionantes da DLSP'!GG83 -> 0.17253717 | D177: ='Fatores Condicionantes da DLSP'!GG84 -> 0.12893552 | E177: ='Fatores Condicionantes da DLSP'!GG85 -> 0.029983615 | G177: 42887 | H177: ='Fatores Condicionantes da DLSP'!GG88 -> 0.13497944 | I177: ='Fatores Condicionantes da DLSP'!GG89 -> 0.13840371 | J177: ='Fatores Condicionantes da DLSP'!GG90 -> 0.096071342
A178: 42917 | B178: ='Fatores Condicionantes da DLSP'!GH82 -> 0.1609752 | C178: ='Fatores Condicionantes da DLSP'!GH83 -> 0.16710696 | D178: ='Fatores Condicionantes da DLSP'!GH84 -> 0.12547424 | E178: ='Fatores Condicionantes da DLSP'!GH85 -> 0.02711458 | G178: 42917 | H178: ='Fatores Condicionantes da DLSP'!GH88 -> 0.13032686 | I178: ='Fatores Condicionantes da DLSP'!GH89 -> 0.13629675 | J178: ='Fatores Condicionantes da DLSP'!GH90 -> 0.095763087
A179: 42948 | B179: ='Fatores Condicionantes da DLSP'!GI82 -> 0.15581908 | C179: ='Fatores Condicionantes da DLSP'!GI83 -> 0.16070593 | D179: ='Fatores Condicionantes da DLSP'!GI84 -> 0.12080422 | E179: ='Fatores Condicionantes da DLSP'!GI85 -> 0.024558042 | G179: 42948 | H179: ='Fatores Condicionantes da DLSP'!GI88 -> 0.12811479 | I179: ='Fatores Condicionantes da DLSP'!GI89 -> 0.1328845 | J179: ='Fatores Condicionantes da DLSP'!GI90 -> 0.09393922
A180: 42979 | B180: ='Fatores Condicionantes da DLSP'!GJ82 -> 0.14963717 | C180: ='Fatores Condicionantes da DLSP'!GJ83 -> 0.15425377 | D180: ='Fatores Condicionantes da DLSP'!GJ84 -> 0.11559428 | E180: ='Fatores Condicionantes da DLSP'!GJ85 -> 0.025377033 | G180: 42979 | H180: ='Fatores Condicionantes da DLSP'!GJ88 -> 0.12118483 | I180: ='Fatores Condicionantes da DLSP'!GJ89 -> 0.12568717 | J180: ='Fatores Condicionantes da DLSP'!GJ90 -> 0.087984458
A181: 43009 | B181: ='Fatores Condicionantes da DLSP'!GK82 -> 0.14657705 | C181: ='Fatores Condicionantes da DLSP'!GK83 -> 0.149105 | D181: ='Fatores Condicionantes da DLSP'!GK84 -> 0.11106787 | E181: ='Fatores Condicionantes da DLSP'!GK85 -> 0.027013382 | G181: 43009 | H181: ='Fatores Condicionantes da DLSP'!GK88 -> 0.11641881 | I181: ='Fatores Condicionantes da DLSP'!GK89 -> 0.11888026 | J181: ='Fatores Condicionantes da DLSP'!GK90 -> 0.081843612
A182: 43040 | B182: ='Fatores Condicionantes da DLSP'!GL82 -> 0.1393539 | C182: ='Fatores Condicionantes da DLSP'!GL83 -> 0.14376576 | D182: ='Fatores Condicionantes da DLSP'!GL84 -> 0.1058996 | E182: ='Fatores Condicionantes da DLSP'!GL85 -> 0.02803855 | G182: 43040 | H182: ='Fatores Condicionantes da DLSP'!GL88 -> 0.10827936 | I182: ='Fatores Condicionantes da DLSP'!GL89 -> 0.11257089 | J182: ='Fatores Condicionantes da DLSP'!GL90 -> 0.075737478
A183: 43070 | B183: ='Fatores Condicionantes da DLSP'!GM82 -> 0.13671423 | C183: ='Fatores Condicionantes da DLSP'!GM83 -> 0.13914665 | D183: ='Fatores Condicionantes da DLSP'!GM84 -> 0.099556423 | E183: ='Fatores Condicionantes da DLSP'!GM85 -> 0.029473499 | G183: 43070 | H183: ='Fatores Condicionantes da DLSP'!GM88 -> 0.10417046 | I183: ='Fatores Condicionantes da DLSP'!GM89 -> 0.10653324 | J183: ='Fatores Condicionantes da DLSP'!GM90 -> 0.068076472
A184: 43101 | B184: ='Fatores Condicionantes da DLSP'!GN82 -> 0.13198177 | C184: ='Fatores Condicionantes da DLSP'!GN83 -> 0.13407144 | D184: ='Fatores Condicionantes da DLSP'!GN84 -> 0.094009151 | E184: ='Fatores Condicionantes da DLSP'!GN85 -> 0.02855048 | G184: 43101 | H184: ='Fatores Condicionantes da DLSP'!GN88 -> 0.10056024 | I184: ='Fatores Condicionantes da DLSP'!GN89 -> 0.10259191 | J184: ='Fatores Condicionantes da DLSP'!GN90 -> 0.06364167
A185: 43132 | B185: ='Fatores Condicionantes da DLSP'!GO82 -> 0.12960468 | C185: ='Fatores Condicionantes da DLSP'!GO83 -> 0.13071074 | D185: ='Fatores Condicionantes da DLSP'!GO84 -> 0.089670857 | E185: ='Fatores Condicionantes da DLSP'!GO85 -> 0.028447964 | G185: 43132 | H185: ='Fatores Condicionantes da DLSP'!GO88 -> 0.098358617 | I185: ='Fatores Condicionantes da DLSP'!GO89 -> 0.099434076 | J185: ='Fatores Condicionantes da DLSP'!GO90 -> 0.059529403
A186: 43160 | B186: ='Fatores Condicionantes da DLSP'!GP82 -> 0.12398406 | C186: ='Fatores Condicionantes da DLSP'!GP83 -> 0.1247784 | D186: ='Fatores Condicionantes da DLSP'!GP84 -> 0.084063447 | E186: ='Fatores Condicionantes da DLSP'!GP85 -> 0.02680655 | G186: 43160 | H186: ='Fatores Condicionantes da DLSP'!GP88 -> 0.094640528 | I186: ='Fatores Condicionantes da DLSP'!GP89 -> 0.095414126 | J186: ='Fatores Condicionantes da DLSP'!GP90 -> 0.055762106
A187: 43191 | B187: ='Fatores Condicionantes da DLSP'!GQ82 -> 0.12309409 | C187: ='Fatores Condicionantes da DLSP'!GQ83 -> 0.12265417 | D187: ='Fatores Condicionantes da DLSP'!GQ84 -> 0.081159417 | E187: ='Fatores Condicionantes da DLSP'!GQ85 -> 0.027626847 | G187: 43191 | H187: ='Fatores Condicionantes da DLSP'!GQ88 -> 0.092900686 | I187: ='Fatores Condicionantes da DLSP'!GQ89 -> 0.092472596 | J187: ='Fatores Condicionantes da DLSP'!GQ90 -> 0.052093394
A188: 43221 | B188: ='Fatores Condicionantes da DLSP'!GR82 -> 0.12272588 | C188: ='Fatores Condicionantes da DLSP'!GR83 -> 0.12037036 | D188: ='Fatores Condicionantes da DLSP'!GR84 -> 0.076749243 | E188: ='Fatores Condicionantes da DLSP'!GR85 -> 0.028548853 | G188: 43221 | H188: ='Fatores Condicionantes da DLSP'!GR88 -> 0.09156301 | I188: ='Fatores Condicionantes da DLSP'!GR89 -> 0.089272866 | J188: ='Fatores Condicionantes da DLSP'!GR90 -> 0.046862519
A189: 43252 | B189: ='Fatores Condicionantes da DLSP'!GS82 -> 0.12585102 | C189: ='Fatores Condicionantes da DLSP'!GS83 -> 0.12117502 | D189: ='Fatores Condicionantes da DLSP'!GS84 -> 0.073633548 | E189: ='Fatores Condicionantes da DLSP'!GS85 -> 0.043909561 | G189: 43252 | H189: ='Fatores Condicionantes da DLSP'!GS88 -> 0.078494792 | I189: ='Fatores Condicionantes da DLSP'!GS89 -> 0.074015475 | J189: ='Fatores Condicionantes da DLSP'!GS90 -> 0.028473718
A190: 43282 | B190: ='Fatores Condicionantes da DLSP'!GT82 -> 0.12405649 | C190: ='Fatores Condicionantes da DLSP'!GT83 -> 0.11996287 | D190: ='Fatores Condicionantes da DLSP'!GT84 -> 0.070864255 | E190: ='Fatores Condicionantes da DLSP'!GT85 -> 0.04484683 | G190: 43282 | H190: ='Fatores Condicionantes da DLSP'!GT88 -> 0.075809832 | I190: ='Fatores Condicionantes da DLSP'!GT89 -> 0.071891915 | J190: ='Fatores Condicionantes da DLSP'!GT90 -> 0.024900707
A191: 43313 | D191: ='Fatores Condicionantes da DLSP'!GU84 -> 0.068420815 | E191: ='Fatores Condicionantes da DLSP'!GU85 -> 0.041926807 | G191: 43313 | J191: ='Fatores Condicionantes da DLSP'!GU90 -> 0.025427897

Sheet Selic real ex-ante
B1: Selic meta | C1: IPCA 12 meses (FOCUS) | D1: Selic real (ex-ante) | E1: Selic real efetiva | F1: IPCA 12 meses (verificado) | G1: Erro
A2: 39381 | B2: 0.1125 | C2: 0.0379 | D2: =(1+B2)/(1+C2)-1 -> 0.071875903 | E2: ='Taxa implícita com e sem swaps'!J61 -> 0.077792259 | F2: ='Taxa implícita com e sem swaps'!E73 -> 0.064093051 | G2: =F2-C2 -> 0.026193051
A3: 39416 | B3: 0.1125 | C3: 0.0396 | D3: =(1+B3)/(1+C3)-1 -> 0.070123124 | E3: ='Taxa implícita com e sem swaps'!J62 -> 0.075121562 | F3: ='Taxa implícita com e sem swaps'!E74 -> 0.063881038 | G3: =F3-C3 -> 0.024281038
A4: 39444 | B4: 0.1125 | C4: 0.043 | D4: =(1+B4)/(1+C4)-1 -> 0.066634708 | E4: ='Taxa implícita com e sem swaps'!J63 -> 0.070754028 | F4: ='Taxa implícita com e sem swaps'!E75 -> 0.059023134 | G4: =F4-C4 -> 0.016023134
A5: 39472 | B5: 0.1125 | C5: 0.0435 | D5: =(1+B5)/(1+C5)-1 -> 0.066123622 | E5: ='Taxa implícita com e sem swaps'!J64 -> 0.068101635 | F5: ='Taxa implícita com e sem swaps'!E76 -> 0.058391133 | G5: =F5-C5 -> 0.014891133
A6: 39507 | B6: 0.1125 | C6: 0.0426 | D6: =(1+B6)/(1+C6)-1 -> 0.067043929 | E6: ='Taxa implícita com e sem swaps'!J65 -> 0.066829335 | F6: ='Taxa implícita com e sem swaps'!E77 -> 0.059023071 | G6: =F6-C6 -> 0.016423071
A7: 39535 | B7: 0.1125 | C7: 0.0438 | D7: =(1+B7)/(1+C7)-1 -> 0.065817206 | E7: ='Taxa implícita com e sem swaps'!J66 -> 0.063446793 | F7: ='Taxa implícita com e sem swaps'!E78 -> 0.056071972 | G7: =F7-C7 -> 0.012271972
A8: 39563 | B8: 0.1175 | C8: 0.0443 | D8: =(1+B8)/(1+C8)-1 -> 0.0700948 | E8: ='Taxa implícita com e sem swaps'!J67 -> 0.059853743 | F8: ='Taxa implícita com e sem swaps'!E79 -> 0.055336765 | G8: =F8-C8 -> 0.011036765
A9: 39598 | B9: 0.1175 | C9: 0.0479 | D9: =(1+B9)/(1+C9)-1 -> 0.066418551 | E9: ='Taxa implícita com e sem swaps'!J68 -> 0.052925246 | F9: ='Taxa implícita com e sem swaps'!E80 -> 0.051986157 | G9: =F9-C9 -> 0.0040861574
A10: 39626 | B10: 0.1225 | C10: 0.0528 | D10: =(1+B10)/(1+C10)-1 -> 0.066204407 | E10: ='Taxa implícita com e sem swaps'!J69 -> 0.048636701 | F10: ='Taxa implícita com e sem swaps'!E81 -> 0.048017975 | G10: =F10-C10 -> -0.0047820255
A11: 39654 | B11: 0.13 | C11: 0.0544 | D11: =(1+B11)/(1+C11)-1 -> 0.071699545 | E11: ='Taxa implícita com e sem swaps'!J70 -> 0.046647253 | F11: ='Taxa implícita com e sem swaps'!E82 -> 0.044994746 | G11: =F11-C11 -> -0.0094052545
A12: 39689 | B12: 0.1375 | C12: 0.0526 | D12: =(1+B12)/(1+C12)-1 -> 0.08065742 | E12: ='Taxa implícita com e sem swaps'!J71 -> 0.048941836 | F12: ='Taxa implícita com e sem swaps'!E83 -> 0.043640046 | G12: =F12-C12 -> -0.0089599545
A13: 39717 | B13: 0.1375 | C13: 0.0514 | D13: =(1+B13)/(1+C13)-1 -> 0.081890812 | E13: ='Taxa implícita com e sem swaps'!J72 -> 0.051224218 | F13: ='Taxa implícita com e sem swaps'!E84 -> 0.043431859 | G13: =F13-C13 -> -0.0079681412
... A120: 42972 | B120: 0.0925 | C120: 0.043 | D120: =(1+B120)/(1+C120)-1 -> 0.047459252 | E120: ='Taxa implícita com e sem swaps'!J179 -> 0.09393922 | F120: ='Taxa implícita com e sem swaps'!E191 -> 0.041926807 | G120: =F120-C120 -> -0.0010731932
A121: 43007 | B121: 0.0825 | C121: 0.0397 | D121: =(1+B121)/(1+C121)-1 -> 0.041165721 | E121: ='Taxa implícita com e sem swaps'!J180 -> 0.087984458
A122: 43035 | B122: 0.075 | C122: 0.04 | D122: =(1+B122)/(1+C122)-1 -> 0.033653846 | E122: ='Taxa implícita com e sem swaps'!J181 -> 0.081843612
A123: 43063 | B123: 0.074 | C123: 0.0398 | D123: =(1+B123)/(1+C123)-1 -> 0.032890941 | E123: ='Taxa implícita com e sem swaps'!J182 -> 0.075737478
A124: 43098 | B124: 0.07 | C124: 0.039 | D124: =(1+B124)/(1+C124)-1 -> 0.029836381 | E124: ='Taxa implícita com e sem swaps'!J183 -> 0.068076472
A125: 43126 | B125: 0.07 | C125: 0.0401 | D125: =(1+B125)/(1+C125)-1 -> 0.028747236 | E125: ='Taxa implícita com e sem swaps'!J184 -> 0.06364167
A126: 43154 | B126: 0.0675 | C126: 0.0401 | D126: =(1+B126)/(1+C126)-1 -> 0.026343621 | E126: ='Taxa implícita com e sem swaps'!J185 -> 0.059529403
A127: 43188 | B127: 0.065 | C127: 0.0395 | D127: =(1+B127)/(1+C127)-1 -> 0.024531025 | E127: ='Taxa implícita com e sem swaps'!J186 -> 0.055762106
A128: 43217 | B128: 0.065 | C128: 0.0408 | D128: =(1+B128)/(1+C128)-1 -> 0.023251345 | E128: ='Taxa implícita com e sem swaps'!J187 -> 0.052093394
A129: 43245 | B129: 0.065 | C129: 0.0432 | D129: =(1+B129)/(1+C129)-1 -> 0.020897239 | E129: ='Taxa implícita com e sem swaps'!J188 -> 0.046862519
A130: 43280 | B130: 0.065 | C130: 0.0402 | D130: =(1+B130)/(1+C130)-1 -> 0.023841569 | E130: ='Taxa implícita com e sem swaps'!J189 -> 0.028473718
A131: 43308 | B131: 0.065 | C131: 0.0367 | D131: =(1+B131)/(1+C131)-1 -> 0.027298158 | E131: ='Taxa implícita com e sem swaps'!J190 -> 0.024900707
A132: 43343 | B132: 0.065 | C132: 0.0375 | D132: =(1+B132)/(1+C132)-1 -> 0.026506024 | E132: ='Taxa implícita com e sem swaps'!J191 -> 0.025427897
A133: 43356 | B133: 0.065 | C133: 0.037 | D133: =(1+B133)/(1+C133)-1 -> 0.027000964

Sheet IPCA
B1: Observado | C1: Expectativa mediana FOCUS | D1: IPCA mensal | E1: FOCUS
A2: 29221 | D2: 6.6156492
A3: 29252 | D3: 4.6169189
A4: 29281 | D4: 6.0383887
A5: 29312 | D5: 5.2861138
A6: 29342 | D6: 5.7027207
A7: 29373 | D7: 5.3053043
A8: 29403 | D8: 5.5456121
A9: 29434 | D9: 4.9455824
A10: 29465 | D10: 4.2303253
A11: 29495 | D11: 9.4805312
A12: 29526 | D12: 6.6733598
A13: 29556 | D13: 6.6140836
... A408: 41579 | D408: 0.54
A409: 41609 | B409: =D409/100 -> 0.0092 | C409: =E409/100 -> 0.0075 | D409: 0.92 | E409: 0.75 | G409: =D409-E409 -> 0.17
A410: 41640 | B410: =D410/100 -> 0.0055 | C410: =E410/100 -> 0.0072 | D410: 0.55 | E410: 0.72 | G410: =D410-E410 -> -0.17
A411: 41671 | B411: =D411/100 -> 0.0069 | C411: =E411/100 -> 0.0063 | D411: 0.69 | E411: 0.63 | G411: =D411-E411 -> 0.06
A412: 41699 | B412: =D412/100 -> 0.0092 | C412: =E412/100 -> 0.0084 | D412: 0.92 | E412: 0.84 | G412: =D412-E412 -> 0.08
A413: 41730 | B413: =D413/100 -> 0.0067 | C413: =E413/100 -> 0.008 | D413: 0.67 | E413: 0.8 | G413: =D413-E413 -> -0.13
A414: 41760 | B414: =D414/100 -> 0.0046 | C414: =E414/100 -> 0.0045 | D414: 0.46 | E414: 0.45 | G414: =D414-E414 -> 0.01
A415: 41791 | B415: =D415/100 -> 0.004 | C415: =E415/100 -> 0.0035 | D415: 0.4 | E415: 0.35 | G415: =D415-E415 -> 0.05
A416: 41821 | B416: =D416/100 -> 0.0001 | C416: =E416/100 -> 0.0014 | D416: 0.01 | E416: 0.14 | G416: =D416-E416 -> -0.13
A417: 41852 | B417: =D417/100 -> 0.0025 | C417: =E417/100 -> 0.0023 | D417: 0.25 | E417: 0.23 | G417: =D417-E417 -> 0.02
A418: 41883 | B418: =D418/100 -> 0.0057 | C418: =E418/100 -> 0.0044 | D418: 0.57 | E418: 0.44 | G418: =D418-E418 -> 0.13
A419: 41913 | B419: =D419/100 -> 0.0042 | C419: =E419/100 -> 0.005 | D419: 0.42 | E419: 0.5 | G419: =D419-E419 -> -0.08
A420: 41944 | B420: =D420/100 -> 0.0051 | C420: =E420/100 -> 0.0059 | D420: 0.51 | E420: 0.59 | G420: =D420-E420 -> -0.08
A421: 41974 | B421: =D421/100 -> 0.0078 | C421: =E421/100 -> 0.0075 | D421: 0.78 | E421: 0.75 | G421: =D421-E421 -> 0.03 | I421: =AVERAGE(G410:G421) -> -0.0175
A422: 42005 | B422: =D422/100 -> 0.0124 | C422: =E422/100 -> 0.012 | D422: 1.24 | E422: 1.2 | G422: =D422-E422 -> 0.04
A423: 42036 | B423: =D423/100 -> 0.0122 | C423: =E423/100 -> 0.0107 | D423: 1.22 | E423: 1.07 | G423: =D423-E423 -> 0.15
A424: 42064 | B424: =D424/100 -> 0.0132 | C424: =E424/100 -> 0.014 | D424: 1.32 | E424: 1.4 | G424: =D424-E424 -> -0.08
A425: 42095 | B425: =D425/100 -> 0.0071 | C425: =E425/100 -> 0.007 | D425: 0.71 | E425: 0.7 | G425: =D425-E425 -> 0.01
A426: 42125 | B426: =D426/100 -> 0.0074 | C426: =E426/100 -> 0.0055 | D426: 0.74 | E426: 0.55 | G426: =D426-E426 -> 0.19
A427: 42156 | B427: =D427/100 -> 0.0079 | C427: =E427/100 -> 0.0074 | D427: 0.79 | E427: 0.74 | G427: =D427-E427 -> 0.05
A428: 42186 | B428: =D428/100 -> 0.0062 | C428: =E428/100 -> 0.0058 | D428: 0.62 | E428: 0.58 | G428: =D428-E428 -> 0.04
A429: 42217 | B429: =D429/100 -> 0.0022 | C429: =E429/100 -> 0.0025 | D429: 0.22 | E429: 0.25 | G429: =D429-E429 -> -0.03
A430: 42248 | B430: =D430/100 -> 0.0054 | C430: =E430/100 -> 0.0051 | D430: 0.54 | E430: 0.51 | G430: =D430-E430 -> 0.03
A431: 42278 | B431: =D431/100 -> 0.0082 | C431: =E431/100 -> 0.0079 | D431: 0.82 | E431: 0.79 | G431: =D431-E431 -> 0.03
A432: 42309 | B432: =D432/100 -> 0.0101 | C432: =E432/100 -> 0.009 | D432: 1.01 | E432: 0.9 | G432: =D432-E432 -> 0.11
A433: 42339 | B433: =D433/100 -> 0.0096 | C433: =E433/100 -> 0.01 | D433: 0.96 | E433: 1 | G433: =D433-E433 -> -0.04 | I433: =AVERAGE(G422:G433) -> 0.041666667
A434: 42370 | B434: =D434/100 -> 0.0127 | C434: =E434/100 -> 0.0106 | D434: 1.27 | E434: 1.06 | G434: =D434-E434 -> 0.21
A435: 42401 | B435: =D435/100 -> 0.009 | C435: =E435/100 -> 0.0095 | D435: 0.9 | E435: 0.95 | G435: =D435-E435 -> -0.05
A436: 42430 | B436: =D436/100 -> 0.0043 | C436: =E436/100 -> 0.0053 | D436: 0.43 | E436: 0.53 | G436: =D436-E436 -> -0.1
A437: 42461 | B437: =D437/100 -> 0.0061 | C437: =E437/100 -> 0.0053 | D437: 0.61 | E437: 0.53 | G437: =D437-E437 -> 0.08
A438: 42491 | B438: =D438/100 -> 0.0078 | C438: =E438/100 -> 0.0072 | D438: 0.78 | E438: 0.72 | G438: =D438-E438 -> 0.06
A439: 42522 | B439: =D439/100 -> 0.0035 | C439: =E439/100 -> 0.0038 | D439: 0.35 | E439: 0.38 | G439: =D439-E439 -> -0.03
A440: 42552 | B440: =D440/100 -> 0.0052 | C440: =E440/100 -> 0.0042 | D440: 0.52 | E440: 0.42 | G440: =D440-E440 -> 0.1
A441: 42583 | B441: =D441/100 -> 0.0044 | C441: =E441/100 -> 0.0042 | D441: 0.44 | E441: 0.42 | G441: =D441-E441 -> 0.02 | I441: =AVERAGE(G434:G441) -> 0.03625
A442: 42614 | B442: =D442/100 -> 0.0008 | C442: =E442/100 -> 0.0024 | D442: 0.08 | E442: 0.24 | G442: =D442-E442 -> -0.16
A443: 42644 | B443: =D443/100 -> 0.0026 | C443: =E443/100 -> 0.003 | D443: 0.26 | E443: 0.3 | G443: =D443-E443 -> -0.04
A444: 42675 | B444: =D444/100 -> 0.0018 | C444: =E444/100 -> 0.0032 | D444: 0.18 | E444: 0.32 | G444: =D444-E444 -> -0.14
A445: 42705 | B445: =D445/100 -> 0.003 | C445: =E445/100 -> 0.0036 | D445: 0.3 | E445: 0.36 | G445: =D445-E445 -> -0.06
A446: 42736 | B446: =D446/100 -> 0.0038 | C446: =E446/100 -> 0.0047 | D446: 0.38 | E446: 0.47 | G446: =D446-E446 -> -0.09
A447: 42767 | B447: =D447/100 -> 0.0033 | C447: =E447/100 -> 0.0043 | D447: 0.33 | E447: 0.43 | G447: =D447-E447 -> -0.1
A448: 42795 | B448: =D448/100 -> 0.0025 | C448: =E448/100 -> 0.0023 | D448: 0.25 | E448: 0.23 | G448: =D448-E448 -> 0.02
A449: 42826 | B449: =D449/100 -> 0.0014 | C449: =E449/100 -> 0.0018 | D449: 0.14 | E449: 0.18 | G449: =D449-E449 -> -0.04
A450: 42856 | B450: =D450/100 -> 0.0031 | C450: =E450/100 -> 0.0046 | D450: 0.31 | E450: 0.46 | G450: =D450-E450 -> -0.15
A451: 42887 | B451: =D451/100 -> -0.0023 | C451: =E451/100 -> -0.0015 | D451: -0.23 | E451: -0.15 | G451: =D451-E451 -> -0.08
A452: 42917 | B452: =D452/100 -> 0.0024 | C452: =E452/100 -> 0.0016 | D452: 0.24 | E452: 0.16 | G452: =D452-E452 -> 0.08
A453: 42948 | B453: =D453/100 -> 0.0019 | C453: =E453/100 -> 0.0039 | D453: 0.19 | E453: 0.39 | G453: =D453-E453 -> -0.2
... A465: 43313 | B465: =D465/100 -> -0.0009 | C465: =E465/100 -> 0 | D465: -0.09 | E465: 0 | G465: =D465-E465 -> -0.09
A466: 43344 | C466: =E466/100 -> 0.004 | E466: 0.4
A467: 43374 | C467: =E467/100 -> 0.0035 | E467: 0.35
A468: 43405 | C468: =E468/100 -> 0.003 | E468: 0.3
A469: 43435

Sheet DLSP até 1997
A1: Data | B1: 16845 - Dívida Líquida do Setor Público (% PIB valorizado) - Total - Setor público consolidado com Petrobras e Eletrobras - %
A2: 33239 | B2: 42.19 | C2: =B2/100 -> 0.4219
A3: 33270 | B3: 39 | C3: =B3/100 -> 0.39
A4: 33298 | B4: 39.51 | C4: =B4/100 -> 0.3951
A5: 33329 | B5: 39.81 | C5: =B5/100 -> 0.3981
A6: 33359 | B6: 39.65 | C6: =B6/100 -> 0.3965
A7: 33390 | B7: 38.12 | C7: =B7/100 -> 0.3812
A8: 33420 | B8: 36.23 | C8: =B8/100 -> 0.3623
A9: 33451 | B9: 35.27 | C9: =B9/100 -> 0.3527
A10: 33482 | B10: 34.16 | C10: =B10/100 -> 0.3416
A11: 33512 | B11: 35.52 | C11: =B11/100 -> 0.3552
A12: 33543 | B12: 36.78 | C12: =B12/100 -> 0.3678
A13: 33573 | B13: 38.14 | C13: =B13/100 -> 0.3814
... A85: 35765 | B85: 31.83 | C85: =B85/100 -> 0.3183

Sheet Dívida Pública - Valor
B1: BRL Milhões | M1: % do PIB
A2: Data | B2: PIB BRL | C2: 4478 - DLSP | D2: 4502 - DBGG (DBGG + C) | E2: (A) Dívida Mobiliária do Bacen | F2: (B) Operações compromissadas | G2: (C) Dívida Mobiliária na carteira do Bacen | H2: (D)Dívida mobiliária na carteira do Bacen não utilizadas nas operações compromissadas | I2: 13761 - DBGG = 13761 - H = 13761 + B - C | J2: DBGG + A | K2: Tesouro-BNDES | M2: DLSP | N2: 4502 - DBGG (DBGG + C) | O2: (A) Dívida Mobiliária do Bacen | P2: (B) Operações compromissadas | Q2: (C) Dívida Mobiliária na carteira do Bacen | R2: (D)Dívida mobiliária na carteira do Bacen não utilizadas nas operações compromissadas | S2: 13761 - DBGG = 13761 - H = 13761 + B - C | T2: DBGG + A | U2: Tesouro-BNDES
A3: 35796 | B3: 953870.4 | C3: 316719.03 | D3: 383553.42 | M3: =C3/$B3 -> 0.3320357 | N3: =D3/$B3 -> 0.40210224
A4: 35827 | B4: 958625.8 | C4: 321846.91 | D4: 389801.68 | M4: =C4/$B4 -> 0.33573779 | N4: =D4/$B4 -> 0.40662548
A5: 35855 | B5: 968672.8 | C5: 324711.23 | D5: 398650.15 | M5: =C5/$B5 -> 0.3352125 | N5: =D5/$B5 -> 0.41154263
A6: 35886 | B6: 976262.5 | C6: 328172.06 | D6: 403347.27 | M6: =C6/$B6 -> 0.33615146 | N6: =D6/$B6 -> 0.41315453
A7: 35916 | B7: 983359.2 | C7: 334515.12 | D7: 399773.41 | M7: =C7/$B7 -> 0.34017592 | N7: =D7/$B7 -> 0.40653854
A8: 35947 | B8: 987719.2 | C8: 346736.62 | D8: 425626.1 | M8: =C8/$B8 -> 0.35104777 | N8: =D8/$B8 -> 0.43091812
A9: 35977 | B9: 992599 | C9: 349790.95 | D9: 434172.44 | M9: =C9/$B9 -> 0.35239906 | N9: =D9/$B9 -> 0.43740971
A10: 36008 | B10: 996837.8 | C10: 352092.75 | D10: 434965.81 | M10: =C10/$B10 -> 0.35320967 | N10: =D10/$B10 -> 0.43634562
A11: 36039 | B11: 999584 | C11: 358936.31 | D11: 438566.41 | M11: =C11/$B11 -> 0.35908569 | N11: =D11/$B11 -> 0.43874893
A12: 36069 | B12: 999589.6 | C12: 367735.01 | D12: 453012.08 | M12: =C12/$B12 -> 0.36788599 | N12: =D12/$B12 -> 0.45319807
A13: 36100 | B13: 1000516 | C13: 378265.38 | D13: 482371.68 | M13: =C13/$B13 -> 0.3780703 | N13: =D13/$B13 -> 0.4821229
A14: 36130 | B14: 1002351 | C14: 385869.63 | D14: 507062.72 | M14: =C14/$B14 -> 0.38496458 | N14: =D14/$B14 -> 0.50587341
... A49: 37196 | B49: 1308590.4 | C49: 660397.8 | D49: 890585.3 | M49: =C49/$B49 -> 0.50466349 | N49: =D49/$B49 -> 0.68056842
A50: 37226 | B50: 1315755.5 | C50: 677430.83 | D50: 885907.19 | E50: 126197.6 | F50: -8775.5154 | G50: 189441.94 | H50: =G50-F50 -> 198217.45 | I50: =D50-H50 -> 687689.74 | J50: =I50+E50 -> 813887.34 | K50: 4252.0997 | M50: =C50/$B50 -> 0.51486072 | N50: =D50/$B50 -> 0.67330685 | O50: =E50/$B50 -> 0.095912656 | P50: =F50/$B50 -> -0.0066695639 | Q50: =G50/$B50 -> 0.14397959 | R50: =H50/$B50 -> 0.15064916 | S50: =I50/$B50 -> 0.52265769 | T50: =J50/$B50 -> 0.61857035 | U50: =K50/$B50 -> 0.0032316792
A51: 37257 | B51: 1325599.6 | C51: 693017.99 | D51: 906266.93 | E51: 127453.05 | F51: -11.74927 | G51: 192155.46 | H51: =G51-F51 -> 192167.21 | I51: =D51-H51 -> 714099.72 | J51: =I51+E51 -> 841552.77 | K51: 4262.7406 | M51: =C51/$B51 -> 0.52279587 | N51: =D51/$B51 -> 0.68366566 | O51: =E51/$B51 -> 0.09614747 | P51: =F51/$B51 -> -8.8633626e-06 | Q51: =G51/$B51 -> 0.14495739 | R51: =H51/$B51 -> 0.14496625 | S51: =I51/$B51 -> 0.53869941 | T51: =J51/$B51 -> 0.63484688 | U51: =K51/$B51 -> 0.0032157075
A52: 37288 | B52: 1335441.4 | C52: 686807.4 | D52: 904899.76 | E52: 119311.66 | F52: 4552.4331 | G52: 194977.84 | H52: =G52-F52 -> 190425.4 | I52: =D52-H52 -> 714474.36 | J52: =I52+E52 -> 833786.02 | K52: 4297.3103 | M52: =C52/$B52 -> 0.51429243 | N52: =D52/$B52 -> 0.67760349 | O52: =E52/$B52 -> 0.089342488 | P52: =F52/$B52 -> 0.0034089351 | Q52: =G52/$B52 -> 0.14600254 | R52: =H52/$B52 -> 0.1425936 | S52: =I52/$B52 -> 0.53500989 | T52: =J52/$B52 -> 0.62435238 | U52: =K52/$B52 -> 0.0032178951
A53: 37316 | B53: 1345582.3 | C53: 686333.45 | D53: 906714.79 | E53: 114440.72 | F53: 12194.472 | G53: 196771.02 | H53: =G53-F53 -> 184576.55 | I53: =D53-H53 -> 722138.24 | J53: =I53+E53 -> 836578.97 | K53: 4332.0607 | M53: =C53/$B53 -> 0.51006427 | N53: =D53/$B53 -> 0.67384566 | O53: =E53/$B53 -> 0.08504922 | P53: =F53/$B53 -> 0.0090625986 | Q53: =G53/$B53 -> 0.14623484 | R53: =H53/$B53 -> 0.13717225 | S53: =I53/$B53 -> 0.53667341 | T53: =J53/$B53 -> 0.62172263 | U53: =K53/$B53 -> 0.0032194691
A54: 37347 | B54: 1358396.3 | C54: 692103.56 | D54: 929155.62 | E54: 107250.75 | F54: 15907.399 | G54: 200446.84 | H54: =G54-F54 -> 184539.44 | I54: =D54-H54 -> 744616.18 | J54: =I54+E54 -> 851866.93 | K54: 5544.3185 | M54: =C54/$B54 -> 0.50950047 | N54: =D54/$B54 -> 0.68400924 | O54: =E54/$B54 -> 0.078953948 | P54: =F54/$B54 -> 0.011710426 | Q54: =G54/$B54 -> 0.14756138 | R54: =H54/$B54 -> 0.13585096 | S54: =I54/$B54 -> 0.54815828 | T54: =J54/$B54 -> 0.62711223 | U54: =K54/$B54 -> 0.0040815177
A55: 37377 | B55: 1370746.6 | C55: 715143.05 | D55: 956468.85 | E55: 107176.91 | F55: 19716.489 | G55: 208507.78 | H55: =G55-F55 -> 188791.29 | I55: =D55-H55 -> 767677.56 | J55: =I55+E55 -> 874854.47 | K55: 5662.9983 | M55: =C55/$B55 -> 0.52171791 | N55: =D55/$B55 -> 0.69777218 | O55: =E55/$B55 -> 0.078188713 | P55: =F55/$B55 -> 0.014383759 | Q55: =G55/$B55 -> 0.15211256 | R55: =H55/$B55 -> 0.13772881 | S55: =I55/$B55 -> 0.56004338 | T55: =J55/$B55 -> 0.63823209 | U55: =K55/$B55 -> 0.004131324
A56: 37408 | B56: 1389221.6 | C56: 757614.19 | D56: 999649.75 | E56: 114359.91 | F56: 32040.289 | G56: 219304.96 | H56: =G56-F56 -> 187264.67 | I56: =D56-H56 -> 812385.08 | J56: =I56+E56 -> 926745 | K56: 5738.7025 | M56: =C56/$B56 -> 0.54535158 | N56: =D56/$B56 -> 0.71957544 | O56: =E56/$B56 -> 0.082319418 | P56: =F56/$B56 -> 0.023063483 | Q56: =G56/$B56 -> 0.15786175 | R56: =H56/$B56 -> 0.13479827 | S56: =I56/$B56 -> 0.58477717 | T56: =J56/$B56 -> 0.66709659 | U56: =K56/$B56 -> 0.0041308763
A57: 37438 | B57: 1405319.2 | C57: 826210.62 | D57: 1097208.7 | E57: 99614.201 | F57: 35831.171 | G57: 240296.65 | H57: =G57-F57 -> 204465.47 | I57: =D57-H57 -> 892743.22 | J57: =I57+E57 -> 992357.42 | K57: 5775.9062 | M57: =C57/$B57 -> 0.5879167 | N57: =D57/$B57 -> 0.78075407 | O57: =E57/$B57 -> 0.070883683 | P57: =F57/$B57 -> 0.025496821 | Q57: =G57/$B57 -> 0.17099079 | R57: =H57/$B57 -> 0.14549397 | S57: =I57/$B57 -> 0.6352601 | T57: =J57/$B57 -> 0.70614378 | U57: =K57/$B57 -> 0.0041100315
A58: 37469 | B58: 1420054.7 | C58: 793884.64 | D58: 1051398.9 | E58: 74619.113 | F58: 54549.474 | G58: 249860.51 | H58: =G58-F58 -> 195311.03 | I58: =D58-H58 -> 856087.92 | J58: =I58+E58 -> 930707.03 | K58: 8263.6953 | M58: =C58/$B58 -> 0.55905215 | N58: =D58/$B58 -> 0.74039327 | O58: =E58/$B58 -> 0.052546647 | P58: =F58/$B58 -> 0.038413643 | Q58: =G58/$B58 -> 0.17595133 | R58: =H58/$B58 -> 0.13753768 | S58: =I58/$B58 -> 0.60285559 | T58: =J58/$B58 -> 0.65540224 | U58: =K58/$B58 -> 0.0058192796
A59: 37500 | B59: 1436491.7 | C59: 897021.16 | D59: 1163905.5 | E59: 93688.378 | F59: 62482.47 | G59: 275943.5 | H59: =G59-F59 -> 213461.03 | I59: =D59-H59 -> 950444.43 | J59: =I59+E59 -> 1044132.8 | K59: 8924.356 | M59: =C59/$B59 -> 0.62445273 | N59: =D59/$B59 -> 0.81024169 | O59: =E59/$B59 -> 0.065220271 | P59: =F59/$B59 -> 0.043496576 | Q59: =G59/$B59 -> 0.19209543 | R59: =H59/$B59 -> 0.14859886 | S59: =I59/$B59 -> 0.66164283 | T59: =J59/$B59 -> 0.7268631 | U59: =K59/$B59 -> 0.0062126053
A60: 37530 | B60: 1453478.1 | C60: 877834.84 | D60: 1125597.8 | E60: 85085.909 | F60: 66849.516 | G60: 275686.3 | H60: =G60-F60 -> 208836.79 | I60: =D60-H60 -> 916760.96 | J60: =I60+E60 -> 1001846.9 | K60: 10163.722 | M60: =C60/$B60 -> 0.60395464 | N60: =D60/$B60 -> 0.77441672 | O60: =E60/$B60 -> 0.058539519 | P60: =F60/$B60 -> 0.045992792 | Q60: =G60/$B60 -> 0.18967352 | R60: =H60/$B60 -> 0.14368073 | S60: =I60/$B60 -> 0.630736 | T60: =J60/$B60 -> 0.68927552 | U60: =K60/$B60 -> 0.00699269
A61: 37561 | B61: 1471562.8 | C61: 880667.62 | D61: 1138161.8 | E61: 75767.368 | F61: 74376.89 | G61: 278758.92 | H61: =G61-F61 -> 204382.03 | I61: =D61-H61 -> 933779.78 | J61: =I61+E61 -> 1009547.1 | K61: 10401.392 | M61: =C61/$B61 -> 0.59845738 | N61: =D61/$B61 -> 0.77343747 | O61: =E61/$B61 -> 0.051487689 | P61: =F61/$B61 -> 0.050542791 | Q61: =G61/$B61 -> 0.18943053 | R61: =H61/$B61 -> 0.13888774 | S61: =I61/$B61 -> 0.63454973 | T61: =J61/$B61 -> 0.68603742 | U61: =K61/$B61 -> 0.0070682622
... A109: 39022 | B109: 2386570.9 | C109: 1098243.7 | D109: 1539879.6 | E109: 0 | F109: 89682.007 | G109: 292780.24 | H109: =G109-F109 -> 203098.23 | I109: =D109-H109 -> 1336781.4 | J109: =I109+E109 -> 1336781.4 | K109: 9778.1385 | M109: =C109/$B109 -> 0.46017645 | N109: =D109/$B109 -> 0.64522684 | O109: =E109/$B109 -> 0 | P109: =F109/$B109 -> 0.037577768 | Q109: =G109/$B109 -> 0.12267821 | R109: =H109/$B109 -> 0.085100439 | S109: =I109/$B109 -> 0.5601264 | T109: =J109/$B109 -> 0.5601264 | U109: =K109/$B109 -> 0.0040971498
A110: 39052 | B110: 2409449.9 | C110: 1120052.6 | D110: 1556476.3 | E110: 0 | F110: 77367.134 | G110: 297198.49 | H110: =G110-F110 -> 219831.35 | I110: 1336644.9 | J110: =I110+E110 -> 1336644.9 | K110: 9953.1892 | M110: =C110/$B110 -> 0.46485824 | N110: =D110/$B110 -> 0.64598822 | O110: =E110/$B110 -> 0 | P110: =F110/$B110 -> 0.032109875 | Q110: =G110/$B110 -> 0.12334703 | R110: =H110/$B110 -> 0.091237155 | S110: =I110/$B110 -> 0.55475107 | T110: =J110/$B110 -> 0.55475107 | U110: =K110/$B110 -> 0.0041308969
A111: 39083 | B111: 2435015.7 | C111: 1118605 | D111: 1548742.6 | E111: 0 | F111: 117347.74 | G111: 298638.41 | H111: =G111-F111 -> 181290.67 | I111: 1367451.9 | J111: =I111+E111 -> 1367451.9 | K111: 8579.955 | M111: =C111/$B111 -> 0.45938306 | N111: =D111/$B111 -> 0.63602981 | O111: =E111/$B111 -> 0 | P111: =F111/$B111 -> 0.048191781 | Q111: =G111/$B111 -> 0.12264332 | R111: =H111/$B111 -> 0.07445154 | S111: =I111/$B111 -> 0.56157827 | T111: =J111/$B111 -> 0.56157827 | U111: =K111/$B111 -> 0.0035235728
A112: 39114 | B112: 2459237.3 | C112: 1127618.6 | D112: 1590994.7 | E112: 0 | F112: 117681.77 | G112: 309592.78 | H112: =G112-F112 -> 191911.01 | I112: 1399083.7 | J112: =I112+E112 -> 1399083.7 | K112: 8691.4417 | M112: =C112/$B112 -> 0.45852369 | N112: =D112/$B112 -> 0.6469464 | O112: =E112/$B112 -> 0 | P112: =F112/$B112 -> 0.047852954 | Q112: =G112/$B112 -> 0.12588975 | R112: =H112/$B112 -> 0.078036799 | S112: =I112/$B112 -> 0.5689096 | T112: =J112/$B112 -> 0.5689096 | U112: =K112/$B112 -> 0.0035342021
A113: 39142 | B113: 2486602.5 | C113: 1139113.9 | D113: 1603665.2 | E113: 0 | F113: 125406.6 | G113: 305798.38 | H113: =G113-F113 -> 180391.78 | I113: 1423273.4 | J113: =I113+E113 -> 1423273.4 | K113: 8548.9704 | M113: =C113/$B113 -> 0.45810051 | N113: =D113/$B113 -> 0.64492223 | O113: =E113/$B113 -> 0 | P113: =F113/$B113 -> 0.050432909 | Q113: =G113/$B113 -> 0.12297839 | R113: =H113/$B113 -> 0.072545484 | S113: =I113/$B113 -> 0.57237675 | T113: =J113/$B113 -> 0.57237675 | U113: =K113/$B113 -> 0.0034380125
A114: 39173 | B114: 2516700.4 | C114: 1134706.7 | D114: 1602390.1 | E114: 0 | F114: 135543.55 | G114: 299078.81 | H114: =G114-F114 -> 163535.27 | I114: 1438854.9 | J114: =I114+E114 -> 1438854.9 | K114: 7633.9144 | M114: =C114/$B114 -> 0.45087078 | N114: =D114/$B114 -> 0.63670277 | O114: =E114/$B114 -> 0 | P114: =F114/$B114 -> 0.053857641 | Q114: =G114/$B114 -> 0.11883767 | R114: =H114/$B114 -> 0.064980029 | S114: =I114/$B114 -> 0.57172274 | T114: =J114/$B114 -> 0.57172274 | U114: =K114/$B114 -> 0.0030333028
A115: 39203 | B115: 2545363.7 | C115: 1151502.6 | D115: 1628950.4 | E115: 0 | F115: 157911.45 | G115: 312526.67 | H115: =G115-F115 -> 154615.22 | I115: 1474335.2 | J115: =I115+E115 -> 1474335.2 | K115: 7615.5768 | M115: =C115/$B115 -> 0.45239218 | N115: =D115/$B115 -> 0.63996765 | O115: =E115/$B115 -> 0 | P115: =F115/$B115 -> 0.062038855 | Q115: =G115/$B115 -> 0.12278272 | R115: =H115/$B115 -> 0.060743861 | S115: =I115/$B115 -> 0.57922379 | T115: =J115/$B115 -> 0.57922379 | U115: =K115/$B115 -> 0.0029919405
A116: 39234 | B116: 2575280.3 | C116: 1153731.3 | D116: 1655279.2 | E116: 0 | F116: 156960.64 | G116: 312781.15 | H116: =G116-F116 -> 155820.52 | I116: 1499458.7 | J116: =I116+E116 -> 1499458.7 | K116: 7701.5994 | M116: =C116/$B116 -> 0.44800223 | N116: =D116/$B116 -> 0.64275692 | O116: =E116/$B116 -> 0 | P116: =F116/$B116 -> 0.060948952 | Q116: =G116/$B116 -> 0.12145519 | R116: =H116/$B116 -> 0.060506236 | S116: =I116/$B116 -> 0.58225069 | T116: =J116/$B116 -> 0.58225069 | U116: =K116/$B116 -> 0.0029905868
A117: 39264 | B117: 2602129.8 | C117: 1164162.4 | D117: 1617527.9 | E117: 0 | F117: 210726.06 | G117: 310379.92 | H117: =G117-F117 -> 99653.863 | I117: 1517874 | J117: =I117+E117 -> 1517874 | K117: 6981.4419 | M117: =C117/$B117 -> 0.44738827 | N117: =D117/$B117 -> 0.6216169 | O117: =E117/$B117 -> 0 | P117: =F117/$B117 -> 0.080982147 | Q117: =G117/$B117 -> 0.11927918 | R117: =H117/$B117 -> 0.038297038 | S117: =I117/$B117 -> 0.58331986 | T117: =J117/$B117 -> 0.58331986 | U117: =K117/$B117 -> 0.0026829722
A118: 39295 | B118: 2627330.9 | C118: 1158709.1 | D118: 1646828.8 | E118: 0 | F118: 205210.93 | G118: 315772.16 | H118: =G118-F118 -> 110561.23 | I118: 1536267.5 | J118: =I118+E118 -> 1536267.5 | K118: 6946.4481 | M118: =C118/$B118 -> 0.44102139 | N118: =D118/$B118 -> 0.62680676 | O118: =E118/$B118 -> 0 | P118: =F118/$B118 -> 0.078106236 | Q118: =G118/$B118 -> 0.12018743 | R118: =H118/$B118 -> 0.042081197 | S118: =I118/$B118 -> 0.58472556 | T118: =J118/$B118 -> 0.58472556 | U118: =K118/$B118 -> 0.0026439182
A119: 39326 | B119: 2649278.5 | C119: 1181191 | D119: 1654861.9 | E119: 0 | F119: 196836.06 | G119: 318266.2 | H119: =G119-F119 -> 121430.14 | I119: 1533431.8 | J119: =I119+E119 -> 1533431.8 | K119: 6920.2282 | M119: =C119/$B119 -> 0.44585385 | N119: =D119/$B119 -> 0.62464626 | O119: =E119/$B119 -> 0 | P119: =F119/$B119 -> 0.074297987 | Q119: =G119/$B119 -> 0.12013316 | R119: =H119/$B119 -> 0.045835174 | S119: =I119/$B119 -> 0.57881108 | T119: =J119/$B119 -> 0.57881108 | U119: =K119/$B119 -> 0.002612118
A120: 39356 | B120: 2676946.2 | C120: 1193567.4 | D120: 1678387.3 | E120: 0 | F120: 211613.37 | G120: 351713.64 | H120: =G120-F120 -> 140100.28 | I120: 1538287.1 | J120: =I120+E120 -> 1538287.1 | K120: 6403.4735 | M120: =C120/$B120 -> 0.44586904 | N120: =D120/$B120 -> 0.62697836 | O120: =E120/$B120 -> 0 | P120: =F120/$B120 -> 0.079050287 | Q120: =G120/$B120 -> 0.13138614 | R120: =H120/$B120 -> 0.052335858 | S120: =I120/$B120 -> 0.5746425 | T120: =J120/$B120 -> 0.5746425 | U120: =K120/$B120 -> 0.0023920815
A121: 39387 | B121: 2699161 | C121: 1190210.5 | D121: 1704366.5 | E121: 0 | F121: 194413.06 | G121: 353823.83 | H121: =G121-F121 -> 159410.77 | I121: 1544955.7 | J121: =I121+E121 -> 1544955.7 | K121: 6451.4354 | M121: =C121/$B121 -> 0.44095574 | N121: =D121/$B121 -> 0.63144307 | O121: =E121/$B121 -> 0 | P121: =F121/$B121 -> 0.072027219 | Q121: =G121/$B121 -> 0.1310866 | R121: =H121/$B121 -> 0.059059376 | S121: =I121/$B121 -> 0.57238369 | T121: =J121/$B121 -> 0.57238369 | U121: =K121/$B121 -> 0.0023901632
... A233: 42795 | B233: 6346698.1 | C233: 3020614.7 | D233: 5052375.3 | E233: 0 | F233: 1087468 | G233: 1612839.9 | H233: =G233-F233 -> 525371.89 | I233: 4527003.5 | J233: =I233+E233 -> 4527003.5 | K233: 436002.88 | M233: =C233/$B233 -> 0.47593483 | N233: =D233/$B233 -> 0.7960636 | O233: =E233/$B233 -> 0 | P233: =F233/$B233 -> 0.1713439 | Q233: =G233/$B233 -> 0.25412268 | R233: =H233/$B233 -> 0.082778775 | S233: =I233/$B233 -> 0.71328483 | T233: =J233/$B233 -> 0.71328483 | U233: =K233/$B233 -> 0.068697593
A234: 42826 | B234: 6363504.9 | C234: 3025028.7 | D234: 5077501.4 | E234: 0 | F234: 1096102 | G234: 1625898.3 | H234: =G234-F234 -> 529796.34 | I234: 4547705 | J234: =I234+E234 -> 4547705 | K234: 438212.12 | M234: =C234/$B234 -> 0.47537148 | N234: =D234/$B234 -> 0.79790956 | O234: =E235/$B234 -> 0 | P234: =F234/$B234 -> 0.17224816 | Q234: =G234/$B234 -> 0.25550359 | R234: =H234/$B234 -> 0.08325543 | S234: =I234/$B234 -> 0.71465413 | T234: =J234/$B234 -> 0.71465413 | U234: =K234/$B234 -> 0.068863327
A235: 42856 | B235: 6400268.2 | C235: 3075139.1 | D235: 5064825.3 | E235: 0 | F235: 1166784.7 | G235: 1598093.1 | H235: =G235-F235 -> 431308.47 | I235: 4633516.8 | J235: =I235+E235 -> 4633516.8 | K235: 440797.47 | M235: =C235/$B235 -> 0.48047035 | N235: =D235/$B235 -> 0.79134579 | O235: =E236/$B235 -> 0 | P235: =F235/$B235 -> 0.18230247 | Q235: =G235/$B235 -> 0.24969159 | R235: =H235/$B235 -> 0.067389125 | S235: =I235/$B235 -> 0.72395666 | T235: =J235/$B235 -> 0.72395666 | U235: =K235/$B235 -> 0.068871718
A236: 42887 | B236: 6421855.1 | C236: 3112891.5 | D236: 5176269 | E236: 0 | F236: 1100051.3 | G236: 1601721.6 | H236: =G236-F236 -> 501670.29 | I236: 4674598.7 | J236: =I236+E236 -> 4674598.7 | K236: 443475.96 | M236: =C236/$B236 -> 0.484734 | N236: =D236/$B236 -> 0.80603952 | O236: =E237/$B236 -> 0 | P236: =F236/$B236 -> 0.17129806 | Q236: =G236/$B236 -> 0.24941727 | R236: =H236/$B236 -> 0.078119216 | S236: =I236/$B236 -> 0.7279203 | T236: =J236/$B236 -> 0.7279203 | U236: =K236/$B236 -> 0.069057298
A237: 42917 | B237: 6448193.7 | C237: 3206073.4 | D237: 5110640.2 | E237: 0 | F237: 1178128 | G237: 1566641.9 | H237: =G237-F237 -> 388513.85 | I237: 4722126.4 | J237: =I237+E237 -> 4722126.4 | K237: 444600.68 | M237: =C237/$B237 -> 0.49720489 | N237: =D237/$B237 -> 0.79256928 | O237: =E238/$B237 -> 0 | P237: =F237/$B237 -> 0.18270667 | Q237: =G237/$B237 -> 0.24295825 | R237: =H237/$B237 -> 0.060251579 | S237: =I237/$B237 -> 0.7323177 | T237: =J237/$B237 -> 0.7323177 | U237: =K237/$B237 -> 0.068949647
A238: 42948 | B238: 6471173.8 | C238: 3245655.2 | D238: 5243851.5 | E238: 0 | F238: 1157465.9 | G238: 1632434.1 | H238: =G238-F238 -> 474968.16 | I238: 4768883.3 | J238: =I238+E238 -> 4768883.3 | K238: 447290.77 | M238: =C238/$B238 -> 0.50155587 | N238: =D238/$B238 -> 0.81034008 | O238: =E239/$B238 -> 0 | P238: =F238/$B238 -> 0.17886491 | Q238: =G238/$B238 -> 0.25226244 | R238: =H238/$B238 -> 0.073397529 | S238: =I238/$B238 -> 0.73694255 | T238: =J238/$B238 -> 0.73694255 | U238: =K238/$B238 -> 0.069120501
A239: 42979 | B239: 6488752.9 | C239: 3298061.2 | D239: 5291594.9 | E239: 0 | F239: 1148182.3 | G239: 1650435.6 | H239: =G239-F239 -> 502253.34 | I239: 4789341.6 | J239: =I239+E239 -> 4789341.6 | K239: 416579.28 | M239: =C239/$B239 -> 0.50827351 | N239: =D239/$B239 -> 0.81550261 | O239: =E240/$B239 -> 0 | P239: =F239/$B239 -> 0.17694961 | Q239: =G239/$B239 -> 0.25435329 | R239: =H239/$B239 -> 0.077403678 | S239: =I239/$B239 -> 0.73809893 | T239: =J239/$B239 -> 0.73809893 | U239: =K239/$B239 -> 0.064200207
A240: 43009 | B240: 6512402.9 | C240: 3298564.7 | D240: 5297627.3 | E240: 0 | F240: 1178595.2 | G240: 1639000.5 | H240: =G240-F240 -> 460405.26 | I240: 4837222.1 | J240: =I240+E240 -> 4837222.1 | K240: 402165.67 | M240: =C240/$B240 -> 0.50650502 | N240: =D240/$B240 -> 0.81346738 | O240: =E241/$B240 -> 0 | P240: =F240/$B240 -> 0.18097702 | Q240: =G240/$B240 -> 0.25167369 | R240: =H240/$B240 -> 0.070696679 | S240: =I240/$B240 -> 0.7427707 | T240: =J240/$B240 -> 0.7427707 | U240: =K240/$B240 -> 0.061753806
A241: 43040 | B241: 6537474.5 | C241: 3333547.3 | D241: 5363866.9 | E241: 0 | F241: 1134462.2 | G241: 1645771.7 | H241: =G241-F241 -> 511309.42 | I241: 4852557.5 | J241: =I241+E241 -> 4852557.5 | K241: 404422.58 | M241: =C241/$B241 -> 0.50991363 | N241: =D241/$B241 -> 0.82047997 | O241: =E242/$B241 -> 0 | P241: =F241/$B241 -> 0.17353219 | Q241: =G241/$B241 -> 0.25174426 | R241: =H241/$B241 -> 0.078212072 | S241: =I241/$B241 -> 0.7422679 | T241: =J241/$B241 -> 0.7422679 | U241: =K241/$B241 -> 0.061862204
A242: 43070 | B242: 6559940.3 | C242: 3382942.2 | D242: 5449151.5 | E242: 0 | F242: 1064979.7 | G242: 1659452.6 | H242: =G242-F242 -> 594472.9 | I242: 4854678.6 | J242: =I242+E242 -> 4854678.6 | K242: 407030.88 | M242: =C242/$B242 -> 0.5156971 | N242: =D242/$B242 -> 0.83067089 | O242: =E243/$B242 -> 0 | P242: =F242/$B242 -> 0.16234595 | Q242: =G242/$B242 -> 0.25296764 | R242: =H242/$B242 -> 0.090621693 | S242: =I242/$B242 -> 0.7400492 | T242: =J242/$B242 -> 0.7400492 | U242: =K242/$B242 -> 0.062047955
A243: 43101 | B243: 6586990 | C243: 3406935.8 | D243: 5417636 | E243: 0 | F243: 1156924 | G243: 1670284.8 | H243: =G243-F243 -> 513360.76 | I243: 4904275.2 | J243: =I243+E243 -> 4904275.2 | K243: 408279.3 | M243: =C243/$B243 -> 0.51722195 | N243: =D243/$B243 -> 0.82247521 | O243: =E244/$B243 -> 0 | P243: =F243/$B243 -> 0.17563773 | Q243: =G243/$B243 -> 0.2535733 | R243: =H243/$B243 -> 0.077935561 | S243: =I243/$B243 -> 0.74453965 | T243: =J243/$B243 -> 0.74453965 | U243: =K243/$B243 -> 0.061982681
A244: 43132 | B244: 6602485 | C244: 3431816.3 | D244: 5484092.7 | E244: 0 | F244: 1147384.2 | G244: 1674257.6 | H244: =G244-F244 -> 526873.41 | I244: 4957219.3 | J244: =I244+E244 -> 4957219.3 | K244: 410420.6 | M244: =C244/$B244 -> 0.51977647 | N244: =D244/$B244 -> 0.8306104 | O244: =E245/$B244 -> 0 | P244: =F244/$B244 -> 0.17378066 | Q244: =G244/$B244 -> 0.25357992 | R244: =H244/$B244 -> 0.079799258 | S244: =I244/$B244 -> 0.75081114 | T244: =J244/$B244 -> 0.75081114 | U244: =K244/$B244 -> 0.062161535
A245: 43160 | B245: 6616011.2 | C245: 3463387.3 | D245: 5593531.1 | E245: 0 | F245: 1114261.2 | G245: 1723084.8 | H245: =G245-F245 -> 608823.54 | I245: 4984707.6 | J245: =I245+E245 -> 4984707.6 | K245: 383052 | M245: =C245/$B245 -> 0.5234857 | N245: =D245/$B245 -> 0.8454537 | O245: =E246/$B245 -> 0 | P245: =F245/$B245 -> 0.16841889 | Q245: =G245/$B245 -> 0.26044164 | R245: =H245/$B245 -> 0.092022749 | S245: =I245/$B245 -> 0.75343095 | T245: =J245/$B245 -> 0.75343095 | U245: =K245/$B245 -> 0.057897725
... A248: 43252 | B248: 6694191.1 | C248: 3440673.5 | D248: 5790723.4 | E248: 0 | F248: 1144227.7 | G248: 1769548.6 | H248: =G248-F248 -> 625320.85 | I248: 5165402.5 | J248: =I248+E248 -> 5165402.5 | K248: 361908 | M248: =C248/$B248 -> 0.51397899 | N248: =D248/$B248 -> 0.86503706 | O248: =E249/$B248 -> 0 | P248: =F248/$B248 -> 0.17092845 | Q248: =G248/$B248 -> 0.26434091 | R248: =H248/$B248 -> 0.093412459 | S248: =I248/$B248 -> 0.7716246 | T248: =J248/$B248 -> 0.7716246 | U248: =K248/$B248 -> 0.054062992
A249: 43282 | B249: 6734017.4

Sheet Reservas
B1: USD | H1: % do PIB
B2: PIB | C2: Reservas | D2: Reservas (Caixa) | E2: Linhas de recompra e empréstimos de moeda estrangeira | H2: Reservas | I2: Reservas (Caixa) | J2: Linhas de recompra e empréstimos de moeda estrangeira
A3: 33239 | B3: 461808 | C3: =D3+E3 -> 9840 | D3: 9840 | H3: =C3/B3 -> 0.021307556 | I3: =D3/B3 -> 0.021307556 | J3: =E3/B3 -> 0
A4: 33270 | B4: 454114 | C4: =D4+E4 -> 9805 | D4: 9805 | H4: =C4/B4 -> 0.021591495 | I4: =D4/B4 -> 0.021591495 | J4: =E4/B4 -> 0
A5: 33298 | B5: 446584 | C5: =D5+E5 -> 8663 | D5: 8663 | H5: =C5/B5 -> 0.019398366 | I5: =D5/B5 -> 0.019398366 | J5: =E5/B5 -> 0
A6: 33329 | B6: 445579 | C6: =D6+E6 -> 8808 | D6: 8808 | H6: =C6/B6 -> 0.019767538 | I6: =D6/B6 -> 0.019767538 | J6: =E6/B6 -> 0
A7: 33359 | B7: 441822 | C7: =D7+E7 -> 9665 | D7: 9665 | H7: =C7/B7 -> 0.021875325 | I7: =D7/B7 -> 0.021875325 | J7: =E7/B7 -> 0
A8: 33390 | B8: 437374 | C8: =D8+E8 -> 10401 | D8: 10401 | H8: =C8/B8 -> 0.023780563 | I8: =D8/B8 -> 0.023780563 | J8: =E8/B8 -> 0
A9: 33420 | B9: 433691 | C9: =D9+E9 -> 10113 | D9: 10113 | H9: =C9/B9 -> 0.023318446 | I9: =D9/B9 -> 0.023318446 | J9: =E9/B9 -> 0
A10: 33451 | B10: 428626 | C10: =D10+E10 -> 9261 | D10: 9261 | H10: =C10/B10 -> 0.021606249 | I10: =D10/B10 -> 0.021606249 | J10: =E10/B10 -> 0
A11: 33482 | B11: 422212 | C11: =D11+E11 -> 7956 | D11: 7956 | H11: =C11/B11 -> 0.018843614 | I11: =D11/B11 -> 0.018843614 | J11: =E11/B11 -> 0
A12: 33512 | B12: 416659 | C12: =D12+E12 -> 7987 | D12: 7987 | H12: =C12/B12 -> 0.019169153 | I12: =D12/B12 -> 0.019169153 | J12: =E12/B12 -> 0
A13: 33543 | B13: 410404 | C13: =D13+E13 -> 7863 | D13: 7863 | H13: =C13/B13 -> 0.01915917 | I13: =D13/B13 -> 0.01915917 | J13: =E13/B13 -> 0
A14: 33573 | B14: 405679 | C14: =D14+E14 -> 9406 | D14: 9406 | H14: =C14/B14 -> 0.023185819 | I14: =D14/B14 -> 0.023185819 | J14: =E14/B14 -> 0
... A110: 36495 | B110: 599290 | C110: =D110+E110 -> 36342 | D110: 36342 | H110: =C110/B110 -> 0.060641759 | I110: =D110/B110 -> 0.060641759 | J110: =E110/B110 -> 0
A111: 36526 | B111: 602406 | C111: =D111+E111 -> 37560.389 | D111: 37560.389 | E111: 0 | H111: =C111/B111 -> 0.062350622 | I111: =D111/B111 -> 0.062350622 | J111: =E111/B111 -> 0
A112: 36557 | B112: 608290 | C112: =D112+E112 -> 38363.959 | D112: 38363.959 | E112: 0 | H112: =C112/B112 -> 0.063068535 | I112: =D112/B112 -> 0.063068535 | J112: =E112/B112 -> 0
A113: 36586 | B113: 612496 | C113: =D113+E113 -> 39199.866 | D113: 39199.866 | E113: 0 | H113: =C113/B113 -> 0.064000199 | I113: =D113/B113 -> 0.064000199 | J113: =E113/B113 -> 0
A114: 36617 | B114: 615430 | C114: =D114+E114 -> 28720.762 | D114: 28720.762 | E114: 0 | H114: =C114/B114 -> 0.046667796 | I114: =D114/B114 -> 0.046667796 | J114: =E114/B114 -> 0
A115: 36647 | B115: 620436 | C115: =D115+E115 -> 28570.131 | D115: 28570.131 | E115: 0 | H115: =C115/B115 -> 0.046048474 | I115: =D115/B115 -> 0.046048474 | J115: =E115/B115 -> 0
A116: 36678 | B116: 625726 | C116: =D116+E116 -> 28264.758 | D116: 28264.758 | E116: 0 | H116: =C116/B116 -> 0.045171141 | I116: =D116/B116 -> 0.045171141 | J116: =E116/B116 -> 0
A117: 36708 | B117: 631179 | C117: =D117+E117 -> 29213.626 | D117: 29213.626 | E117: 0 | H117: =C117/B117 -> 0.046284218 | I117: =D117/B117 -> 0.046284218 | J117: =E117/B117 -> 0
A118: 36739 | B118: 636586 | C118: =D118+E118 -> 31384.661 | D118: 31384.661 | E118: 0 | H118: =C118/B118 -> 0.049301526 | I118: =D118/B118 -> 0.049301526 | J118: =E118/B118 -> 0
A119: 36770 | B119: 640669 | C119: =D119+E119 -> 31430.688 | D119: 31430.688 | E119: 0 | H119: =C119/B119 -> 0.049059169 | I119: =D119/B119 -> 0.049059169 | J119: =E119/B119 -> 0
A120: 36800 | B120: 646185 | C120: =D120+E120 -> 30393.126 | D120: 30393.126 | E120: 0 | H120: =C120/B120 -> 0.047034713 | I120: =D120/B120 -> 0.047034713 | J120: =E120/B120 -> 0
A121: 36831 | B121: 651141 | C121: =D121+E121 -> 32533.311 | D121: 32533.311 | E121: 0 | H121: =C121/B121 -> 0.049963542 | I121: =D121/B121 -> 0.049963542 | J121: =E121/B121 -> 0
A122: 36861 | B122: 655707 | C122: =D122+E122 -> 33011.498 | D122: 33011.498 | E122: 0 | H122: =C122/B122 -> 0.050344891 | I122: =D122/B122 -> 0.050344891 | J122: =E122/B122 -> 0
... A302: 42339 | B302: 1796168 | C302: =D302+E302 -> 368739 | D302: 356464 | E302: 12275 | H302: =C302/B302 -> 0.20529204 | I302: =D302/B302 -> 0.19845805 | J302: =E302/B302 -> 0.0068339933
A303: 42370 | B303: 1791221 | C303: 369772 | D303: 357507 | E303: =C303-D303 -> 12265 | H303: =C303/B303 -> 0.20643572 | I303: =D303/B303 -> 0.19958844 | J303: =E303/B303 -> 0.0068472846
A304: 42401 | B304: 1790785 | C304: 371703 | D304: 359368 | E304: =C304-D304 -> 12335 | H304: =C304/B304 -> 0.20756428 | I304: =D304/B304 -> 0.20067624 | J304: =E304/B304 -> 0.0068880407
A305: 42430 | B305: 1787186 | C305: 375198 | D305: 357698 | E305: =C305-D305 -> 17500 | H305: =C305/B305 -> 0.20993786 | I305: =D305/B305 -> 0.20014593 | J305: =E305/B305 -> 0.0097919299
A306: 42461 | B306: 1785780 | C306: 376681 | D306: 362201 | E306: =C306-D306 -> 14480 | H306: =C306/B306 -> 0.2109336 | I306: =D306/B306 -> 0.2028251 | J306: =E306/B306 -> 0.0081085016
A307: 42491 | B307: 1784608 | C307: 374607 | D307: 363447 | E307: =C307-D307 -> 11160 | H307: =C307/B307 -> 0.20990996 | I307: =D307/B307 -> 0.20365649 | J307: =E307/B307 -> 0.0062534742
A308: 42522 | B308: 1786830 | C308: 376722 | D308: 364152 | E308: =C308-D308 -> 12570 | H308: =C308/B308 -> 0.21083259 | I308: =D308/B308 -> 0.20379779 | J308: =E308/B308 -> 0.0070348047
A309: 42552 | B309: 1785172 | C309: 376058 | D309: 369340 | E309: =C309-D309 -> 6718 | H309: =C309/B309 -> 0.21065645 | I309: =D309/B309 -> 0.20689323 | J309: =E309/B309 -> 0.0037632228
A310: 42583 | B310: 1788233 | C310: 376921.33 | D310: 369541.33 | E310: =C310-D310 -> 7380 | H310: =C310/B310 -> 0.21077864 | I310: =D310/B310 -> 0.20665167 | J310: =E310/B310 -> 0.004126979
A311: 42614 | B311: 1790145 | C311: 377797 | D311: 370417 | E311: =C311-D311 -> 7380 | H311: =C311/B311 -> 0.21104268 | I311: =D311/B311 -> 0.20692011 | J311: =E311/B311 -> 0.0041225711
A312: 42644 | B312: 1789188 | C312: 375433 | D312: 367528 | E312: =C312-D312 -> 7905 | H312: =C312/B312 -> 0.20983429 | I312: =D312/B312 -> 0.20541609 | J312: =E312/B312 -> 0.0044182054
A313: 42675 | B313: 1792866 | C313: 372761 | D313: 365556 | E313: =C313-D313 -> 7205 | H313: =C313/B313 -> 0.20791347 | I313: =D313/B313 -> 0.20389477 | J313: =E313/B313 -> 0.0040187052
A314: 42705 | B314: 1797234 | C314: 372221 | D314: 365016 | E314: =C314-D314 -> 7205 | H314: =C314/B314 -> 0.2071077 | I314: =D314/B314 -> 0.20309876 | J314: =E314/B314 -> 0.0040089382
... A332: 43252 | B332: 1986965 | C332: 382425 | D332: 379500 | E332: =C332-D332 -> 2925 | H332: =C332/B332 -> 0.1924669 | I332: =D332/B332 -> 0.19099481 | J332: =E332/B332 -> 0.0014720944
A333: 43282 | B333: 1976746 | C333: 382369 | D333: 379444 | E333: =C333-D333 -> 2925
A334: 43313 | C334: 381283

Sheet Dívida Pública - % do PIB
B1: DLSP | C1: Reservas (Caixa) | D1: Linhas de recompra e empréstimos de moeda estrangeira | E1: BNDES | F1: DB | G1: Títulos da DMF na carteira do BCB e não utilizados | V1: Reservas | W1: Operações compromissadas e dívida mobiliária do Bacen
A2: 33239 | B2: ='DLSP até 1997'!C2 -> 0.4219 | C2: =Reservas!I3 -> 0.021307556 | K2: =B2 -> 0.4219
A3: 33270 | B3: ='DLSP até 1997'!C3 -> 0.39 | C3: =Reservas!I4 -> 0.021591495 | K3: =B3 -> 0.39
A4: 33298 | B4: ='DLSP até 1997'!C4 -> 0.3951 | C4: =Reservas!I5 -> 0.019398366 | K4: =B4 -> 0.3951
A5: 33329 | B5: ='DLSP até 1997'!C5 -> 0.3981 | C5: =Reservas!I6 -> 0.019767538 | K5: =B5 -> 0.3981
A6: 33359 | B6: ='DLSP até 1997'!C6 -> 0.3965 | C6: =Reservas!I7 -> 0.021875325 | K6: =B6 -> 0.3965
A7: 33390 | B7: ='DLSP até 1997'!C7 -> 0.3812 | C7: =Reservas!I8 -> 0.023780563 | K7: =B7 -> 0.3812
A8: 33420 | B8: ='DLSP até 1997'!C8 -> 0.3623 | C8: =Reservas!I9 -> 0.023318446 | K8: =B8 -> 0.3623
A9: 33451 | B9: ='DLSP até 1997'!C9 -> 0.3527 | C9: =Reservas!I10 -> 0.021606249 | K9: =B9 -> 0.3527
A10: 33482 | B10: ='DLSP até 1997'!C10 -> 0.3416 | C10: =Reservas!I11 -> 0.018843614 | K10: =B10 -> 0.3416
A11: 33512 | B11: ='DLSP até 1997'!C11 -> 0.3552 | C11: =Reservas!I12 -> 0.019169153 | K11: =B11 -> 0.3552
A12: 33543 | B12: ='DLSP até 1997'!C12 -> 0.3678 | C12: =Reservas!I13 -> 0.01915917 | K12: =B12 -> 0.3678
A13: 33573 | B13: ='DLSP até 1997'!C13 -> 0.3814 | C13: =Reservas!I14 -> 0.023185819 | K13: =B13 -> 0.3814
... A85: 35765 | B85: ='DLSP até 1997'!C85 -> 0.3183 | C85: =Reservas!I86 -> 0.059067206 | K85: =B85 -> 0.3183
A86: 35796 | B86: ='Dívida Pública - Valor'!M3 -> 0.3320357 | C86: =Reservas!I87 -> 0.060235279 | K86: =B86 -> 0.3320357
A87: 35827 | B87: ='Dívida Pública - Valor'!M4 -> 0.33573779 | C87: =Reservas!I88 -> 0.06681633 | K87: =B87 -> 0.33573779
A88: 35855 | B88: ='Dívida Pública - Valor'!M5 -> 0.3352125 | C88: =Reservas!I89 -> 0.077952511 | K88: =B88 -> 0.3352125
A89: 35886 | B89: ='Dívida Pública - Valor'!M6 -> 0.33615146 | C89: =Reservas!I90 -> 0.084907377 | K89: =B89 -> 0.33615146
A90: 35916 | B90: ='Dívida Pública - Valor'!M7 -> 0.34017592 | C90: =Reservas!I91 -> 0.082843521 | K90: =B90 -> 0.34017592
A91: 35947 | B91: ='Dívida Pública - Valor'!M8 -> 0.35104777 | C91: =Reservas!I92 -> 0.080774362 | K91: =B91 -> 0.35104777
A92: 35977 | B92: ='Dívida Pública - Valor'!M9 -> 0.35239906 | C92: =Reservas!I93 -> 0.080056556 | K92: =B92 -> 0.35239906
A93: 36008 | B93: ='Dívida Pública - Valor'!M10 -> 0.35320967 | C93: =Reservas!I94 -> 0.076906208 | K93: =B93 -> 0.35320967
A94: 36039 | B94: ='Dívida Pública - Valor'!M11 -> 0.35908569 | C94: =Reservas!I95 -> 0.052484571 | K94: =B94 -> 0.35908569
A95: 36069 | B95: ='Dívida Pública - Valor'!M12 -> 0.36788599 | C95: =Reservas!I96 -> 0.048822546 | K95: =B95 -> 0.36788599
A96: 36100 | B96: ='Dívida Pública - Valor'!M13 -> 0.3780703 | C96: =Reservas!I97 -> 0.047592802 | K96: =B96 -> 0.3780703
A97: 36130 | B97: ='Dívida Pública - Valor'!M14 -> 0.38496458 | C97: =Reservas!I98 -> 0.051577085 | K97: =B97 -> 0.38496458
... A132: 37196 | B132: ='Dívida Pública - Valor'!M49 -> 0.50466349 | C132: =Reservas!I133 -> 0.065389324 | K132: =B132 -> 0.50466349
A133: 37226 | B133: ='Dívida Pública - Valor'!M50 -> 0.51486072 | C133: =Reservas!I134 -> 0.064097188 | D133: =Reservas!J134 -> 0 | E133: ='Dívida Pública - Valor'!U50 -> 0.0032316792 | F133: ='Dívida Pública - Valor'!S50+'Dívida Pública - Valor'!O50 -> 0.61857035 | G133: ='Dívida Pública - Valor'!R50 -> 0.15064916 | I133: =F133-E133-C133-B133 -> 0.036380758 | K133: =B133 -> 0.51486072 | L133: =F133-E133 -> 0.61533867 | M133: =F133 -> 0.61857035 | N133: =G133+F133 -> 0.76921951 | O133: =B133+C133+E133 -> 0.58218959 | V133: =C133 -> 0.064097188 | W133: ='Dívida Pública - Valor'!O50+'Dívida Pública - Valor'!P50 -> 0.089243092
A134: 37257 | B134: ='Dívida Pública - Valor'!M51 -> 0.52279587 | C134: =Reservas!I135 -> 0.06522672 | D134: =Reservas!J135 -> 0 | E134: ='Dívida Pública - Valor'!U51 -> 0.0032157075 | F134: ='Dívida Pública - Valor'!S51+'Dívida Pública - Valor'!O51 -> 0.63484688 | G134: ='Dívida Pública - Valor'!R51 -> 0.14496625 | I134: =F134-E134-C134-B134 -> 0.043608586 | K134: =B134 -> 0.52279587 | L134: =F134-E134 -> 0.63163117 | M134: =F134 -> 0.63484688 | N134: =G134+F134 -> 0.77981313 | O134: =B134+C134+E134 -> 0.59123829 | V134: =C134 -> 0.06522672 | W134: ='Dívida Pública - Valor'!O51+'Dívida Pública - Valor'!P51 -> 0.096138607
A135: 37288 | B135: ='Dívida Pública - Valor'!M52 -> 0.51429243 | C135: =Reservas!I136 -> 0.06537736 | D135: =Reservas!J136 -> 0 | E135: ='Dívida Pública - Valor'!U52 -> 0.0032178951 | F135: ='Dívida Pública - Valor'!S52+'Dívida Pública - Valor'!O52 -> 0.62435238 | G135: ='Dívida Pública - Valor'!R52 -> 0.1425936 | I135: =F135-E135-C135-B135 -> 0.041464696 | K135: =B135 -> 0.51429243 | L135: =F135-E135 -> 0.62113448 | M135: =F135 -> 0.62435238 | N135: =G135+F135 -> 0.76694598 | O135: =B135+C135+E135 -> 0.58288768 | V135: =C135 -> 0.06537736 | W135: ='Dívida Pública - Valor'!O52+'Dívida Pública - Valor'!P52 -> 0.092751424
A136: 37316 | B136: ='Dívida Pública - Valor'!M53 -> 0.51006427 | C136: =Reservas!I137 -> 0.067557146 | D136: =Reservas!J137 -> 0 | E136: ='Dívida Pública - Valor'!U53 -> 0.0032194691 | F136: ='Dívida Pública - Valor'!S53+'Dívida Pública - Valor'!O53 -> 0.62172263 | G136: ='Dívida Pública - Valor'!R53 -> 0.13717225 | I136: =F136-E136-C136-B136 -> 0.04088175 | K136: =B136 -> 0.51006427 | L136: =F136-E136 -> 0.61850316 | M136: =F136 -> 0.62172263 | N136: =G136+F136 -> 0.75889488 | O136: =B136+C136+E136 -> 0.58084088 | V136: =C136 -> 0.067557146 | W136: ='Dívida Pública - Valor'!O53+'Dívida Pública - Valor'!P53 -> 0.094111819
A137: 37347 | B137: ='Dívida Pública - Valor'!M54 -> 0.50950047 | C137: =Reservas!I138 -> 0.061247166 | D137: =Reservas!J138 -> 0 | E137: ='Dívida Pública - Valor'!U54 -> 0.0040815177 | F137: ='Dívida Pública - Valor'!S54+'Dívida Pública - Valor'!O54 -> 0.62711223 | G137: ='Dívida Pública - Valor'!R54 -> 0.13585096 | I137: =F137-E137-C137-B137 -> 0.05228307 | K137: =B137 -> 0.50950047 | L137: =F137-E137 -> 0.62303071 | M137: =F137 -> 0.62711223 | N137: =G137+F137 -> 0.76296319 | O137: =B137+C137+E137 -> 0.57482916 | V137: =C137 -> 0.061247166 | W137: ='Dívida Pública - Valor'!O54+'Dívida Pública - Valor'!P54 -> 0.090664374
A138: 37377 | B138: ='Dívida Pública - Valor'!M55 -> 0.52171791 | C138: =Reservas!I139 -> 0.061699684 | D138: =Reservas!J139 -> 0 | E138: ='Dívida Pública - Valor'!U55 -> 0.004131324 | F138: ='Dívida Pública - Valor'!S55+'Dívida Pública - Valor'!O55 -> 0.63823209 | G138: ='Dívida Pública - Valor'!R55 -> 0.13772881 | I138: =F138-E138-C138-B138 -> 0.050683176 | K138: =B138 -> 0.52171791 | L138: =F138-E138 -> 0.63410077 | M138: =F138 -> 0.63823209 | N138: =G138+F138 -> 0.7759609 | O138: =B138+C138+E138 -> 0.58754892 | V138: =C138 -> 0.061699684 | W138: ='Dívida Pública - Valor'!O55+'Dívida Pública - Valor'!P55 -> 0.092572472
A139: 37408 | B139: ='Dívida Pública - Valor'!M56 -> 0.54535158 | C139: =Reservas!I140 -> 0.079334991 | D139: =Reservas!J140 -> 0.0014261886 | E139: ='Dívida Pública - Valor'!U56 -> 0.0041308763 | F139: ='Dívida Pública - Valor'!S56+'Dívida Pública - Valor'!O56 -> 0.66709659 | G139: ='Dívida Pública - Valor'!R56 -> 0.13479827 | I139: =F139-E139-C139-B139 -> 0.038279149 | K139: =B139 -> 0.54535158 | L139: =F139-E139 -> 0.66296572 | M139: =F139 -> 0.66709659 | N139: =G139+F139 -> 0.80189486 | O139: =B139+C139+E139 -> 0.62881744 | V139: =C139 -> 0.079334991 | W139: ='Dívida Pública - Valor'!O56+'Dívida Pública - Valor'!P56 -> 0.1053829
A140: 37438 | B140: ='Dívida Pública - Valor'!M57 -> 0.5879167 | C140: =Reservas!I141 -> 0.074351543 | D140: =Reservas!J141 -> 0.0027696507 | E140: ='Dívida Pública - Valor'!U57 -> 0.0041100315 | F140: ='Dívida Pública - Valor'!S57+'Dívida Pública - Valor'!O57 -> 0.70614378 | G140: ='Dívida Pública - Valor'!R57 -> 0.14549397 | I140: =F140-E140-C140-B140 -> 0.039765513 | K140: =B140 -> 0.5879167 | L140: =F140-E140 -> 0.70203375 | M140: =F140 -> 0.70614378 | N140: =G140+F140 -> 0.85163776 | O140: =B140+C140+E140 -> 0.66637827 | V140: =C140 -> 0.074351543 | W140: ='Dívida Pública - Valor'!O57+'Dívida Pública - Valor'!P57 -> 0.096380504
A141: 37469 | B141: ='Dívida Pública - Valor'!M58 -> 0.55905215 | C141: =Reservas!I142 -> 0.072240049 | D141: =Reservas!J142 -> 0.002235754 | E141: ='Dívida Pública - Valor'!U58 -> 0.0058192796 | F141: ='Dívida Pública - Valor'!S58+'Dívida Pública - Valor'!O58 -> 0.65540224 | G141: ='Dívida Pública - Valor'!R58 -> 0.13753768 | I141: =F141-E141-C141-B141 -> 0.018290754 | K141: =B141 -> 0.55905215 | L141: =F141-E141 -> 0.64958296 | M141: =F141 -> 0.65540224 | N141: =G141+F141 -> 0.79293992 | O141: =B141+C141+E141 -> 0.63711148 | V141: =C141 -> 0.072240049 | W141: ='Dívida Pública - Valor'!O58+'Dívida Pública - Valor'!P58 -> 0.09096029
A142: 37500 | B142: ='Dívida Pública - Valor'!M59 -> 0.62445273 | C142: =Reservas!I143 -> 0.074149033 | D142: =Reservas!J143 -> 0.0021927325 | E142: ='Dívida Pública - Valor'!U59 -> 0.0062126053 | F142: ='Dívida Pública - Valor'!S59+'Dívida Pública - Valor'!O59 -> 0.7268631 | G142: ='Dívida Pública - Valor'!R59 -> 0.14859886 | I142: =F142-E142-C142-B142 -> 0.022048734 | K142: =B142 -> 0.62445273 | L142: =F142-E142 -> 0.72065049 | M142: =F142 -> 0.7268631 | N142: =G142+F142 -> 0.87546196 | O142: =B142+C142+E142 -> 0.70481437 | V142: =C142 -> 0.074149033 | W142: ='Dívida Pública - Valor'!O59+'Dívida Pública - Valor'!P59 -> 0.10871685
A143: 37530 | B143: ='Dívida Pública - Valor'!M60 -> 0.60395464 | C143: =Reservas!I144 -> 0.069701055 | D143: =Reservas!J144 -> 0.0018176234 | E143: ='Dívida Pública - Valor'!U60 -> 0.00699269 | F143: ='Dívida Pública - Valor'!S60+'Dívida Pública - Valor'!O60 -> 0.68927552 | G143: ='Dívida Pública - Valor'!R60 -> 0.14368073 | I143: =F143-E143-C143-B143 -> 0.0086271352 | K143: =B143 -> 0.60395464 | L143: =F143-E143 -> 0.68228283 | M143: =F143 -> 0.68927552 | N143: =G143+F143 -> 0.83295624 | O143: =B143+C143+E143 -> 0.68064838 | V143: =C143 -> 0.069701055 | W143: ='Dívida Pública - Valor'!O60+'Dívida Pública - Valor'!P60 -> 0.10453231
A144: 37561 | B144: ='Dívida Pública - Valor'!M61 -> 0.59845738 | C144: =Reservas!I145 -> 0.069661387 | D144: =Reservas!J145 -> 0.0016538469 | E144: ='Dívida Pública - Valor'!U61 -> 0.0070682622 | F144: ='Dívida Pública - Valor'!S61+'Dívida Pública - Valor'!O61 -> 0.68603742 | G144: ='Dívida Pública - Valor'!R61 -> 0.13888774 | I144: =F144-E144-C144-B144 -> 0.010850388 | K144: =B144 -> 0.59845738 | L144: =F144-E144 -> 0.67896916 | M144: =F144 -> 0.68603742 | N144: =G144+F144 -> 0.82492516 | O144: =B144+C144+E144 -> 0.67518703 | V144: =C144 -> 0.069661387 | W144: ='Dívida Pública - Valor'!O61+'Dívida Pública - Valor'!P61 -> 0.10203048
... A309: 42583 | B309: ='Dívida Pública - Valor'!M226 -> 0.42801154 | C309: =Reservas!I310 -> 0.20665167 | D309: =Reservas!J310 -> 0.004126979 | E309: ='Dívida Pública - Valor'!U226 -> 0.084029253 | F309: ='Dívida Pública - Valor'!S226+'Dívida Pública - Valor'!O226 -> 0.69317664 | G309: ='Dívida Pública - Valor'!R226 -> 0.030010305 | I309: =F309-E309-C309-B309 -> -0.025515821 | K309: =B309 -> 0.42801154 | L309: =F309-E309 -> 0.60914739 | M309: =F309 -> 0.69317664 | N309: =G309+F309 -> 0.72318694 | O309: =B309+C309+E309 -> 0.71869246 | V309: =C309 -> 0.20665167 | W309: ='Dívida Pública - Valor'!O226+'Dívida Pública - Valor'!P226 -> 0.18071933
A310: 42614 | B310: ='Dívida Pública - Valor'!M227 -> 0.43695422 | C310: =Reservas!I311 -> 0.20692011 | D310: =Reservas!J311 -> 0.0041225711 | E310: ='Dívida Pública - Valor'!U227 -> 0.084301546 | F310: ='Dívida Pública - Valor'!S227+'Dívida Pública - Valor'!O228 -> 0.70073093 | G310: ='Dívida Pública - Valor'!R227 -> 0.04238739 | I310: =F310-E310-C310-B310 -> -0.027444942 | K310: =B310 -> 0.43695422 | L310: =F310-E310 -> 0.61642939 | M310: =F310 -> 0.70073093 | N310: =G310+F310 -> 0.74311832 | O310: =B310+C310+E310 -> 0.72817588 | V310: =C310 -> 0.20692011 | W310: ='Dívida Pública - Valor'!O227+'Dívida Pública - Valor'!P227 -> 0.17415485
A311: 42644 | B311: ='Dívida Pública - Valor'!M228 -> 0.44016599 | C311: =Reservas!I312 -> 0.20541609 | D311: =Reservas!J312 -> 0.0044182054 | E311: ='Dívida Pública - Valor'!U228 -> 0.084547683 | F311: ='Dívida Pública - Valor'!S228+'Dívida Pública - Valor'!O229 -> 0.70003108 | G311: ='Dívida Pública - Valor'!R228 -> 0.041382052 | I311: =F311-E311-C311-B311 -> -0.030098676 | K311: =B311 -> 0.44016599 | L311: =F311-E311 -> 0.6154834 | M311: =F311 -> 0.70003108 | N311: =G311+F311 -> 0.74141313 | O311: =B311+C311+E311 -> 0.73012976 | V311: =C311 -> 0.20541609 | W311: ='Dívida Pública - Valor'!O228+'Dívida Pública - Valor'!P228 -> 0.17618655
A312: 42675 | B312: ='Dívida Pública - Valor'!M229 -> 0.44151877 | C312: =Reservas!I313 -> 0.20389477 | D312: =Reservas!J313 -> 0.0040187052 | E312: ='Dívida Pública - Valor'!U229 -> 0.084766642 | F312: ='Dívida Pública - Valor'!S229+'Dívida Pública - Valor'!O230 -> 0.7109115 | G312: ='Dívida Pública - Valor'!R229 -> 0.039222141 | I312: =F312-E312-C312-B312 -> -0.01926869 | K312: =B312 -> 0.44151877 | L312: =F312-E312 -> 0.62614485 | M312: =F312 -> 0.7109115 | N312: =G312+F312 -> 0.75013364 | O312: =B312+C312+E312 -> 0.73018019 | V312: =C312 -> 0.20389477 | W312: ='Dívida Pública - Valor'!O229+'Dívida Pública - Valor'!P229 -> 0.17811691
A313: 42705 | B313: ='Dívida Pública - Valor'!M230 -> 0.46218376 | C313: =Reservas!I314 -> 0.20309876 | D313: =Reservas!J314 -> 0.0040089382 | E313: ='Dívida Pública - Valor'!U230 -> 0.068643905 | F313: ='Dívida Pública - Valor'!S230+'Dívida Pública - Valor'!O231 -> 0.69952501 | G313: ='Dívida Pública - Valor'!R230 -> 0.075946096 | I313: =F313-E313-C313-B313 -> -0.03440142 | K313: =B313 -> 0.46218376 | L313: =F313-E313 -> 0.6308811 | M313: =F313 -> 0.69952501 | N313: =G313+F313 -> 0.77547111 | O313: =B313+C313+E313 -> 0.73392643 | V313: =C313 -> 0.20309876 | W313: ='Dívida Pública - Valor'!O230+'Dívida Pública - Valor'!P230 -> 0.16735035
A314: 42736 | B314: ='Dívida Pública - Valor'!M231 -> 0.46492688 | C314: =Reservas!I315 -> 0.2024243 | D314: =Reservas!J315 -> 0.0039636206 | E314: ='Dívida Pública - Valor'!U231 -> 0.068497396 | F314: ='Dívida Pública - Valor'!S231+'Dívida Pública - Valor'!O232 -> 0.69861506 | G314: ='Dívida Pública - Valor'!R231 -> 0.068090193 | I314: =F314-E314-C314-B314 -> -0.037233528 | K314: =B314 -> 0.46492688 | L314: =F314-E314 -> 0.63011766 | M314: =F314 -> 0.69861506 | N314: =G314+F314 -> 0.76670525 | O314: =B314+C314+E314 -> 0.73584859 | V314: =C314 -> 0.2024243 | W314: ='Dívida Pública - Valor'!O231+'Dívida Pública - Valor'!P231 -> 0.18161104
A315: 42767 | B315: ='Dívida Pública - Valor'!M232 -> 0.47274932 | C315: =Reservas!I316 -> 0.20110148 | D315: =Reservas!J316 -> 0.0034608677 | E315: ='Dívida Pública - Valor'!U232 -> 0.068534332 | F315: ='Dívida Pública - Valor'!S232+'Dívida Pública - Valor'!O233 -> 0.70410551 | G315: ='Dívida Pública - Valor'!R232 -> 0.076381346 | I315: =F315-E315-C315-B315 -> -0.038279621 | K315: =B315 -> 0.47274932 | L315: =F315-E315 -> 0.63557118 | M315: =F315 -> 0.70410551 | N315: =G315+F315 -> 0.78048686 | O315: =B315+C315+E315 -> 0.74238514 | V315: =C315 -> 0.20110148 | W315: ='Dívida Pública - Valor'!O232+'Dívida Pública - Valor'!P232 -> 0.17610908
A316: 42795 | B316: ='Dívida Pública - Valor'!M233 -> 0.47593483 | C316: =Reservas!I317 -> 0.19922959 | D316: =Reservas!J317 -> 0.0027991437 | E316: ='Dívida Pública - Valor'!U233 -> 0.068697593 | F316: ='Dívida Pública - Valor'!S233+'Dívida Pública - Valor'!O234 -> 0.71328483 | G316: ='Dívida Pública - Valor'!R233 -> 0.082778775 | I316: =F316-E316-C316-B316 -> -0.030577189 | K316: =B316 -> 0.47593483 | L316: =F316-E316 -> 0.64458723 | M316: =F316 -> 0.71328483 | N316: =G316+F316 -> 0.7960636 | O316: =B316+C316+E316 -> 0.74386202 | V316: =C316 -> 0.19922959 | W316: ='Dívida Pública - Valor'!O233+'Dívida Pública - Valor'!P233 -> 0.1713439
A317: 42826 | B317: ='Dívida Pública - Valor'!M234 -> 0.47537148 | C317: =Reservas!I318 -> 0.1998678 | D317: =Reservas!J318 -> 0.00071962963 | E317: ='Dívida Pública - Valor'!U234 -> 0.068863327 | F317: ='Dívida Pública - Valor'!S234+'Dívida Pública - Valor'!O235 -> 0.71465413 | G317: ='Dívida Pública - Valor'!R234 -> 0.08325543 | I317: =F317-E317-C317-B317 -> -0.029448476 | K317: =B317 -> 0.47537148 | L317: =F317-E317 -> 0.6457908 | M317: =F317 -> 0.71465413 | N317: =G317+F317 -> 0.79790956 | O317: =B317+C317+E317 -> 0.7441026 | V317: =C317 -> 0.1998678 | W317: ='Dívida Pública - Valor'!O234+'Dívida Pública - Valor'!P234 -> 0.17224816
A318: 42856 | B318: ='Dívida Pública - Valor'!M235 -> 0.48047035 | C318: =Reservas!I319 -> 0.19825082 | D318: =Reservas!J319 -> 0.00063189024 | E318: ='Dívida Pública - Valor'!U235 -> 0.068871718 | F318: ='Dívida Pública - Valor'!S235+'Dívida Pública - Valor'!O236 -> 0.72395666 | G318: ='Dívida Pública - Valor'!R235 -> 0.067389125 | I318: =F318-E318-C318-B318 -> -0.023636231 | K318: =B318 -> 0.48047035 | L318: =F318-E318 -> 0.65508494 | M318: =F318 -> 0.72395666 | N318: =G318+F318 -> 0.79134579 | O318: =B318+C318+E318 -> 0.74759289 | V318: =C318 -> 0.19825082 | W318: ='Dívida Pública - Valor'!O235+'Dívida Pública - Valor'!P235 -> 0.18230247
A319: 42887 | B319: ='Dívida Pública - Valor'!M236 -> 0.484734 | C319: =Reservas!I320 -> 0.19663652 | D319: =Reservas!J320 -> 0.00062560834 | E319: ='Dívida Pública - Valor'!U236 -> 0.069057298 | F319: ='Dívida Pública - Valor'!S236+'Dívida Pública - Valor'!O237 -> 0.7279203 | G319: ='Dívida Pública - Valor'!R236 -> 0.078119216 | I319: =F319-E319-C319-B319 -> -0.022507516 | K319: =B319 -> 0.484734 | L319: =F319-E319 -> 0.65886301 | M319: =F319 -> 0.7279203 | N319: =G319+F319 -> 0.80603952 | O319: =B319+C319+E319 -> 0.75042782 | V319: =C319 -> 0.19663652 | W319: ='Dívida Pública - Valor'!O236+'Dívida Pública - Valor'!P236 -> 0.17129806
A320: 42917 | B320: ='Dívida Pública - Valor'!M237 -> 0.49720489 | C320: =Reservas!I321 -> 0.19639557 | D320: =Reservas!J321 -> 0 | E320: ='Dívida Pública - Valor'!U237 -> 0.068949647 | F320: ='Dívida Pública - Valor'!S237+'Dívida Pública - Valor'!O238 -> 0.7323177 | G320: ='Dívida Pública - Valor'!R237 -> 0.060251579 | I320: =F320-E320-C320-B320 -> -0.030232397 | K320: =B320 -> 0.49720489 | L320: =F320-E320 -> 0.66336805 | M320: =F320 -> 0.7323177 | N320: =G320+F320 -> 0.79256928 | O320: =B320+C320+E320 -> 0.7625501 | V320: =C320 -> 0.19639557 | W320: ='Dívida Pública - Valor'!O237+'Dívida Pública - Valor'!P237 -> 0.18270667
A321: 42948 | B321: ='Dívida Pública - Valor'!M238 -> 0.50155587 | C321: =Reservas!I322 -> 0.19449733 | D321: =Reservas!J322 -> 0 | E321: ='Dívida Pública - Valor'!U238 -> 0.069120501 | F321: ='Dívida Pública - Valor'!S238+'Dívida Pública - Valor'!O239 -> 0.73694255 | G321: ='Dívida Pública - Valor'!R238 -> 0.073397529 | I321: =F321-E321-C321-B321 -> -0.028231158 | K321: =B321 -> 0.50155587 | L321: =F321-E321 -> 0.66782205 | M321: =F321 -> 0.73694255 | N321: =G321+F321 -> 0.81034008 | O321: =B321+C321+E321 -> 0.76517371 | V321: =C321 -> 0.19449733 | W321: ='Dívida Pública - Valor'!O238+'Dívida Pública - Valor'!P238 -> 0.17886491
... A331: 43252 | B331: ='Dívida Pública - Valor'!M248 -> 0.51397899 | C331: =Reservas!I332 -> 0.19099481 | D331: =Reservas!J332 -> 0.0014720944 | E331: ='Dívida Pública - Valor'!U248 -> 0.054062992 | F331: ='Dívida Pública - Valor'!S248+'Dívida Pública - Valor'!O249 -> 0.7716246 | G331: ='Dívida Pública - Valor'!R248 -> 0.093412459 | I331: =F331-E331-C331-B331 -> 0.012587817 | K331: =B331 -> 0.51397899 | L331: =F331-E331 -> 0.71756161 | M331: =F331 -> 0.7716246 | N331: =G331+F331 -> 0.86503706 | O331: =B331+C331+E331 -> 0.75903679 | V331: =C331 -> 0.19099481 | W331: ='Dívida Pública - Valor'!O248+'Dívida Pública - Valor'!P248 -> 0.17092845

Sheet Composição da dívida pública
B1: DLSP | C1: Operações compromissadas | D1: BNDES | E1: Outros | F1: Dívida Mobiliária do Bacen | G1: Títulos do TN livres na carteira do Bacen
A2: 33239 | B2: ='Dívida Pública - % do PIB'!B2 -> 0.4219
A3: 33270 | B3: ='Dívida Pública - % do PIB'!B3 -> 0.39
A4: 33298 | B4: ='Dívida Pública - % do PIB'!B4 -> 0.3951
A5: 33329 | B5: ='Dívida Pública - % do PIB'!B5 -> 0.3981
A6: 33359 | B6: ='Dívida Pública - % do PIB'!B6 -> 0.3965
A7: 33390 | B7: ='Dívida Pública - % do PIB'!B7 -> 0.3812
A8: 33420 | B8: ='Dívida Pública - % do PIB'!B8 -> 0.3623
A9: 33451 | B9: ='Dívida Pública - % do PIB'!B9 -> 0.3527
A10: 33482 | B10: ='Dívida Pública - % do PIB'!B10 -> 0.3416
A11: 33512 | B11: ='Dívida Pública - % do PIB'!B11 -> 0.3552
A12: 33543 | B12: ='Dívida Pública - % do PIB'!B12 -> 0.3678
A13: 33573 | B13: ='Dívida Pública - % do PIB'!B13 -> 0.3814
... A132: 37196 | B132: ='Dívida Pública - % do PIB'!B132 -> 0.50466349
A133: 37226 | B133: ='Dívida Pública - % do PIB'!B133 -> 0.51486072 | C133: ='Dívida Pública - Valor'!P50 -> -0.0066695639 | D133: ='Dívida Pública - % do PIB'!E133 -> 0.0032316792 | E133: ='Dívida Pública - % do PIB'!F133-D133-C133-B133 -> 0.10714751 | F133: ='Dívida Pública - Valor'!O50 -> 0.095912656 | G133: ='Dívida Pública - % do PIB'!G133 -> 0.15064916
A134: 37257 | B134: ='Dívida Pública - % do PIB'!B134 -> 0.52279587 | C134: ='Dívida Pública - Valor'!P51 -> -8.8633626e-06 | D134: ='Dívida Pública - % do PIB'!E134 -> 0.0032157075 | E134: ='Dívida Pública - % do PIB'!F134-D134-C134-B134 -> 0.10884417 | F134: ='Dívida Pública - Valor'!O51 -> 0.09614747 | G134: ='Dívida Pública - % do PIB'!G134 -> 0.14496625
A135: 37288 | B135: ='Dívida Pública - % do PIB'!B135 -> 0.51429243 | C135: ='Dívida Pública - Valor'!P52 -> 0.0034089351 | D135: ='Dívida Pública - % do PIB'!E135 -> 0.0032178951 | E135: ='Dívida Pública - % do PIB'!F135-D135-C135-B135 -> 0.10343312 | F135: ='Dívida Pública - Valor'!O52 -> 0.089342488 | G135: ='Dívida Pública - % do PIB'!G135 -> 0.1425936
A136: 37316 | B136: ='Dívida Pública - % do PIB'!B136 -> 0.51006427 | C136: ='Dívida Pública - Valor'!P53 -> 0.0090625986 | D136: ='Dívida Pública - % do PIB'!E136 -> 0.0032194691 | E136: ='Dívida Pública - % do PIB'!F136-D136-C136-B136 -> 0.099376297 | F136: ='Dívida Pública - Valor'!O53 -> 0.08504922 | G136: ='Dívida Pública - % do PIB'!G136 -> 0.13717225
A137: 37347 | B137: ='Dívida Pública - % do PIB'!B137 -> 0.50950047 | C137: ='Dívida Pública - Valor'!P54 -> 0.011710426 | D137: ='Dívida Pública - % do PIB'!E137 -> 0.0040815177 | E137: ='Dívida Pública - % do PIB'!F137-D137-C137-B137 -> 0.10181981 | F137: ='Dívida Pública - Valor'!O54 -> 0.078953948 | G137: ='Dívida Pública - % do PIB'!G137 -> 0.13585096
A138: 37377 | B138: ='Dívida Pública - % do PIB'!B138 -> 0.52171791 | C138: ='Dívida Pública - Valor'!P55 -> 0.014383759 | D138: ='Dívida Pública - % do PIB'!E138 -> 0.004131324 | E138: ='Dívida Pública - % do PIB'!F138-D138-C138-B138 -> 0.097999101 | F138: ='Dívida Pública - Valor'!O55 -> 0.078188713 | G138: ='Dívida Pública - % do PIB'!G138 -> 0.13772881
A139: 37408 | B139: ='Dívida Pública - % do PIB'!B139 -> 0.54535158 | C139: ='Dívida Pública - Valor'!P56 -> 0.023063483 | D139: ='Dívida Pública - % do PIB'!E139 -> 0.0041308763 | E139: ='Dívida Pública - % do PIB'!F139-D139-C139-B139 -> 0.094550657 | F139: ='Dívida Pública - Valor'!O56 -> 0.082319418 | G139: ='Dívida Pública - % do PIB'!G139 -> 0.13479827
A140: 37438 | B140: ='Dívida Pública - % do PIB'!B140 -> 0.5879167 | C140: ='Dívida Pública - Valor'!P57 -> 0.025496821 | D140: ='Dívida Pública - % do PIB'!E140 -> 0.0041100315 | E140: ='Dívida Pública - % do PIB'!F140-D140-C140-B140 -> 0.088620236 | F140: ='Dívida Pública - Valor'!O57 -> 0.070883683 | G140: ='Dívida Pública - % do PIB'!G140 -> 0.14549397
A141: 37469 | B141: ='Dívida Pública - % do PIB'!B141 -> 0.55905215 | C141: ='Dívida Pública - Valor'!P58 -> 0.038413643 | D141: ='Dívida Pública - % do PIB'!E141 -> 0.0058192796 | E141: ='Dívida Pública - % do PIB'!F141-D141-C141-B141 -> 0.052117161 | F141: ='Dívida Pública - Valor'!O58 -> 0.052546647 | G141: ='Dívida Pública - % do PIB'!G141 -> 0.13753768
A142: 37500 | B142: ='Dívida Pública - % do PIB'!B142 -> 0.62445273 | C142: ='Dívida Pública - Valor'!P59 -> 0.043496576 | D142: ='Dívida Pública - % do PIB'!E142 -> 0.0062126053 | E142: ='Dívida Pública - % do PIB'!F142-D142-C142-B142 -> 0.052701191 | F142: ='Dívida Pública - Valor'!O59 -> 0.065220271 | G142: ='Dívida Pública - % do PIB'!G142 -> 0.14859886
A143: 37530 | B143: ='Dívida Pública - % do PIB'!B143 -> 0.60395464 | C143: ='Dívida Pública - Valor'!P60 -> 0.045992792 | D143: ='Dívida Pública - % do PIB'!E143 -> 0.00699269 | E143: ='Dívida Pública - % do PIB'!F143-D143-C143-B143 -> 0.032335398 | F143: ='Dívida Pública - Valor'!O60 -> 0.058539519 | G143: ='Dívida Pública - % do PIB'!G143 -> 0.14368073
A144: 37561 | B144: ='Dívida Pública - % do PIB'!B144 -> 0.59845738 | C144: ='Dívida Pública - Valor'!P61 -> 0.050542791 | D144: ='Dívida Pública - % do PIB'!E144 -> 0.0070682622 | E144: ='Dívida Pública - % do PIB'!F144-D144-C144-B144 -> 0.029968984 | F144: ='Dívida Pública - Valor'!O61 -> 0.051487689 | G144: ='Dívida Pública - % do PIB'!G144 -> 0.13888774
... A309: 42583 | B309: ='Dívida Pública - % do PIB'!B309 -> 0.42801154 | C309: ='Dívida Pública - Valor'!P226 -> 0.18071933 | D309: ='Dívida Pública - % do PIB'!E309 -> 0.084029253 | E309: ='Dívida Pública - % do PIB'!F309-D309-C309-B309 -> 0.00041651703 | F309: ='Dívida Pública - Valor'!O226 -> 0 | G309: ='Dívida Pública - % do PIB'!G309 -> 0.030010305
A310: 42614 | B310: ='Dívida Pública - % do PIB'!B310 -> 0.43695422 | C310: ='Dívida Pública - Valor'!P227 -> 0.17415485 | D310: ='Dívida Pública - % do PIB'!E310 -> 0.084301546 | E310: ='Dívida Pública - % do PIB'!F310-D310-C310-B310 -> 0.005320314 | F310: ='Dívida Pública - Valor'!O228 -> 0 | G310: ='Dívida Pública - % do PIB'!G310 -> 0.04238739
A311: 42644 | B311: ='Dívida Pública - % do PIB'!B311 -> 0.44016599 | C311: ='Dívida Pública - Valor'!P228 -> 0.17618655 | D311: ='Dívida Pública - % do PIB'!E311 -> 0.084547683 | E311: ='Dívida Pública - % do PIB'!F311-D311-C311-B311 -> -0.00086913899 | F311: ='Dívida Pública - Valor'!O229 -> 0 | G311: ='Dívida Pública - % do PIB'!G311 -> 0.041382052
A312: 42675 | B312: ='Dívida Pública - % do PIB'!B312 -> 0.44151877 | C312: ='Dívida Pública - Valor'!P229 -> 0.17811691 | D312: ='Dívida Pública - % do PIB'!E312 -> 0.084766642 | E312: ='Dívida Pública - % do PIB'!F312-D312-C312-B312 -> 0.0065091672 | F312: ='Dívida Pública - Valor'!O230 -> 0 | G312: ='Dívida Pública - % do PIB'!G312 -> 0.039222141
A313: 42705 | B313: ='Dívida Pública - % do PIB'!B313 -> 0.46218376 | C313: ='Dívida Pública - Valor'!P230 -> 0.16735035 | D313: ='Dívida Pública - % do PIB'!E313 -> 0.068643905 | E313: ='Dívida Pública - % do PIB'!F313-D313-C313-B313 -> 0.0013469886 | F313: ='Dívida Pública - Valor'!O231 -> 0 | G313: ='Dívida Pública - % do PIB'!G313 -> 0.075946096
A314: 42736 | B314: ='Dívida Pública - % do PIB'!B314 -> 0.46492688 | C314: ='Dívida Pública - Valor'!P231 -> 0.18161104 | D314: ='Dívida Pública - % do PIB'!E314 -> 0.068497396 | E314: ='Dívida Pública - % do PIB'!F314-D314-C314-B314 -> -0.016420265 | F314: ='Dívida Pública - Valor'!O232 -> 0 | G314: ='Dívida Pública - % do PIB'!G314 -> 0.068090193
A315: 42767 | B315: ='Dívida Pública - % do PIB'!B315 -> 0.47274932 | C315: ='Dívida Pública - Valor'!P232 -> 0.17610908 | D315: ='Dívida Pública - % do PIB'!E315 -> 0.068534332 | E315: ='Dívida Pública - % do PIB'!F315-D315-C315-B315 -> -0.013287223 | F315: ='Dívida Pública - Valor'!O233 -> 0 | G315: ='Dívida Pública - % do PIB'!G315 -> 0.076381346
A316: 42795 | B316: ='Dívida Pública - % do PIB'!B316 -> 0.47593483 | C316: ='Dívida Pública - Valor'!P233 -> 0.1713439 | D316: ='Dívida Pública - % do PIB'!E316 -> 0.068697593 | E316: ='Dívida Pública - % do PIB'!F316-D316-C316-B316 -> -0.0026915019 | F316: ='Dívida Pública - Valor'!O234 -> 0 | G316: ='Dívida Pública - % do PIB'!G316 -> 0.082778775
A317: 42826 | B317: ='Dívida Pública - % do PIB'!B317 -> 0.47537148 | C317: ='Dívida Pública - Valor'!P234 -> 0.17224816 | D317: ='Dívida Pública - % do PIB'!E317 -> 0.068863327 | E317: ='Dívida Pública - % do PIB'!F317-D317-C317-B317 -> -0.0018288316 | F317: ='Dívida Pública - Valor'!O235 -> 0 | G317: ='Dívida Pública - % do PIB'!G317 -> 0.08325543
A318: 42856 | B318: ='Dívida Pública - % do PIB'!B318 -> 0.48047035 | C318: ='Dívida Pública - Valor'!P235 -> 0.18230247 | D318: ='Dívida Pública - % do PIB'!E318 -> 0.068871718 | E318: ='Dívida Pública - % do PIB'!F318-D318-C318-B318 -> -0.0076878733 | F318: ='Dívida Pública - Valor'!O236 -> 0 | G318: ='Dívida Pública - % do PIB'!G318 -> 0.067389125
A319: 42887 | B319: ='Dívida Pública - % do PIB'!B319 -> 0.484734 | C319: ='Dívida Pública - Valor'!P236 -> 0.17129806 | D319: ='Dívida Pública - % do PIB'!E319 -> 0.069057298 | E319: ='Dívida Pública - % do PIB'!F319-D319-C319-B319 -> 0.0028309465 | F319: ='Dívida Pública - Valor'!O237 -> 0 | G319: ='Dívida Pública - % do PIB'!G319 -> 0.078119216
A320: 42917 | B320: ='Dívida Pública - % do PIB'!B320 -> 0.49720489 | C320: ='Dívida Pública - Valor'!P237 -> 0.18270667 | D320: ='Dívida Pública - % do PIB'!E320 -> 0.068949647 | E320: ='Dívida Pública - % do PIB'!F320-D320-C320-B320 -> -0.016543503 | F320: ='Dívida Pública - Valor'!O238 -> 0 | G320: ='Dívida Pública - % do PIB'!G320 -> 0.060251579
A321: 42948 | B321: ='Dívida Pública - % do PIB'!B321 -> 0.50155587 | C321: ='Dívida Pública - Valor'!P238 -> 0.17886491 | D321: ='Dívida Pública - % do PIB'!E321 -> 0.069120501 | E321: ='Dívida Pública - % do PIB'!F321-D321-C321-B321 -> -0.012598732 | F321: ='Dívida Pública - Valor'!O239 -> 0 | G321: ='Dívida Pública - % do PIB'!G321 -> 0.073397529
... A331: 43252 | B331: ='Dívida Pública - % do PIB'!B331 -> 0.51397899 | C331: ='Dívida Pública - Valor'!P248 -> 0.17092845 | D331: ='Dívida Pública - % do PIB'!E331 -> 0.054062992 | E331: ='Dívida Pública - % do PIB'!F331-D331-C331-B331 -> 0.032654172 | F331: ='Dívida Pública - Valor'!O249 -> 0 | G331: ='Dívida Pública - % do PIB'!G331 -> 0.093412459

Sheet Dívida - Câmbio
B1: DLSP | C1: Dívida Bruta | D1: Dólar
A2: 35796 | B2: ='Dívida Pública - % do PIB'!B86 -> 0.3320357 | D2: 1.1229
A3: 35827 | B3: ='Dívida Pública - % do PIB'!B87 -> 0.33573779 | D3: 1.1296
A4: 35855 | B4: ='Dívida Pública - % do PIB'!B88 -> 0.3352125 | D4: 1.1366
A5: 35886 | B5: ='Dívida Pública - % do PIB'!B89 -> 0.33615146 | D5: 1.1435
A6: 35916 | B6: ='Dívida Pública - % do PIB'!B90 -> 0.34017592 | D6: 1.1497
A7: 35947 | B7: ='Dívida Pública - % do PIB'!B91 -> 0.35104777 | D7: 1.1561
A8: 35977 | B8: ='Dívida Pública - % do PIB'!B92 -> 0.35239906 | D8: 1.1626
A9: 36008 | B9: ='Dívida Pública - % do PIB'!B93 -> 0.35320967 | D9: 1.1761
A10: 36039 | B10: ='Dívida Pública - % do PIB'!B94 -> 0.35908569 | D10: 1.1848
A11: 36069 | B11: ='Dívida Pública - % do PIB'!B95 -> 0.36788599 | D11: 1.1924
A12: 36100 | B12: ='Dívida Pública - % do PIB'!B96 -> 0.3780703 | D12: 1.2004
A13: 36130 | B13: ='Dívida Pública - % do PIB'!B97 -> 0.38496458 | D13: 1.2079
... A48: 37196 | B48: ='Dívida Pública - % do PIB'!B132 -> 0.50466349 | D48: 2.5279
A49: 37226 | B49: ='Dívida Pública - % do PIB'!B133 -> 0.51486072 | C49: ='Dívida Pública - % do PIB'!F133 -> 0.61857035 | D49: 2.3196
A50: 37257 | B50: ='Dívida Pública - % do PIB'!B134 -> 0.52279587 | C50: ='Dívida Pública - % do PIB'!F134 -> 0.63484688 | D50: 2.4175
A51: 37288 | B51: ='Dívida Pública - % do PIB'!B135 -> 0.51429243 | C51: ='Dívida Pública - % do PIB'!F135 -> 0.62435238 | D51: 2.3474
A52: 37316 | B52: ='Dívida Pública - % do PIB'!B136 -> 0.51006427 | C52: ='Dívida Pública - % do PIB'!F136 -> 0.62172263 | D52: 2.3228
A53: 37347 | B53: ='Dívida Pública - % do PIB'!B137 -> 0.50950047 | C53: ='Dívida Pública - % do PIB'!F137 -> 0.62711223 | D53: 2.3617
A54: 37377 | B54: ='Dívida Pública - % do PIB'!B138 -> 0.52171791 | C54: ='Dívida Pública - % do PIB'!F138 -> 0.63823209 | D54: 2.5212
A55: 37408 | B55: ='Dívida Pública - % do PIB'!B139 -> 0.54535158 | C55: ='Dívida Pública - % do PIB'!F139 -> 0.66709659 | D55: 2.8436
A56: 37438 | B56: ='Dívida Pública - % do PIB'!B140 -> 0.5879167 | C56: ='Dívida Pública - % do PIB'!F140 -> 0.70614378 | D56: 3.4277
A57: 37469 | B57: ='Dívida Pública - % do PIB'!B141 -> 0.55905215 | C57: ='Dívida Pública - % do PIB'!F141 -> 0.65540224 | D57: 3.0215
A58: 37500 | B58: ='Dívida Pública - % do PIB'!B142 -> 0.62445273 | C58: ='Dívida Pública - % do PIB'!F142 -> 0.7268631 | D58: 3.8941
A59: 37530 | B59: ='Dívida Pública - % do PIB'!B143 -> 0.60395464 | C59: ='Dívida Pública - % do PIB'!F143 -> 0.68927552 | D59: 3.6442
A60: 37561 | B60: ='Dívida Pública - % do PIB'!B144 -> 0.59845738 | C60: ='Dívida Pública - % do PIB'!F144 -> 0.68603742 | D60: 3.6357
... A247: 43252 | B247: ='Dívida Pública - % do PIB'!B331 -> 0.51397899 | C247: ='Dívida Pública - % do PIB'!F331 -> 0.7716246 | D247: 3.8552
